Workbook

Sheet Summary Analytics
B1: THE FLORIDA COLLEGE SYSTEM
B2: 2015-2016
B3: ADMINISTRATIVE COST REPORT SUMMARY ANALYTICS
I5: Prior Year's Data:
B6: COLLEGE | C6: ADMINISTRATIVE COST | D6: % OF INSTITUTIONAL SUPPORT EXCLUDED | E6: ADMINISTRATIVE COST % OVER COST ANALYSIS TOTAL EXPENDITURES EXCLUDING TRANSFERS | F6: 2015-16 FTE-3 | G6: ADMINISTRATIVE COST PER FUNDABLE FTE | I6: 2014-15 ADMINISTRATIVE COST % OVER COST ANALYSIS TOTAL EXPENDITURES EXCLUDING TRANSFERS | J6: AMOUNT CHANGE
A7: 1 | B7: Eastern Florida State College | C7: 6645860.6 | D7: 0.42084852 | E7: 0.091097209 | F7: 10535.4 | G7: 630.81237 | I7: 0.099096389 | J7: -0.0079991801
A8: 2 | B8: Broward College | C8: 12221050 | D8: 0.60989997 | E8: 0.071165313 | F8: 30052.7 | G8: 406.65398 | I8: 0.070855722 | J8: 0.00030959107
A9: 3 | B9: College of Central Florida | C9: 2208591.8 | D9: 0.65463874 | E9: 0.060940697 | F9: 5285.5 | G9: 417.85863 | I9: 0.061545268 | J9: -0.00060457108
A10: 4 | B10: Chipola College | C10: 1647377.3 | D10: 0.50703646 | E10: 0.10508414 | F10: 1446.1 | G10: 1139.1863 | I10: 0.10213221 | J10: 0.0029519264
A11: 5 | B11: Daytona State College | C11: 7114123.7 | D11: 0.46262341 | E11: 0.090268123 | F11: 11753.6 | G11: 605.27189 | I11: 0.094663087 | J11: -0.004394964
A12: 6 | B12: Florida SouthWestern State College | C12: 6272713 | D12: 0.47181615 | E12: 0.096166639 | F12: 10352.9 | G12: 605.88946 | I12: 0.074116622 | J12: 0.022050018
A13: 7 | B13: Florida State College at Jacksonville | C13: 7814152 | D13: 0.66787665 | E13: 0.058275279 | F13: 19630.7 | G13: 398.05774 | I13: 0.060196814 | J13: -0.0019215355
A14: 8 | B14: Florida Keys Community College | C14: 917824.37 | D14: 0.60415544 | E14: 0.093457465 | F14: 714.5 | G14: 1284.5687 | I14: 0.11956801 | J14: -0.026110542
A15: 9 | B15: Gulf Coast State College | C15: 2515978.9 | D15: 0.49973418 | E15: 0.080804906 | F15: 3854.1 | G15: 652.80581 | I15: 0.079187714 | J15: 0.0016171914
A16: 10 | B16: Hillsborough Community College | C16: 9667982.5 | D16: 0.57065648 | E16: 0.085699962 | F16: 20045.7 | G16: 482.29708 | I16: 0.083898322 | J16: 0.0018016408
A17: 11 | B17: Indian River State College | C17: 3620391.7 | D17: 0.51532327 | E17: 0.044443578 | F17: 13725 | G17: 263.78082 | I17: 0.044754482 | J17: -0.0003109038
A18: 12 | B18: Florida Gateway College | C18: 1892650.9 | D18: 0.58901688 | E18: 0.10018668 | F18: 1980.9 | G18: 955.44999 | I18: 0.1084135 | J18: -0.0082268231
... A34: 28 | B34: Valencia College | C34: 14487621 | D34: 0.52141231 | E34: 0.080361055 | F34: 30127 | G34: 480.88496 | I34: 0.075009592 | J34: 0.0053514623
B35: FCS | C35: 1.6260856e+08 | D35: 0.5637517 | E35: 0.078184005 | F35: 327991.7 | G35: 495.77036 | I35: 0.076785191 | J35: 0.0013988139
B37: Highest: | D37: 0.69271096 | E37: 0.14434884 | F37: 51526 | G37: 1284.5687 | I37: 0.13038714
B38: Lowest: | D38: 0.2117625 | E38: 0.040313725 | F38: 714.5 | G38: 234.18701 | I38: 0.038829684
B39: Range: | D39: 0.48094846 | E39: 0.10403512 | F39: 50811.5 | G39: 1050.3817 | I39: 0.09155746

Sheet Comparative Matrices
E1: THE FLORIDA COLLEGE SYSTEM
E2: 2015-2016
E3: ADMINISTRATIVE COST REPORT COMPARATIVE MATRICES
AD5: *Determined by reporting preponderance.
F6: YES / NO / PARTIAL MATRIX (Yes means it is administrative) | AK6: Count of | AL6: Count of | AM6: Count of | AN6: Total | AO6: % of | AP6: % of | AQ6: % of
F7: COLLEGE | G7: Eastern Florida State College | H7: Broward College | I7: College of Central Florida | J7: Chipola College | K7: Daytona State College | L7: Florida SouthWestern State College | M7: Florida State College at Jacksonville | N7: Florida Keys Community College | O7: Gulf Coast State College | P7: Hillsborough Community College | Q7: Indian River State College | R7: Florida Gateway College | S7: Lake-Sumter Community College | T7: State College of Florida, Manatee-Sarasota | U7: Miami Dade College | V7: North Florida Community College | W7: Northwest Florida State College | X7: Palm Beach State College | Y7: Pasco-Hernando State College | Z7: Pensacola State College | AA7: Polk State College | AB7: St. Johns River State College | AC7: St. Petersburg College | AD7: Santa Fe College | AE7: Seminole State College of Florida | AF7: South Florida State College | AG7: Tallahassee Community College | AH7: Valencia College | AI7: FCS* | AK7: Yes | AL7: No | AM7: Partial | AO7: Yes | AP7: No | AQ7: Partial
A8: 16000000 | D8: Institutional Support Control (Administrative)
B9: 16100000 | E9: Executive Management Control
C10: 16110000 | F10: College-Wide Management | L10: Yes | O10: Partial | AI10: Yes | AK10: =COUNTIF(G10:AH10,"Yes") -> 1 | AL10: =COUNTIF(G10:AH10,"No") -> 0 | AM10: =COUNTIF(G10:AH10,"Partial") -> 1 | AN10: =SUM(AK10:AM10) -> 2 | AO10: =IFERROR(AK10/$AN10,0) -> 0.5 | AP10: =IFERROR(AL10/$AN10,0) -> 0 | AQ10: =IFERROR(AM10/$AN10,0) -> 0.5
C11: 16111000 | F11: District Board of Trustees | H11: Yes | I11: Yes | J11: Partial | K11: Yes | M11: Yes | N11: Yes | O11: Yes | P11: Yes | Q11: Yes | R11: Yes | S11: Yes | T11: Yes | U11: Yes | V11: Yes | W11: Yes | X11: Yes | Y11: Yes | Z11: Yes | AA11: Yes | AB11: Yes | AC11: Yes | AD11: Yes | AE11: Yes | AF11: Yes | AG11: Yes | AH11: Yes | AI11: Yes | AK11: =COUNTIF(G11:AH11,"Yes") -> 25 | AL11: =COUNTIF(G11:AH11,"No") -> 0 | AM11: =COUNTIF(G11:AH11,"Partial") -> 1 | AN11: =SUM(AK11:AM11) -> 26 | AO11: =IFERROR(AK11/$AN11,0) -> 0.96153846 | AP11: =IFERROR(AL11/$AN11,0) -> 0 | AQ11: =IFERROR(AM11/$AN11,0) -> 0.038461538
C12: 16112000 | F12: President | G12: Yes | H12: Partial | I12: Yes | J12: Yes | K12: Yes | L12: Yes | M12: Yes | N12: Partial | O12: Yes | P12: Yes | Q12: Yes | R12: Yes | S12: Yes | T12: Partial | U12: Yes | V12: Partial | W12: Yes | X12: Yes | Y12: Yes | Z12: Yes | AA12: Yes | AB12: Yes | AC12: Yes | AD12: Yes | AE12: Yes | AF12: Yes | AG12: Yes | AH12: Yes | AI12: Yes | AK12: =COUNTIF(G12:AH12,"Yes") -> 24 | AL12: =COUNTIF(G12:AH12,"No") -> 0 | AM12: =COUNTIF(G12:AH12,"Partial") -> 4 | AN12: =SUM(AK12:AM12) -> 28 | AO12: =IFERROR(AK12/$AN12,0) -> 0.85714286 | AP12: =IFERROR(AL12/$AN12,0) -> 0 | AQ12: =IFERROR(AM12/$AN12,0) -> 0.14285714
C13: 16113000 | F13: Assistant to the President | H13: Partial | K13: Yes | L13: No | Q13: Yes | V13: Yes | Z13: Yes | AC13: Yes | AI13: Yes | AK13: =COUNTIF(G13:AH13,"Yes") -> 5 | AL13: =COUNTIF(G13:AH13,"No") -> 1 | AM13: =COUNTIF(G13:AH13,"Partial") -> 1 | AN13: =SUM(AK13:AM13) -> 7 | AO13: =IFERROR(AK13/$AN13,0) -> 0.71428571 | AP13: =IFERROR(AL13/$AN13,0) -> 0.14285714 | AQ13: =IFERROR(AM13/$AN13,0) -> 0.14285714
C14: 16114000 | F14: Executive Vice President/Vice President(s) | G14: Yes | H14: Partial | I14: Yes | K14: Yes | L14: Yes | M14: Yes | O14: Yes | P14: Yes | Q14: Yes | R14: Partial | S14: Partial | T14: Partial | U14: Partial | W14: Yes | X14: Yes | Z14: Yes | AB14: Yes | AC14: Yes | AD14: Partial | AE14: Yes | AF14: Yes | AG14: Yes | AH14: Yes | AI14: Yes | AK14: =COUNTIF(G14:AH14,"Yes") -> 17 | AL14: =COUNTIF(G14:AH14,"No") -> 0 | AM14: =COUNTIF(G14:AH14,"Partial") -> 6 | AN14: =SUM(AK14:AM14) -> 23 | AO14: =IFERROR(AK14/$AN14,0) -> 0.73913043 | AP14: =IFERROR(AL14/$AN14,0) -> 0 | AQ14: =IFERROR(AM14/$AN14,0) -> 0.26086957
C15: 16115000 | F15: Chief Campus Administrators in Multi-Campus Colleges | G15: Partial | H15: Partial | L15: No | M15: No | P15: No | S15: No | T15: Partial | U15: No | Y15: No | AA15: No | AB15: No | AD15: No | AH15: No | AI15: No | AK15: =COUNTIF(G15:AH15,"Yes") -> 0 | AL15: =COUNTIF(G15:AH15,"No") -> 10 | AM15: =COUNTIF(G15:AH15,"Partial") -> 3 | AN15: =SUM(AK15:AM15) -> 13 | AO15: =IFERROR(AK15/$AN15,0) -> 0 | AP15: =IFERROR(AL15/$AN15,0) -> 0.76923077 | AQ15: =IFERROR(AM15/$AN15,0) -> 0.23076923
C16: 16116000 | F16: Equal Access, Equal Opportunity, Equal Employment Officer | K16: Yes | P16: Yes | T16: Partial | U16: Yes | W16: No | Z16: Partial | AA16: Yes | AC16: Yes | AD16: Yes | AE16: Yes | AI16: Yes | AK16: =COUNTIF(G16:AH16,"Yes") -> 7 | AL16: =COUNTIF(G16:AH16,"No") -> 1 | AM16: =COUNTIF(G16:AH16,"Partial") -> 2 | AN16: =SUM(AK16:AM16) -> 10 | AO16: =IFERROR(AK16/$AN16,0) -> 0.7 | AP16: =IFERROR(AL16/$AN16,0) -> 0.1 | AQ16: =IFERROR(AM16/$AN16,0) -> 0.2
C17: 16117000 | F17: Internal Auditing | H17: Yes | L17: Yes | T17: Yes | AH17: Yes | AI17: Yes | AK17: =COUNTIF(G17:AH17,"Yes") -> 4 | AL17: =COUNTIF(G17:AH17,"No") -> 0 | AM17: =COUNTIF(G17:AH17,"Partial") -> 0 | AN17: =SUM(AK17:AM17) -> 4 | AO17: =IFERROR(AK17/$AN17,0) -> 1 | AP17: =IFERROR(AL17/$AN17,0) -> 0 | AQ17: =IFERROR(AM17/$AN17,0) -> 0
C18: 16120000 | F18: Educational Planning and Development | J18: Yes | K18: No | M18: No | O18: No | T18: No | U18: Yes | AE18: No | AI18: No | AK18: =COUNTIF(G18:AH18,"Yes") -> 2 | AL18: =COUNTIF(G18:AH18,"No") -> 5 | AM18: =COUNTIF(G18:AH18,"Partial") -> 0 | AN18: =SUM(AK18:AM18) -> 7 | AO18: =IFERROR(AK18/$AN18,0) -> 0.28571429 | AP18: =IFERROR(AL18/$AN18,0) -> 0.71428571 | AQ18: =IFERROR(AM18/$AN18,0) -> 0
C19: 16121000 | F19: Institutional Research | G19: No | H19: Partial | I19: No | K19: No | L19: No | M19: No | N19: No | O19: No | P19: No | R19: No | S19: No | T19: No | U19: No | V19: Partial | W19: Yes | X19: No | Y19: No | Z19: No | AA19: No | AB19: No | AC19: No | AD19: No | AE19: No | AF19: No | AG19: No | AH19: No | AI19: No | AK19: =COUNTIF(G19:AH19,"Yes") -> 1 | AL19: =COUNTIF(G19:AH19,"No") -> 23 | AM19: =COUNTIF(G19:AH19,"Partial") -> 2 | AN19: =SUM(AK19:AM19) -> 26 | AO19: =IFERROR(AK19/$AN19,0) -> 0.038461538 | AP19: =IFERROR(AL19/$AN19,0) -> 0.88461538 | AQ19: =IFERROR(AM19/$AN19,0) -> 0.076923077
C20: 16122000 | F20: Analytical Studies | H20: Partial | P20: Yes | S20: Yes | U20: Yes | Y20: No | AB20: Yes | AI20: Yes | AK20: =COUNTIF(G20:AH20,"Yes") -> 4 | AL20: =COUNTIF(G20:AH20,"No") -> 1 | AM20: =COUNTIF(G20:AH20,"Partial") -> 1 | AN20: =SUM(AK20:AM20) -> 6 | AO20: =IFERROR(AK20/$AN20,0) -> 0.66666667 | AP20: =IFERROR(AL20/$AN20,0) -> 0.16666667 | AQ20: =IFERROR(AM20/$AN20,0) -> 0.16666667
C21: 16130000 | F21: Legal Services | G21: Yes | H21: Partial | I21: Yes | K21: Yes | L21: Yes | M21: Yes | O21: Yes | P21: Yes | Q21: Yes | R21: No | S21: Yes | T21: Yes | U21: Yes | V21: Yes | X21: No | Y21: Yes | Z21: Yes | AB21: Yes | AC21: Yes | AD21: Yes | AE21: Yes | AF21: Yes | AH21: Yes | AI21: Yes | AK21: =COUNTIF(G21:AH21,"Yes") -> 20 | AL21: =COUNTIF(G21:AH21,"No") -> 2 | AM21: =COUNTIF(G21:AH21,"Partial") -> 1 | AN21: =SUM(AK21:AM21) -> 23 | AO21: =IFERROR(AK21/$AN21,0) -> 0.86956522 | AP21: =IFERROR(AL21/$AN21,0) -> 0.086956522 | AQ21: =IFERROR(AM21/$AN21,0) -> 0.043478261
C22: 16140000 | F22: College-Wide Planning and Management Committees, Council or Task Forces | H22: Yes | R22: No | S22: No | T22: No | U22: Yes | AD22: No | AG22: Yes | AI22: No | AK22: =COUNTIF(G22:AH22,"Yes") -> 3 | AL22: =COUNTIF(G22:AH22,"No") -> 4 | AM22: =COUNTIF(G22:AH22,"Partial") -> 0 | AN22: =SUM(AK22:AM22) -> 7 | AO22: =IFERROR(AK22/$AN22,0) -> 0.42857143 | AP22: =IFERROR(AL22/$AN22,0) -> 0.57142857 | AQ22: =IFERROR(AM22/$AN22,0) -> 0
C23: 16141000 | F23: Faculty Senates | H23: Yes | T23: No | AC23: No | AG23: Yes | AH23: No | AI23: No | AK23: =COUNTIF(G23:AH23,"Yes") -> 2 | AL23: =COUNTIF(G23:AH23,"No") -> 3 | AM23: =COUNTIF(G23:AH23,"Partial") -> 0 | AN23: =SUM(AK23:AM23) -> 5 | AO23: =IFERROR(AK23/$AN23,0) -> 0.4 | AP23: =IFERROR(AL23/$AN23,0) -> 0.6 | AQ23: =IFERROR(AM23/$AN23,0) -> 0
C24: 16142000 | F24: Planning Committees | T24: No | Z24: No | AF24: Yes | AG24: Yes | AI24: Yes | AK24: =COUNTIF(G24:AH24,"Yes") -> 2 | AL24: =COUNTIF(G24:AH24,"No") -> 2 | AM24: =COUNTIF(G24:AH24,"Partial") -> 0 | AN24: =SUM(AK24:AM24) -> 4 | AO24: =IFERROR(AK24/$AN24,0) -> 0.5 | AP24: =IFERROR(AL24/$AN24,0) -> 0.5 | AQ24: =IFERROR(AM24/$AN24,0) -> 0
C25: 16143000 | F25: Administrative Councils | K25: No | M25: No | U25: Yes | AC25: Yes | AI25: Yes | AK25: =COUNTIF(G25:AH25,"Yes") -> 2 | AL25: =COUNTIF(G25:AH25,"No") -> 2 | AM25: =COUNTIF(G25:AH25,"Partial") -> 0 | AN25: =SUM(AK25:AM25) -> 4 | AO25: =IFERROR(AK25/$AN25,0) -> 0.5 | AP25: =IFERROR(AL25/$AN25,0) -> 0.5 | AQ25: =IFERROR(AM25/$AN25,0) -> 0
B26: 16200000 | E26: Fiscal Operations Control | AK26: =COUNTIF(G26:AH26,"Yes") -> 0 | AL26: =COUNTIF(G26:AH26,"No") -> 0 | AM26: =COUNTIF(G26:AH26,"Partial") -> 0 | AN26: =SUM(AK26:AM26) -> 0 | AO26: =IFERROR(AK26/$AN26,0) -> 0 | AP26: =IFERROR(AL26/$AN26,0) -> 0 | AQ26: =IFERROR(AM26/$AN26,0) -> 0
C27: 16210000 | F27: Fiscal Control | U27: No | W27: Partial | Y27: Yes | AA27: Yes | AB27: Partial | AD27: Partial | AI27: Partial | AK27: =COUNTIF(G27:AH27,"Yes") -> 2 | AL27: =COUNTIF(G27:AH27,"No") -> 1 | AM27: =COUNTIF(G27:AH27,"Partial") -> 3 | AN27: =SUM(AK27:AM27) -> 6 | AO27: =IFERROR(AK27/$AN27,0) -> 0.33333333 | AP27: =IFERROR(AL27/$AN27,0) -> 0.16666667 | AQ27: =IFERROR(AM27/$AN27,0) -> 0.5
C28: 16211000 | F28: Business Officer (Financial Duties) | G28: Yes | H28: Partial | K28: Yes | N28: Yes | V28: Yes | AF28: Yes | AI28: Yes | AK28: =COUNTIF(G28:AH28,"Yes") -> 5 | AL28: =COUNTIF(G28:AH28,"No") -> 0 | AM28: =COUNTIF(G28:AH28,"Partial") -> 1 | AN28: =SUM(AK28:AM28) -> 6 | AO28: =IFERROR(AK28/$AN28,0) -> 0.83333333 | AP28: =IFERROR(AL28/$AN28,0) -> 0 | AQ28: =IFERROR(AM28/$AN28,0) -> 0.16666667
C29: 16212000 | F29: Comptroller | H29: Yes | L29: Partial | O29: Yes | P29: Yes | Q29: Yes | R29: Partial | T29: Yes | U29: Yes | X29: Partial | Z29: Partial | AC29: Yes | AH29: Yes | AI29: Yes | AK29: =COUNTIF(G29:AH29,"Yes") -> 8 | AL29: =COUNTIF(G29:AH29,"No") -> 0 | AM29: =COUNTIF(G29:AH29,"Partial") -> 4 | AN29: =SUM(AK29:AM29) -> 12 | AO29: =IFERROR(AK29/$AN29,0) -> 0.66666667 | AP29: =IFERROR(AL29/$AN29,0) -> 0 | AQ29: =IFERROR(AM29/$AN29,0) -> 0.33333333
C30: 16213000 | F30: Budget Administration and Control | H30: Partial | K30: Yes | O30: Yes | Q30: Yes | U30: Partial | V30: No | X30: Yes | AC30: Yes | AH30: Yes | AI30: Yes | AK30: =COUNTIF(G30:AH30,"Yes") -> 6 | AL30: =COUNTIF(G30:AH30,"No") -> 1 | AM30: =COUNTIF(G30:AH30,"Partial") -> 2 | AN30: =SUM(AK30:AM30) -> 9 | AO30: =IFERROR(AK30/$AN30,0) -> 0.66666667 | AP30: =IFERROR(AL30/$AN30,0) -> 0.11111111 | AQ30: =IFERROR(AM30/$AN30,0) -> 0.22222222
C31: 16220000 | F31: Financial Operations | I31: Yes | J31: Partial | M31: Partial | N31: Partial | O31: Yes | P31: Partial | Q31: Partial | R31: Partial | S31: Partial | T31: Partial | U31: Yes | V31: No | W31: Partial | Y31: Partial | AA31: Partial | AE31: Partial | AI31: Partial | AK31: =COUNTIF(G31:AH31,"Yes") -> 3 | AL31: =COUNTIF(G31:AH31,"No") -> 1 | AM31: =COUNTIF(G31:AH31,"Partial") -> 12 | AN31: =SUM(AK31:AM31) -> 16 | AO31: =IFERROR(AK31/$AN31,0) -> 0.1875 | AP31: =IFERROR(AL31/$AN31,0) -> 0.0625 | AQ31: =IFERROR(AM31/$AN31,0) -> 0.75
C32: 16221000 | F32: Payroll Operation | H32: Partial | K32: Yes | O32: Yes | Q32: Yes | R32: Partial | S32: Yes | U32: Yes | V32: No | X32: Yes | Y32: Yes | Z32: Yes | AC32: Yes | AE32: Yes | AG32: Yes | AI32: Yes | AK32: =COUNTIF(G32:AH32,"Yes") -> 11 | AL32: =COUNTIF(G32:AH32,"No") -> 1 | AM32: =COUNTIF(G32:AH32,"Partial") -> 2 | AN32: =SUM(AK32:AM32) -> 14 | AO32: =IFERROR(AK32/$AN32,0) -> 0.78571429 | AP32: =IFERROR(AL32/$AN32,0) -> 0.071428571 | AQ32: =IFERROR(AM32/$AN32,0) -> 0.14285714
C33: 16222000 | F33: Bursar | G33: Partial | H33: Partial | K33: Partial | O33: Yes | Q33: No | R33: No | T33: No | U33: No | X33: No | Y33: No | Z33: No | AC33: Yes | AH33: No | AI33: No | AK33: =COUNTIF(G33:AH33,"Yes") -> 2 | AL33: =COUNTIF(G33:AH33,"No") -> 8 | AM33: =COUNTIF(G33:AH33,"Partial") -> 3 | AN33: =SUM(AK33:AM33) -> 13 | AO33: =IFERROR(AK33/$AN33,0) -> 0.15384615 | AP33: =IFERROR(AL33/$AN33,0) -> 0.61538462 | AQ33: =IFERROR(AM33/$AN33,0) -> 0.23076923
C34: 16223000 | F34: Cashier | M34: Partial | O34: Yes | Q34: No | R34: No | V34: No | AC34: Partial | AE34: No | AF34: No | AG34: No | AH34: No | AI34: No | AK34: =COUNTIF(G34:AH34,"Yes") -> 1 | AL34: =COUNTIF(G34:AH34,"No") -> 7 | AM34: =COUNTIF(G34:AH34,"Partial") -> 2 | AN34: =SUM(AK34:AM34) -> 10 | AO34: =IFERROR(AK34/$AN34,0) -> 0.1 | AP34: =IFERROR(AL34/$AN34,0) -> 0.7 | AQ34: =IFERROR(AM34/$AN34,0) -> 0.2
C35: 16224000 | F35: Disbursement | H35: Partial | K35: Yes | Q35: Yes | U35: Yes | AI35: Yes | AK35: =COUNTIF(G35:AH35,"Yes") -> 3 | AL35: =COUNTIF(G35:AH35,"No") -> 0 | AM35: =COUNTIF(G35:AH35,"Partial") -> 1 | AN35: =SUM(AK35:AM35) -> 4 | AO35: =IFERROR(AK35/$AN35,0) -> 0.75 | AP35: =IFERROR(AL35/$AN35,0) -> 0 | AQ35: =IFERROR(AM35/$AN35,0) -> 0.25
C36: 16225000 | F36: Accounting | H36: Partial | K36: Partial | Q36: Yes | R36: Partial | U36: Partial | X36: Yes | AC36: Partial | AI36: Partial | AK36: =COUNTIF(G36:AH36,"Yes") -> 2 | AL36: =COUNTIF(G36:AH36,"No") -> 0 | AM36: =COUNTIF(G36:AH36,"Partial") -> 5 | AN36: =SUM(AK36:AM36) -> 7 | AO36: =IFERROR(AK36/$AN36,0) -> 0.28571429 | AP36: =IFERROR(AL36/$AN36,0) -> 0 | AQ36: =IFERROR(AM36/$AN36,0) -> 0.71428571
C37: 16230000 | F37: Investment Management | L37: Yes | U37: Yes | AI37: Yes | AK37: =COUNTIF(G37:AH37,"Yes") -> 2 | AL37: =COUNTIF(G37:AH37,"No") -> 0 | AM37: =COUNTIF(G37:AH37,"Partial") -> 0 | AN37: =SUM(AK37:AM37) -> 2 | AO37: =IFERROR(AK37/$AN37,0) -> 1 | AP37: =IFERROR(AL37/$AN37,0) -> 0 | AQ37: =IFERROR(AM37/$AN37,0) -> 0
C38: 16231000 | F38: Cash Flow Management | H38: Yes | AH38: No | AI38: Yes | AK38: =COUNTIF(G38:AH38,"Yes") -> 1 | AL38: =COUNTIF(G38:AH38,"No") -> 1 | AM38: =COUNTIF(G38:AH38,"Partial") -> 0 | AN38: =SUM(AK38:AM38) -> 2 | AO38: =IFERROR(AK38/$AN38,0) -> 0.5 | AP38: =IFERROR(AL38/$AN38,0) -> 0.5 | AQ38: =IFERROR(AM38/$AN38,0) -> 0
C39: 16232000 | F39: Endowment Management | AK39: =COUNTIF(G39:AH39,"Yes") -> 0 | AL39: =COUNTIF(G39:AH39,"No") -> 0 | AM39: =COUNTIF(G39:AH39,"Partial") -> 0 | AN39: =SUM(AK39:AM39) -> 0 | AO39: =IFERROR(AK39/$AN39,0) -> 0 | AP39: =IFERROR(AL39/$AN39,0) -> 0 | AQ39: =IFERROR(AM39/$AN39,0) -> 0
C40: 16240000 | F40: Grants and Contracts Financial Management | I40: No | AI40: No | AK40: =COUNTIF(G40:AH40,"Yes") -> 0 | AL40: =COUNTIF(G40:AH40,"No") -> 1 | AM40: =COUNTIF(G40:AH40,"Partial") -> 0 | AN40: =SUM(AK40:AM40) -> 1 | AO40: =IFERROR(AK40/$AN40,0) -> 0 | AP40: =IFERROR(AL40/$AN40,0) -> 1 | AQ40: =IFERROR(AM40/$AN40,0) -> 0
C41: 16241000 | F41: Grants Management | L41: No | P41: No | Q41: No | R41: No | S41: No | W41: No | X41: No | AA41: No | AC41: Partial | AE41: No | AH41: No | AI41: No | AK41: =COUNTIF(G41:AH41,"Yes") -> 0 | AL41: =COUNTIF(G41:AH41,"No") -> 10 | AM41: =COUNTIF(G41:AH41,"Partial") -> 1 | AN41: =SUM(AK41:AM41) -> 11 | AO41: =IFERROR(AK41/$AN41,0) -> 0 | AP41: =IFERROR(AL41/$AN41,0) -> 0.90909091 | AQ41: =IFERROR(AM41/$AN41,0) -> 0.090909091
C42: 16242000 | F42: Grants Accounting | H42: Partial | O42: No | Q42: No | R42: No | U42: No | X42: No | AH42: No | AI42: No | AK42: =COUNTIF(G42:AH42,"Yes") -> 0 | AL42: =COUNTIF(G42:AH42,"No") -> 6 | AM42: =COUNTIF(G42:AH42,"Partial") -> 1 | AN42: =SUM(AK42:AM42) -> 7 | AO42: =IFERROR(AK42/$AN42,0) -> 0 | AP42: =IFERROR(AL42/$AN42,0) -> 0.85714286 | AQ42: =IFERROR(AM42/$AN42,0) -> 0.14285714
B43: 16300000 | E43: General Administrative and Logistical Services Control | AK43: =COUNTIF(G43:AH43,"Yes") -> 0 | AL43: =COUNTIF(G43:AH43,"No") -> 0 | AM43: =COUNTIF(G43:AH43,"Partial") -> 0 | AN43: =SUM(AK43:AM43) -> 0 | AO43: =IFERROR(AK43/$AN43,0) -> 0 | AP43: =IFERROR(AL43/$AN43,0) -> 0 | AQ43: =IFERROR(AM43/$AN43,0) -> 0
C44: 16310000 | F44: Administrative Data/Telecommunication Services | H44: No | I44: Partial | J44: Partial | K44: No | L44: Partial | N44: No | O44: No | P44: No | Q44: No | S44: No | U44: No | V44: No | W44: Partial | X44: No | Y44: No | Z44: No | AA44: No | AB44: Partial | AD44: Partial | AE44: No | AF44: No | AG44: Yes | AH44: No | AI44: No | AK44: =COUNTIF(G44:AH44,"Yes") -> 1 | AL44: =COUNTIF(G44:AH44,"No") -> 16 | AM44: =COUNTIF(G44:AH44,"Partial") -> 6 | AN44: =SUM(AK44:AM44) -> 23 | AO44: =IFERROR(AK44/$AN44,0) -> 0.043478261 | AP44: =IFERROR(AL44/$AN44,0) -> 0.69565217 | AQ44: =IFERROR(AM44/$AN44,0) -> 0.26086957
C45: 16310100 | F45: Computing | G45: Partial | K45: No | M45: No | N45: No | O45: No | P45: Partial | Q45: No | R45: Partial | T45: Partial | U45: No | W45: No | X45: Yes | Z45: No | AA45: No | AC45: Yes | AD45: Partial | AE45: No | AF45: No | AI45: No | AK45: =COUNTIF(G45:AH45,"Yes") -> 2 | AL45: =COUNTIF(G45:AH45,"No") -> 11 | AM45: =COUNTIF(G45:AH45,"Partial") -> 5 | AN45: =SUM(AK45:AM45) -> 18 | AO45: =IFERROR(AK45/$AN45,0) -> 0.11111111 | AP45: =IFERROR(AL45/$AN45,0) -> 0.61111111 | AQ45: =IFERROR(AM45/$AN45,0) -> 0.27777778
C46: 16310200 | F46: Telecommunications | K46: Yes | R46: No | T46: Partial | U46: No | X46: No | AC46: Yes | AE46: No | AG46: No | AI46: No | AK46: =COUNTIF(G46:AH46,"Yes") -> 2 | AL46: =COUNTIF(G46:AH46,"No") -> 5 | AM46: =COUNTIF(G46:AH46,"Partial") -> 1 | AN46: =SUM(AK46:AM46) -> 8 | AO46: =IFERROR(AK46/$AN46,0) -> 0.25 | AP46: =IFERROR(AL46/$AN46,0) -> 0.625 | AQ46: =IFERROR(AM46/$AN46,0) -> 0.125
C47: 16310300 | F47: Networking | K47: No | M47: No | P47: No | T47: Partial | U47: No | X47: No | Z47: No | AD47: Partial | AI47: No | AK47: =COUNTIF(G47:AH47,"Yes") -> 0 | AL47: =COUNTIF(G47:AH47,"No") -> 6 | AM47: =COUNTIF(G47:AH47,"Partial") -> 2 | AN47: =SUM(AK47:AM47) -> 8 | AO47: =IFERROR(AK47/$AN47,0) -> 0 | AP47: =IFERROR(AL47/$AN47,0) -> 0.75 | AQ47: =IFERROR(AM47/$AN47,0) -> 0.25
C48: 16320000 | F48: Human Resources | G48: Yes | H48: Partial | I48: Partial | J48: Yes | K48: Yes | L48: Yes | M48: Yes | N48: Yes | O48: Yes | P48: Yes | Q48: Partial | R48: Yes | S48: Yes | T48: Partial | U48: Yes | V48: Partial | W48: Yes | X48: Yes | Y48: Yes | Z48: Yes | AA48: Yes | AB48: Yes | AC48: Yes | AD48: Partial | AE48: Partial | AF48: Yes | AG48: Yes | AH48: Yes | AI48: Yes | AK48: =COUNTIF(G48:AH48,"Yes") -> 21 | AL48: =COUNTIF(G48:AH48,"No") -> 0 | AM48: =COUNTIF(G48:AH48,"Partial") -> 7 | AN48: =SUM(AK48:AM48) -> 28 | AO48: =IFERROR(AK48/$AN48,0) -> 0.75 | AP48: =IFERROR(AL48/$AN48,0) -> 0 | AQ48: =IFERROR(AM48/$AN48,0) -> 0.25
C49: 16330000 | F49: Logistical Services | J49: Partial | M49: Yes | U49: Yes | W49: Yes | Y49: No | AA49: No | AE49: No | AI49: Yes | AK49: =COUNTIF(G49:AH49,"Yes") -> 3 | AL49: =COUNTIF(G49:AH49,"No") -> 3 | AM49: =COUNTIF(G49:AH49,"Partial") -> 1 | AN49: =SUM(AK49:AM49) -> 7 | AO49: =IFERROR(AK49/$AN49,0) -> 0.42857143 | AP49: =IFERROR(AL49/$AN49,0) -> 0.42857143 | AQ49: =IFERROR(AM49/$AN49,0) -> 0.14285714
C50: 16330100 | F50: Purchasing | G50: Yes | H50: Partial | I50: Yes | K50: Yes | L50: Yes | M50: Yes | N50: Yes | O50: Yes | P50: Yes | Q50: Yes | R50: Yes | S50: Yes | T50: Yes | U50: Yes | V50: No | W50: Yes | X50: Yes | Y50: Yes | Z50: Yes | AA50: Yes | AC50: Yes | AD50: Yes | AE50: Yes | AF50: Yes | AG50: Yes | AH50: Yes | AI50: Yes | AK50: =COUNTIF(G50:AH50,"Yes") -> 24 | AL50: =COUNTIF(G50:AH50,"No") -> 1 | AM50: =COUNTIF(G50:AH50,"Partial") -> 1 | AN50: =SUM(AK50:AM50) -> 26 | AO50: =IFERROR(AK50/$AN50,0) -> 0.92307692 | AP50: =IFERROR(AL50/$AN50,0) -> 0.038461538 | AQ50: =IFERROR(AM50/$AN50,0) -> 0.038461538
C51: 16330200 | F51: Receiving | H51: Partial | K51: Yes | O51: Yes | P51: No | X51: Yes | Z51: Yes | AB51: No | AC51: Yes | AE51: No | AI51: Yes | AK51: =COUNTIF(G51:AH51,"Yes") -> 5 | AL51: =COUNTIF(G51:AH51,"No") -> 3 | AM51: =COUNTIF(G51:AH51,"Partial") -> 1 | AN51: =SUM(AK51:AM51) -> 9 | AO51: =IFERROR(AK51/$AN51,0) -> 0.55555556 | AP51: =IFERROR(AL51/$AN51,0) -> 0.33333333 | AQ51: =IFERROR(AM51/$AN51,0) -> 0.11111111
C52: 16330300 | F52: Shipping | AK52: =COUNTIF(G52:AH52,"Yes") -> 0 | AL52: =COUNTIF(G52:AH52,"No") -> 0 | AM52: =COUNTIF(G52:AH52,"Partial") -> 0 | AN52: =SUM(AK52:AM52) -> 0 | AO52: =IFERROR(AK52/$AN52,0) -> 0 | AP52: =IFERROR(AL52/$AN52,0) -> 0 | AQ52: =IFERROR(AM52/$AN52,0) -> 0
C53: 16330400 | F53: Warehousing | H53: Partial | M53: No | Z53: Yes | AC53: Yes | AE53: No | AI53: Yes | AK53: =COUNTIF(G53:AH53,"Yes") -> 2 | AL53: =COUNTIF(G53:AH53,"No") -> 2 | AM53: =COUNTIF(G53:AH53,"Partial") -> 1 | AN53: =SUM(AK53:AM53) -> 5 | AO53: =IFERROR(AK53/$AN53,0) -> 0.4 | AP53: =IFERROR(AL53/$AN53,0) -> 0.4 | AQ53: =IFERROR(AM53/$AN53,0) -> 0.2
C54: 16330500 | F54: Property Management | J54: Partial | K54: Yes | L54: Yes | P54: No | T54: Yes | U54: Yes | W54: No | X54: Yes | AC54: Yes | AH54: Yes | AI54: Yes | AK54: =COUNTIF(G54:AH54,"Yes") -> 7 | AL54: =COUNTIF(G54:AH54,"No") -> 2 | AM54: =COUNTIF(G54:AH54,"Partial") -> 1 | AN54: =SUM(AK54:AM54) -> 10 | AO54: =IFERROR(AK54/$AN54,0) -> 0.7 | AP54: =IFERROR(AL54/$AN54,0) -> 0.2 | AQ54: =IFERROR(AM54/$AN54,0) -> 0.1
C55: 16330600 | F55: Mail and Distribution | H55: Partial | I55: No | J55: No | K55: Yes | L55: Yes | M55: No | O55: No | P55: No | Q55: No | R55: No | S55: No | T55: Partial | U55: No | V55: No | Y55: No | Z55: Yes | AC55: Yes | AD55: No | AF55: No | AG55: No | AH55: No | AI55: No | AK55: =COUNTIF(G55:AH55,"Yes") -> 4 | AL55: =COUNTIF(G55:AH55,"No") -> 15 | AM55: =COUNTIF(G55:AH55,"Partial") -> 2 | AN55: =SUM(AK55:AM55) -> 21 | AO55: =IFERROR(AK55/$AN55,0) -> 0.19047619 | AP55: =IFERROR(AL55/$AN55,0) -> 0.71428571 | AQ55: =IFERROR(AM55/$AN55,0) -> 0.095238095
C56: 16330700 | F56: Telephone Service/Operations | I56: No | J56: No | L56: No | M56: No | N56: No | O56: No | P56: No | Q56: No | S56: No | U56: No | V56: No | W56: No | Y56: No | Z56: No | AA56: No | AC56: Yes | AD56: No | AF56: No | AG56: No | AI56: No | AK56: =COUNTIF(G56:AH56,"Yes") -> 1 | AL56: =COUNTIF(G56:AH56,"No") -> 18 | AM56: =COUNTIF(G56:AH56,"Partial") -> 0 | AN56: =SUM(AK56:AM56) -> 19 | AO56: =IFERROR(AK56/$AN56,0) -> 0.052631579 | AP56: =IFERROR(AL56/$AN56,0) -> 0.94736842 | AQ56: =IFERROR(AM56/$AN56,0) -> 0
C57: 16330800 | F57: General Printing and Reproduction | G57: Yes | H57: Yes | I57: No | J57: No | K57: Yes | P57: No | S57: No | T57: Partial | U57: No | V57: No | W57: No | X57: No | Y57: No | Z57: No | AC57: Partial | AG57: No | AI57: No | AK57: =COUNTIF(G57:AH57,"Yes") -> 3 | AL57: =COUNTIF(G57:AH57,"No") -> 11 | AM57: =COUNTIF(G57:AH57,"Partial") -> 2 | AN57: =SUM(AK57:AM57) -> 16 | AO57: =IFERROR(AK57/$AN57,0) -> 0.1875 | AP57: =IFERROR(AL57/$AN57,0) -> 0.6875 | AQ57: =IFERROR(AM57/$AN57,0) -> 0.125
C58: 16330900 | F58: Campus Transportation (including motor pool) | I58: No | J58: Partial | K58: No | Q58: No | S58: No | T58: Partial | U58: No | W58: Partial | X58: No | Z58: No | AC58: Yes | AI58: No | AK58: =COUNTIF(G58:AH58,"Yes") -> 1 | AL58: =COUNTIF(G58:AH58,"No") -> 7 | AM58: =COUNTIF(G58:AH58,"Partial") -> 3 | AN58: =SUM(AK58:AM58) -> 11 | AO58: =IFERROR(AK58/$AN58,0) -> 0.090909091 | AP58: =IFERROR(AL58/$AN58,0) -> 0.63636364 | AQ58: =IFERROR(AM58/$AN58,0) -> 0.27272727
C59: 16331000 | F59: Parking and Parking Space Management | P59: No | U59: No | AI59: No | AK59: =COUNTIF(G59:AH59,"Yes") -> 0 | AL59: =COUNTIF(G59:AH59,"No") -> 2 | AM59: =COUNTIF(G59:AH59,"Partial") -> 0 | AN59: =SUM(AK59:AM59) -> 2 | AO59: =IFERROR(AK59/$AN59,0) -> 0 | AP59: =IFERROR(AL59/$AN59,0) -> 1 | AQ59: =IFERROR(AM59/$AN59,0) -> 0
C60: 16340000 | F60: Other General Expenses | I60: No | J60: No | N60: Partial | P60: No | S60: No | T60: Partial | W60: No | X60: No | Z60: Partial | AE60: No | AF60: Yes | AG60: No | AH60: No | AI60: No | AK60: =COUNTIF(G60:AH60,"Yes") -> 1 | AL60: =COUNTIF(G60:AH60,"No") -> 9 | AM60: =COUNTIF(G60:AH60,"Partial") -> 3 | AN60: =SUM(AK60:AM60) -> 13 | AO60: =IFERROR(AK60/$AN60,0) -> 0.076923077 | AP60: =IFERROR(AL60/$AN60,0) -> 0.69230769 | AQ60: =IFERROR(AM60/$AN60,0) -> 0.23076923
C61: 16341000 | F61: Business Hospitality | G61: No | H61: Partial | M61: No | P61: Yes | S61: No | T61: Partial | U61: Yes | W61: No | Y61: No | AD61: Yes | AE61: No | AF61: Yes | AH61: No | AI61: No | AK61: =COUNTIF(G61:AH61,"Yes") -> 4 | AL61: =COUNTIF(G61:AH61,"No") -> 7 | AM61: =COUNTIF(G61:AH61,"Partial") -> 2 | AN61: =SUM(AK61:AM61) -> 13 | AO61: =IFERROR(AK61/$AN61,0) -> 0.30769231 | AP61: =IFERROR(AL61/$AN61,0) -> 0.53846154 | AQ61: =IFERROR(AM61/$AN61,0) -> 0.15384615
C62: 16342000 | F62: Organizational Memberships | G62: Partial | I62: Yes | J62: Yes | K62: No | M62: Yes | O62: Yes | Q62: Yes | S62: Yes | T62: Yes | U62: Yes | V62: Yes | X62: No | Y62: Yes | Z62: Yes | AA62: Yes | AC62: Yes | AD62: Yes | AE62: Yes | AG62: No | AH62: Yes | AI62: Yes | AK62: =COUNTIF(G62:AH62,"Yes") -> 16 | AL62: =COUNTIF(G62:AH62,"No") -> 3 | AM62: =COUNTIF(G62:AH62,"Partial") -> 1 | AN62: =SUM(AK62:AM62) -> 20 | AO62: =IFERROR(AK62/$AN62,0) -> 0.8 | AP62: =IFERROR(AL62/$AN62,0) -> 0.15 | AQ62: =IFERROR(AM62/$AN62,0) -> 0.05
C63: 16343000 | F63: General Insurance (other than property) | G63: No | H63: Yes | I63: No | J63: No | K63: No | L63: Partial | M63: No | O63: No | R63: No | S63: No | T63: Partial | U63: No | W63: No | Y63: No | Z63: No | AA63: No | AC63: No | AD63: No | AE63: Partial | AH63: No | AI63: No | AK63: =COUNTIF(G63:AH63,"Yes") -> 1 | AL63: =COUNTIF(G63:AH63,"No") -> 16 | AM63: =COUNTIF(G63:AH63,"Partial") -> 3 | AN63: =SUM(AK63:AM63) -> 20 | AO63: =IFERROR(AK63/$AN63,0) -> 0.05 | AP63: =IFERROR(AL63/$AN63,0) -> 0.8 | AQ63: =IFERROR(AM63/$AN63,0) -> 0.15
C64: 16344000 | F64: Commencement (Graduation) | G64: No | J64: No | K64: No | L64: No | M64: No | O64: No | S64: No | T64: No | U64: No | V64: No | X64: No | Y64: No | Z64: No | AA64: No | AC64: No | AF64: No | AI64: No | AK64: =COUNTIF(G64:AH64,"Yes") -> 0 | AL64: =COUNTIF(G64:AH64,"No") -> 16 | AM64: =COUNTIF(G64:AH64,"Partial") -> 0 | AN64: =SUM(AK64:AM64) -> 16 | AO64: =IFERROR(AK64/$AN64,0) -> 0 | AP64: =IFERROR(AL64/$AN64,0) -> 1 | AQ64: =IFERROR(AM64/$AN64,0) -> 0
B65: 16400000 | E65: Unassigned | AK65: =COUNTIF(G65:AH65,"Yes") -> 0 | AL65: =COUNTIF(G65:AH65,"No") -> 0 | AM65: =COUNTIF(G65:AH65,"Partial") -> 0 | AN65: =SUM(AK65:AM65) -> 0 | AO65: =IFERROR(AK65/$AN65,0) -> 0 | AP65: =IFERROR(AL65/$AN65,0) -> 0 | AQ65: =IFERROR(AM65/$AN65,0) -> 0
B66: 16500000 | E66: Unassigned | AK66: =COUNTIF(G66:AH66,"Yes") -> 0 | AL66: =COUNTIF(G66:AH66,"No") -> 0 | AM66: =COUNTIF(G66:AH66,"Partial") -> 0 | AN66: =SUM(AK66:AM66) -> 0 | AO66: =IFERROR(AK66/$AN66,0) -> 0 | AP66: =IFERROR(AL66/$AN66,0) -> 0 | AQ66: =IFERROR(AM66/$AN66,0) -> 0
B67: 16600000 | E67: Administrative and Support Staff Services Control | AK67: =COUNTIF(G67:AH67,"Yes") -> 0 | AL67: =COUNTIF(G67:AH67,"No") -> 0 | AM67: =COUNTIF(G67:AH67,"Partial") -> 0 | AN67: =SUM(AK67:AM67) -> 0 | AO67: =IFERROR(AK67/$AN67,0) -> 0 | AP67: =IFERROR(AL67/$AN67,0) -> 0 | AQ67: =IFERROR(AM67/$AN67,0) -> 0
C68: 16610000 | F68: In-Service Training | P68: Yes | Z68: No | AA68: Yes | AC68: Yes | AH68: Yes | AI68: Yes | AK68: =COUNTIF(G68:AH68,"Yes") -> 4 | AL68: =COUNTIF(G68:AH68,"No") -> 1 | AM68: =COUNTIF(G68:AH68,"Partial") -> 0 | AN68: =SUM(AK68:AM68) -> 5 | AO68: =IFERROR(AK68/$AN68,0) -> 0.8 | AP68: =IFERROR(AL68/$AN68,0) -> 0.2 | AQ68: =IFERROR(AM68/$AN68,0) -> 0
C69: 16620000 | F69: Sabbatical Leaves (Administrative and Support Staff only) | AK69: =COUNTIF(G69:AH69,"Yes") -> 0 | AL69: =COUNTIF(G69:AH69,"No") -> 0 | AM69: =COUNTIF(G69:AH69,"Partial") -> 0 | AN69: =SUM(AK69:AM69) -> 0 | AO69: =IFERROR(AK69/$AN69,0) -> 0 | AP69: =IFERROR(AL69/$AN69,0) -> 0 | AQ69: =IFERROR(AM69/$AN69,0) -> 0
C70: 16630000 | F70: Training Institutes, etc. | H70: Partial | AD70: No | AH70: No | AI70: No | AK70: =COUNTIF(G70:AH70,"Yes") -> 0 | AL70: =COUNTIF(G70:AH70,"No") -> 2 | AM70: =COUNTIF(G70:AH70,"Partial") -> 1 | AN70: =SUM(AK70:AM70) -> 3 | AO70: =IFERROR(AK70/$AN70,0) -> 0 | AP70: =IFERROR(AL70/$AN70,0) -> 0.66666667 | AQ70: =IFERROR(AM70/$AN70,0) -> 0.33333333
B71: 16700000 | E71: Community Relations Control | AK71: =COUNTIF(G71:AH71,"Yes") -> 0 | AL71: =COUNTIF(G71:AH71,"No") -> 0 | AM71: =COUNTIF(G71:AH71,"Partial") -> 0 | AN71: =SUM(AK71:AM71) -> 0 | AO71: =IFERROR(AK71/$AN71,0) -> 0 | AP71: =IFERROR(AL71/$AN71,0) -> 0 | AQ71: =IFERROR(AM71/$AN71,0) -> 0
C72: 16710000 | F72: Alumni Relations | H72: Partial | I72: Partial | J72: No | K72: Yes | L72: No | N72: No | Z72: No | AC72: No | AG72: No | AH72: Yes | AI72: No | AK72: =COUNTIF(G72:AH72,"Yes") -> 2 | AL72: =COUNTIF(G72:AH72,"No") -> 6 | AM72: =COUNTIF(G72:AH72,"Partial") -> 2 | AN72: =SUM(AK72:AM72) -> 10 | AO72: =IFERROR(AK72/$AN72,0) -> 0.2 | AP72: =IFERROR(AL72/$AN72,0) -> 0.6 | AQ72: =IFERROR(AM72/$AN72,0) -> 0.2
C73: 16720000 | F73: Community and/or Public Relation Activities | G73: No | H73: Partial | I73: Partial | J73: Partial | K73: Yes | L73: Partial | M73: No | N73: Yes | O73: No | P73: Yes | R73: No | S73: Partial | T73: Partial | U73: Yes | V73: Partial | W73: No | X73: No | Y73: Partial | Z73: Partial | AA73: Partial | AB73: Partial | AC73: Partial | AD73: Partial | AE73: Partial | AF73: Yes | AG73: Yes | AH73: Partial | AI73: Partial | AK73: =COUNTIF(G73:AH73,"Yes") -> 6 | AL73: =COUNTIF(G73:AH73,"No") -> 6 | AM73: =COUNTIF(G73:AH73,"Partial") -> 15 | AN73: =SUM(AK73:AM73) -> 27 | AO73: =IFERROR(AK73/$AN73,0) -> 0.22222222 | AP73: =IFERROR(AL73/$AN73,0) -> 0.22222222 | AQ73: =IFERROR(AM73/$AN73,0) -> 0.55555556
C74: 16730000 | F74: Development (Fund Raising) | G74: No | H74: Partial | K74: No | L74: Yes | M74: No | P74: Yes | Q74: No | R74: No | S74: No | T74: No | V74: Partial | W74: No | X74: No | Y74: No | Z74: No | AA74: No | AB74: No | AD74: No | AE74: No | AF74: No | AG74: No | AH74: Yes | AI74: No | AK74: =COUNTIF(G74:AH74,"Yes") -> 3 | AL74: =COUNTIF(G74:AH74,"No") -> 17 | AM74: =COUNTIF(G74:AH74,"Partial") -> 2 | AN74: =SUM(AK74:AM74) -> 22 | AO74: =IFERROR(AK74/$AN74,0) -> 0.13636364 | AP74: =IFERROR(AL74/$AN74,0) -> 0.77272727 | AQ74: =IFERROR(AM74/$AN74,0) -> 0.090909091
B75: 16800000 | E75: Unassigned | AK75: =COUNTIF(G75:AH75,"Yes") -> 0 | AL75: =COUNTIF(G75:AH75,"No") -> 0 | AM75: =COUNTIF(G75:AH75,"Partial") -> 0 | AN75: =SUM(AK75:AM75) -> 0 | AO75: =IFERROR(AK75/$AN75,0) -> 0 | AP75: =IFERROR(AL75/$AN75,0) -> 0 | AQ75: =IFERROR(AM75/$AN75,0) -> 0
B76: 16900000 | E76: Unassigned | AK76: =COUNTIF(G76:AH76,"Yes") -> 0 | AL76: =COUNTIF(G76:AH76,"No") -> 0 | AM76: =COUNTIF(G76:AH76,"Partial") -> 0 | AN76: =SUM(AK76:AM76) -> 0 | AO76: =IFERROR(AK76/$AN76,0) -> 0 | AP76: =IFERROR(AL76/$AN76,0) -> 0 | AQ76: =IFERROR(AM76/$AN76,0) -> 0
F79: % EXCLUDED MATRIX
F80: COLLEGE | G80: Eastern Florida State College | H80: Broward College | I80: College of Central Florida | J80: Chipola College | K80: Daytona State College | L80: Florida SouthWestern State College | M80: Florida State College at Jacksonville | N80: Florida Keys Community College | O80: Gulf Coast State College | P80: Hillsborough Community College | Q80: Indian River State College | R80: Florida Gateway College | S80: Lake-Sumter Community College | T80: State College of Florida, Manatee-Sarasota | U80: Miami Dade College | V80: North Florida Community College | W80: Northwest Florida State College | X80: Palm Beach State College | Y80: Pasco-Hernando State College | Z80: Pensacola State College | AA80: Polk State College | AB80: St. Johns River State College | AC80: St. Petersburg College | AD80: Santa Fe College | AE80: Seminole State College of Florida | AF80: South Florida State College | AG80: Tallahassee Community College | AH80: Valencia College | AI80: FCS
A81: 16000000 | D81: Institutional Support Control (Administrative)
B82: 16100000 | E82: Executive Management Control | G82: 0.46794857 | H82: 0.20485827 | I82: 0.19543901 | J82: 0.011426358 | K82: 0.22051918 | L82: 0.46713619 | M82: 0.65460823 | N82: 0.96259007 | O82: 0.14489424 | P82: 0.55529704 | Q82: 0 | R82: 0.38165466 | S82: 0.47243854 | T82: 0.29520596 | U82: 0.54931507 | V82: 0.17323449 | W82: 0.03898797 | X82: 0.37364359 | Y82: 0.5866337 | Z82: 0.22058668 | AA82: 0.51366344 | AB82: 0.32181787 | AC82: 0.19382288 | AD82: 0.5267439 | AE82: 0.23014343 | AF82: 0.1627788 | AG82: 0.19186939 | AH82: 0.3474575 | AI82: 0.40456486
C83: 16110000 | F83: College-Wide Management | L83: 0 | O83: 0.25672287 | AI83: 0.25410565
C84: 16111000 | F84: District Board of Trustees | H84: 0 | I84: 0 | J84: 0.23871637 | K84: 0 | M84: 0 | N84: 0 | O84: 0 | P84: 0 | Q84: 0 | R84: 0 | S84: 0 | T84: 0 | U84: 0 | V84: 0 | W84: 0 | X84: 0 | Y84: 0 | Z84: 0 | AA84: 0 | AB84: 0 | AC84: 0 | AD84: 0 | AE84: 0 | AF84: 0 | AG84: 0 | AH84: 0 | AI84: 0.0083273711
C85: 16112000 | F85: President | G85: 0 | H85: 0.092998386 | I85: 0 | J85: 0 | K85: 0 | L85: 0 | M85: 0 | N85: 0.9704067 | O85: 0 | P85: 0 | Q85: 0 | R85: 0 | S85: 0 | T85: 0.02651106 | U85: 0 | V85: 0.013580881 | W85: 0 | X85: 0 | Y85: 0 | Z85: 0 | AA85: 0 | AB85: 0 | AC85: 0 | AD85: 0 | AE85: 0 | AF85: 0 | AG85: 0 | AH85: 0 | AI85: 0.022528959
C86: 16113000 | F86: Assistant to the President | H86: 0.057506863 | K86: 0 | L86: 1 | Q86: 0 | V86: 0 | Z86: 0 | AC86: 0 | AI86: 0.14509266
C87: 16114000 | F87: Executive Vice President/Vice President(s) | G87: 0 | H87: 0.13289414 | I87: 0 | K87: 0 | L87: 0 | M87: 0 | O87: 0 | P87: 0 | Q87: 0 | R87: 0.39999999 | S87: 0.39605426 | T87: 0.1 | U87: 0.086393808 | W87: 0 | X87: 0 | Z87: 0 | AB87: 0 | AC87: 0 | AD87: 0.73390851 | AE87: 0 | AF87: 0 | AG87: 0 | AH87: 0 | AI87: 0.10346902
C88: 16115000 | F88: Chief Campus Administrators in Multi-Campus Colleges | G88: 0.51097497 | H88: 0.22487116 | L88: 1 | M88: 1 | P88: 1 | S88: 1 | T88: 0.9 | U88: 1 | Y88: 1 | AA88: 1 | AB88: 1 | AD88: 1 | AH88: 1 | AI88: 0.90204165
C89: 16116000 | F89: Equal Access, Equal Opportunity, Equal Employment Officer | K89: 0 | P89: 0 | T89: 0.5 | U89: 0 | W89: 1 | Z89: 0.098174562 | AA89: 0 | AC89: 0 | AD89: 1 | AE89: 0 | AI89: 0.049278763
C90: 16117000 | F90: Internal Auditing | H90: 0 | L90: 0 | T90: 0 | AH90: 0 | AI90: 0
C91: 16120000 | F91: Educational Planning and Development | J91: 0 | K91: 1 | M91: 1 | O91: 1 | T91: 1 | U91: 0 | AE91: 1 | AI91: 0.25507288
C92: 16121000 | F92: Institutional Research | G92: 1 | H92: 0.49742743 | I92: 1 | K92: 1 | L92: 1 | M92: 1 | N92: 1 | O92: 1 | P92: 1 | R92: 1 | S92: 1 | T92: 1 | U92: 1 | V92: 0.52332936 | W92: 0 | X92: 1 | Y92: 1 | Z92: 1 | AA92: 1 | AB92: 1 | AC92: 1 | AD92: 1 | AE92: 1 | AF92: 1 | AG92: 1 | AH92: 1 | AI92: 0.95792384
C93: 16122000 | F93: Analytical Studies | H93: 0.60942838 | P93: 0 | S93: 0 | U93: 0 | Y93: 1 | AB93: 0 | AI93: 0.34964858
C94: 16130000 | F94: Legal Services | G94: 0 | H94: 0.13995676 | I94: 0 | K94: 0 | L94: 0 | M94: 0 | O94: 0 | P94: 0 | Q94: 0 | R94: 1 | S94: 0 | T94: 0 | U94: 0 | V94: 0 | X94: 1 | Y94: 0 | Z94: 0 | AB94: 0 | AC94: 0 | AD94: 0 | AE94: 0 | AF94: 0 | AH94: 0 | AI94: 0.063097419
C95: 16140000 | F95: College-Wide Planning and Management Committees, Council or Task Forces | H95: 0 | R95: 1 | S95: 1 | T95: 1 | U95: 0 | AD95: 1 | AG95: 0 | AI95: 0.20068462
C96: 16141000 | F96: Faculty Senates | H96: 0 | T96: 1 | AC96: 1 | AG96: 0 | AH96: 1 | AI96: 0.99140749
C97: 16142000 | F97: Planning Committees | T97: 1 | Z97: 1 | AF97: 0 | AG97: 0 | AI97: 0.86662384
C98: 16143000 | F98: Administrative Councils | K98: 1 | M98: 1 | AC98: 0 | AI98: 0.58432475
B99: 16200000 | E99: Fiscal Operations Control | G99: 0.23658706 | H99: 0.51207715 | I99: 0.10685551 | J99: 0.18980916 | K99: 0.22550009 | L99: 0.54673046 | M99: 0.44768309 | N99: 0.041966534 | O99: 0.071192961 | P99: 0.16292916 | Q99: 0.43515057 | R99: 0.57643379 | S99: 0.26914783 | T99: 0.4092707 | U99: 0.67995913 | V99: 0.55735367 | W99: 0.260421 | X99: 0.5906544 | Y99: 0.36237206 | Z99: 0.36233064 | AA99: 0.25458273 | AB99: 0.050038892 | AC99: 0.33817864 | AD99: 0.48598264 | AE99: 0.59035556 | AF99: 0.34553687 | AG99: 0.20152408 | AH99: 0.58300618 | AI99: 0.43479072
C100: 16210000 | F100: Fiscal Control | R100: 0.74072106 | W100: 0.22 | Y100: 0 | AA100: 0 | AB100: 0.050038892 | AD100: 0.48598264 | AI100: 0.21249937
C101: 16211000 | F101: Business Officer (Financial Duties) | G101: 0 | H101: 0.2746651 | K101: 0 | N101: 0 | V101: 0 | AF101: 0 | AI101: 0.10662821
C102: 16212000 | F102: Comptroller | H102: 0 | L102: 0.53738768 | O102: 0 | P102: 0 | Q102: 0 | R102: 0.25000006 | T102: 0 | U102: 0 | X102: 0.5278014 | Z102: 0.017978897 | AC102: 0 | AH102: 0 | AI102: 0.19694377
C103: 16213000 | F103: Budget Administration and Control | H103: 0.56835289 | K103: 0 | O103: 0 | Q103: 0 | U103: 0.90643949 | V103: 1 | X103: 0 | AC103: 0 | AH103: 0 | AI103: 0.63428783
...

Sheet Chart Data
B1: THE FLORIDA COLLEGE SYSTEM
B2: 2015-2016
B3: ADMINISTRATIVE COST REPORT ANALYTICS
C5: *Sort all groupings by orange shaded columns after any changes to data
B6: COLLEGE | C6: % OF INSTITUTIONAL SUPPORT EXCLUDED | E6: COLLEGE | F6: ADMINISTRATIVE COST % OVER COST ANALYSIS TOTAL EXPENDITURES EXCLUDING TRANSFERS | G6: ADMINISTRATIVE COST PER FUNDABLE FTE | I6: COLLEGE | J6: ADMINISTRATIVE COST % OVER COST ANALYSIS TOTAL EXPENDITURES EXCLUDING TRANSFERS | K6: CHANGE OVER PRIOR YEAR
A7: 23 | B7: St. Petersburg College | C7: ='Summary Analytics'!D29 -> 0.2117625 | D7: 18 | E7: Palm Beach State College | F7: ='Summary Analytics'!E24 -> 0.040313725 | G7: ='Summary Analytics'!G24 -> 234.18701 | H7: 18 | I7: Palm Beach State College | J7: ='PALM BEACH'!J83 -> 0.040313725 | K7: ='Summary Analytics'!J24 -> 0.0014840411
A8: 22 | B8: St. Johns River State College | C8: ='Summary Analytics'!D28 -> 0.40258088 | D8: 11 | E8: Indian River State College | F8: ='Summary Analytics'!E17 -> 0.044443578 | G8: ='Summary Analytics'!G17 -> 263.78082 | H8: 11 | I8: Indian River State College | J8: ='INDIAN RIVER'!J83 -> 0.044443578 | K8: ='Summary Analytics'!J17 -> -0.0003109038
A9: 1 | B9: Eastern Florida State College | C9: ='Summary Analytics'!D7 -> 0.42084852 | D9: 19 | E9: Pasco-Hernando State College | F9: ='Summary Analytics'!E25 -> 0.060386737 | G9: ='Summary Analytics'!G25 -> 355.733 | H9: 24 | I9: Santa Fe College | J9: ='SANTA FE'!J83 -> 0.057654763 | K9: ='Summary Analytics'!J30 -> -0.0043985605
A10: 26 | B10: South Florida State College | C10: ='Summary Analytics'!D32 -> 0.45915329 | D10: 24 | E10: Santa Fe College | F10: ='Summary Analytics'!E30 -> 0.057654763 | G10: ='Summary Analytics'!G30 -> 376.4621 | H10: 7 | I10: Florida State College at Jacksonville | J10: ='FSC JAX'!J83 -> 0.058275279 | K10: ='Summary Analytics'!J13 -> -0.0019215355
A11: 5 | B11: Daytona State College | C11: ='Summary Analytics'!D11 -> 0.46262341 | D11: 7 | E11: Florida State College at Jacksonville | F11: ='Summary Analytics'!E13 -> 0.058275279 | G11: ='Summary Analytics'!G13 -> 398.05774 | H11: 19 | I11: Pasco-Hernando State College | J11: =PASCO!J83 -> 0.060386737 | K11: ='Summary Analytics'!J25 -> -0.0012105913
A12: 6 | B12: Florida SouthWestern State College | C12: ='Summary Analytics'!D12 -> 0.47181615 | D12: 2 | E12: Broward College | F12: ='Summary Analytics'!E8 -> 0.071165313 | G12: ='Summary Analytics'!G8 -> 406.65398 | H12: 3 | I12: College of Central Florida | J12: =CENTRAL!J83 -> 0.060940697 | K12: ='Summary Analytics'!J9 -> -0.00060457108
A13: 9 | B13: Gulf Coast State College | C13: ='Summary Analytics'!D15 -> 0.49973418 | D13: 15 | E13: Miami Dade College | F13: ='Summary Analytics'!E21 -> 0.072163358 | G13: ='Summary Analytics'!G21 -> 412.20691 | H13: 2 | I13: Broward College | J13: =BROWARD!J83 -> 0.071165313 | K13: ='Summary Analytics'!J8 -> 0.00030959107
A14: 4 | B14: Chipola College | C14: ='Summary Analytics'!D10 -> 0.50703646 | D14: 3 | E14: College of Central Florida | F14: ='Summary Analytics'!E9 -> 0.060940697 | G14: ='Summary Analytics'!G9 -> 417.85863 | H14: 15 | I14: Miami Dade College | J14: =MIAMI!J83 -> 0.072163358 | K14: ='Summary Analytics'!J21 -> -0.0032240343
A15: 11 | B15: Indian River State College | C15: ='Summary Analytics'!D17 -> 0.51532327 | D15: 28 | E15: Valencia College | F15: ='Summary Analytics'!E34 -> 0.080361055 | G15: ='Summary Analytics'!G34 -> 480.88496 | H15: 20 | I15: Pensacola State College | J15: =PENSACOLA!J83 -> 0.072883024 | K15: ='Summary Analytics'!J26 -> 0.0060207616
A16: 28 | B16: Valencia College | C16: ='Summary Analytics'!D34 -> 0.52141231 | D16: 10 | E16: Hillsborough Community College | F16: ='Summary Analytics'!E16 -> 0.085699962 | G16: ='Summary Analytics'!G16 -> 482.29708 | H16: 27 | I16: Tallahassee Community College | J16: =TALLAHASSEE!J83 -> 0.076024524 | K16: ='Summary Analytics'!J33 -> -0.0019366094
A17: 25 | B17: Seminole State College of Florida | C17: ='Summary Analytics'!D31 -> 0.55533687 | D17: 27 | E17: Tallahassee Community College | F17: ='Summary Analytics'!E33 -> 0.076024524 | G17: ='Summary Analytics'!G33 -> 485.53556 | H17: 21 | I17: Polk State College | J17: =POLK!J83 -> 0.077471229 | K17: ='Summary Analytics'!J27 -> -0.00028581166
B18: FCS | C18: ='Summary Analytics'!D35 -> 0.5637517 | E18: FCS | F18: ='Summary Analytics'!E35 -> 0.078184005 | G18: ='Summary Analytics'!G35 -> 495.77036 | I18: FCS | J18: ='System Summary'!I83 -> 0.078184005 | K18: ='Summary Analytics'!J35 -> 0.0013988139
A19: 10 | B19: Hillsborough Community College | C19: ='Summary Analytics'!D16 -> 0.57065648 | D19: 21 | E19: Polk State College | F19: ='Summary Analytics'!E27 -> 0.077471229 | G19: ='Summary Analytics'!G27 -> 523.24365 | H19: 28 | I19: Valencia College | J19: =VALENCIA!J83 -> 0.080361055 | K19: ='Summary Analytics'!J34 -> 0.0053514623
A20: 14 | B20: State College of Florida, Manatee-Sarasota | C20: ='Summary Analytics'!D20 -> 0.57275945 | D20: 25 | E20: Seminole State College of Florida | F20: ='Summary Analytics'!E31 -> 0.087119732 | G20: ='Summary Analytics'!G31 -> 526.57125 | H20: 9 | I20: Gulf Coast State College | J20: ='GULF COAST'!J83 -> 0.080804906 | K20: ='Summary Analytics'!J15 -> 0.0016171914
A21: 16 | B21: North Florida Community College | C21: ='Summary Analytics'!D22 -> 0.5768995 | D21: 20 | E21: Pensacola State College | F21: ='Summary Analytics'!E26 -> 0.072883024 | G21: ='Summary Analytics'!G26 -> 527.5437 | H21: 10 | I21: Hillsborough Community College | J21: =HILLSBOROUGH!J83 -> 0.085699962 | K21: ='Summary Analytics'!J16 -> 0.0018016408
A22: 13 | B22: Lake-Sumter State College | C22: ='Summary Analytics'!D19 -> 0.5862858 | D22: 5 | E22: Daytona State College | F22: ='Summary Analytics'!E11 -> 0.090268123 | G22: ='Summary Analytics'!G11 -> 605.27189 | H22: 16 | I22: North Florida Community College | J22: ='NORTH FLORIDA'!J83 -> 0.086847851 | K22: ='Summary Analytics'!J22 -> -0.0040286807
A23: 12 | B23: Florida Gateway College | C23: ='Summary Analytics'!D18 -> 0.58901688 | D23: 6 | E23: Florida SouthWestern State College | F23: ='Summary Analytics'!E12 -> 0.096166639 | G23: ='Summary Analytics'!G12 -> 605.88946 | H23: 25 | I23: Seminole State College of Florida | J23: =SEMINOLE!J83 -> 0.087119732 | K23: ='Summary Analytics'!J31 -> -0.0010659265
A24: 8 | B24: Florida Keys Community College | C24: ='Summary Analytics'!D14 -> 0.60415544 | D24: 1 | E24: Eastern Florida State College | F24: ='Summary Analytics'!E7 -> 0.091097209 | G24: ='Summary Analytics'!G7 -> 630.81237 | H24: 17 | I24: Northwest Florida State College | J24: ='NORTHWEST FLORIDA'!J83 -> 0.0871198 | K24: ='Summary Analytics'!J23 -> -0.018327353
A25: 2 | B25: Broward College | C25: ='Summary Analytics'!D8 -> 0.60989997 | D25: 14 | E25: State College of Florida, Manatee-Sarasota | F25: ='Summary Analytics'!E20 -> 0.11139765 | G25: ='Summary Analytics'!G20 -> 647.91362 | H25: 5 | I25: Daytona State College | J25: =DAYTONA!J83 -> 0.090268123 | K25: ='Summary Analytics'!J11 -> -0.004394964
A26: 17 | B26: Northwest Florida State College | C26: ='Summary Analytics'!D23 -> 0.60997449 | D26: 17 | E26: Northwest Florida State College | F26: ='Summary Analytics'!E23 -> 0.0871198 | G26: ='Summary Analytics'!G23 -> 648.18863 | H26: 1 | I26: Eastern Florida State College | J26: =EASTERN!J83 -> 0.091097209 | K26: ='Summary Analytics'!J7 -> -0.0079991801
A27: 21 | B27: Polk State College | C27: ='Summary Analytics'!D27 -> 0.61149664 | D27: 9 | E27: Gulf Coast State College | F27: ='Summary Analytics'!E15 -> 0.080804906 | G27: ='Summary Analytics'!G15 -> 652.80581 | H27: 8 | I27: Florida Keys Community College | J27: ='FL KEYS'!J83 -> 0.093457465 | K27: ='Summary Analytics'!J14 -> -0.026110542
A28: 15 | B28: Miami Dade College | C28: ='Summary Analytics'!D21 -> 0.62940848 | D28: 23 | E28: St. Petersburg College | F28: ='Summary Analytics'!E29 -> 0.11164027 | G28: ='Summary Analytics'!G29 -> 817.95186 | H28: 6 | I28: Florida SouthWestern State College | J28: =SOUTHWESTERN!J83 -> 0.096166639 | K28: ='Summary Analytics'!J12 -> 0.022050018
A29: 19 | B29: Pasco-Hernando State College | C29: ='Summary Analytics'!D25 -> 0.63517638 | D29: 13 | E29: Lake-Sumter State College | F29: ='Summary Analytics'!E19 -> 0.10773226 | G29: ='Summary Analytics'!G19 -> 884.05395 | H29: 12 | I29: Florida Gateway College | J29: =GATEWAY!J83 -> 0.10018668 | K29: ='Summary Analytics'!J18 -> -0.0082268231
A30: 20 | B30: Pensacola State College | C30: ='Summary Analytics'!D26 -> 0.64577307 | D30: 12 | E30: Florida Gateway College | F30: ='Summary Analytics'!E18 -> 0.10018668 | G30: ='Summary Analytics'!G18 -> 955.44999 | H30: 26 | I30: South Florida State College | J30: ='SOUTH FLORIDA'!J83 -> 0.10344338 | K30: ='Summary Analytics'!J32 -> -0.0032344569
A31: 18 | B31: Palm Beach State College | C31: ='Summary Analytics'!D24 -> 0.64882914 | D31: 26 | E31: South Florida State College | F31: ='Summary Analytics'!E32 -> 0.10344338 | G31: ='Summary Analytics'!G32 -> 986.55616 | H31: 4 | I31: Chipola College | J31: =CHIPOLA!J83 -> 0.10508414 | K31: ='Summary Analytics'!J10 -> 0.0029519264
A32: 3 | B32: College of Central Florida | C32: ='Summary Analytics'!D9 -> 0.65463874 | D32: 16 | E32: North Florida Community College | F32: ='Summary Analytics'!E22 -> 0.086847851 | G32: ='Summary Analytics'!G22 -> 1002.0796 | H32: 13 | I32: Lake-Sumter State College | J32: ='LAKE SUMTER'!J83 -> 0.10773226 | K32: ='Summary Analytics'!J19 -> 0.0051031288
A33: 7 | B33: Florida State College at Jacksonville | C33: ='Summary Analytics'!D13 -> 0.66787665 | D33: 22 | E33: St. Johns River State College | F33: ='Summary Analytics'!E28 -> 0.14434884 | G33: ='Summary Analytics'!G28 -> 1030.5365 | H33: 14 | I33: State College of Florida, Manatee-Sarasota | J33: ='SCF MANATEE'!J83 -> 0.11139765 | K33: ='Summary Analytics'!J20 -> 0.043601445
A34: 27 | B34: Tallahassee Community College | C34: ='Summary Analytics'!D33 -> 0.66834221 | D34: 4 | E34: Chipola College | F34: ='Summary Analytics'!E10 -> 0.10508414 | G34: ='Summary Analytics'!G10 -> 1139.1863 | H34: 23 | I34: St. Petersburg College | J34: ='ST PETE'!J83 -> 0.11164027 | K34: ='Summary Analytics'!J29 -> 0.0059494976
A35: 24 | B35: Santa Fe College | C35: ='Summary Analytics'!D30 -> 0.69271096 | D35: 8 | E35: Florida Keys Community College | F35: ='Summary Analytics'!E14 -> 0.093457465 | G35: ='Summary Analytics'!G14 -> 1284.5687 | H35: 22 | I35: St. Johns River State College | J35: ='ST JOHNS'!J83 -> 0.14434884 | K35: ='Summary Analytics'!J28 -> 0.013961698

Sheet System Summary
A1: The Florida College System
A2: Data Collection for Administrative Cost Report
A3: COLLEGE NAME:
A4: Florida College System
A6: Account | D6: Name | G6: FY 2015-16 | H6: Administration? | I6: Administrative Amount | J6: Excluded Amount | K6: Data Validation | L6: Comments
A7: 16000000 | D7: Institutional Support Control (Administrative)
B8: 16100000 | E8: Executive Management Control | G8: 82574357 | I8: 49167674 | J8: 33406683 | K8: 0
C9: 16110000 | F9: College-Wide Management | G9: 537186 | I9: 400684 | J9: 136502 | K9: 537186
C10: 16111000 | F10: District Board of Trustees | G10: 844204 | I10: 837174 | J10: 7030 | K10: 844204
C11: 16112000 | F11: President | G11: 18044553 | I11: 17638028 | J11: 406525 | K11: 18044553
C12: 16113000 | F12: Assistant to the President | G12: 1223432 | I12: 1045921 | J12: 177511 | K12: 1223432
C13: 16114000 | F13: Executive Vice President/Vice President(s) | G13: 19117230 | I13: 17139188 | J13: 1978041 | K13: 19117230
C14: 16115000 | F14: Chief Campus Administrators in Multi-Campus Colleges | G14: 20353436 | I14: 1993789 | J14: 18359647 | K14: 20353436
C15: 16116000 | F15: Equal Access, Equal Opportunity, Equal Employment Officer | G15: 1407097 | I15: 1337757 | J15: 69340 | K15: 1407097
C16: 16117000 | F16: Internal Auditing | G16: 99212 | I16: 99212 | J16: 0 | K16: 99212
C17: 16120000 | F17: Educational Planning and Development | G17: 1550549 | I17: 1155047 | J17: 395503 | K17: 1550549
C18: 16121000 | F18: Institutional Research | G18: 11228188 | I18: 472439 | J18: 10755749 | K18: 11228188
C19: 16122000 | F19: Analytical Studies | G19: 1052288 | I19: 684357 | J19: 367931 | K19: 1052288
C20: 16130000 | F20: Legal Services | G20: 6210365 | I20: 5818507 | J20: 391858 | K20: 6210365
... C24: 16143000 | F24: Administrative Councils | G24: 45894 | I24: 19076 | J24: 26817 | K24: 45894
B25: 16200000 | E25: Fiscal Operations Control | G25: 63925203 | I25: 36131118 | J25: 27794085 | K25: 0
C26: 16210000 | F26: Fiscal Control | G26: 5536581 | I26: 4360060 | J26: 1176520 | K26: 5536581
C27: 16211000 | F27: Business Officer (Financial Duties) | G27: 2485149 | I27: 2220162 | J27: 264987 | K27: 2485149
C28: 16212000 | F28: Comptroller | G28: 9000513 | I28: 7227918 | J28: 1772595 | K28: 9000513
C29: 16213000 | F29: Budget Administration and Control | G29: 5361063 | I29: 1960607 | J29: 3400457 | K29: 5361063
C30: 16220000 | F30: Financial Operations | G30: 13139322 | I30: 8516116 | J30: 4623206 | K30: 13139322
C31: 16221000 | F31: Payroll Operation | G31: 3512575 | I31: 3211309 | J31: 301266 | K31: 3512575
C32: 16222000 | F32: Bursar | G32: 7605002 | I32: 1508884 | J32: 6096118 | K32: 7605002
C33: 16223000 | F33: Cashier | G33: 3985238 | I33: 979597 | J33: 3005641 | K33: 3985238
C34: 16224000 | F34: Disbursement | G34: 1294322 | I34: 1006725 | J34: 287596 | K34: 1294322
C35: 16225000 | F35: Accounting | G35: 5509440 | I35: 3447805 | J35: 2061635 | K35: 5509440
C36: 16230000 | F36: Investment Management | G36: 373609 | I36: 373609 | J36: 0 | K36: 373609
C37: 16231000 | F37: Cash Flow Management | G37: 1682151 | I37: 876295 | J37: 805855 | K37: 1682151
... C41: 16242000 | F41: Grants Accounting | G41: 1585056 | I41: 59376 | J41: 1525681 | K41: 1585056
B42: 16300000 | E42: General Administrative and Logistical Services Control | G42: 175437976 | I42: 52041954 | J42: 123396022 | K42: 0
C43: 16310000 | F43: Administrative Data/Telecommunication Services | G43: 45136405 | I43: 1926748 | J43: 43209657 | K43: 45136405
C44: 16310100 | F44: Computing | G44: 31039951 | I44: 8204114 | J44: 22835837 | K44: 31039951
C45: 16310200 | F45: Telecommunications | G45: 8983492 | I45: 864296 | J45: 8119196 | K45: 8983492
C46: 16310300 | F46: Networking | G46: 5998090 | I46: 14740 | J46: 5983351 | K46: 5998090
C47: 16320000 | F47: Human Resources | G47: 27988533 | I47: 26519060 | J47: 1469472 | K47: 27988533
C48: 16330000 | F48: Logistical Services | G48: 672579 | I48: 688862 | J48: -16282 | K48: 672579
C49: 16330100 | F49: Purchasing | G49: 7514203 | I49: 6801231 | J49: 712972 | K49: 7514203
C50: 16330200 | F50: Receiving | G50: 1652786 | I50: 841857 | J50: 810930 | K50: 1652786
C51: 16330300 | F51: Shipping | G51: 0 | I51: 0 | J51: 0 | K51: 0
C52: 16330400 | F52: Warehousing | G52: 656204 | I52: 163000 | J52: 493203 | K52: 656204
C53: 16330500 | F53: Property Management | G53: 1481500 | I53: 1377176 | J53: 104324 | K53: 1481500
C54: 16330600 | F54: Mail and Distribution | G54: 4104845 | I54: 901349 | J54: 3203496 | K54: 4104845
... C63: 16344000 | F63: Commencement (Graduation) | G63: 904291 | I63: 0 | J63: 904291 | K63: 904291
B64: 16400000 | E64: Unassigned | G64: 0 | I64: 0 | J64: 0 | K64: 0
B65: 16500000 | E65: Unassigned | G65: 0 | I65: 0 | J65: 0 | K65: 0
B66: 16600000 | E66: Administrative and Support Staff Services Control | G66: 4355299 | I66: 1683624 | J66: 2671675 | K66: 0
C67: 16610000 | F67: In-Service Training | G67: 1597387 | I67: 1596093 | J67: 1294 | K67: 1597387
C68: 16620000 | F68: Sabbatical Leaves (Administrative and Support Staff only) | G68: 0 | I68: 0 | J68: 0 | K68: 0
C69: 16630000 | F69: Training Institutes, etc. | G69: 2757912 | I69: 87531 | J69: 2670381 | K69: 2757912
B70: 16700000 | E70: Community Relations Control | G70: 46450309 | I70: 23584194 | J70: 22866114 | K70: 0
C71: 16710000 | F71: Alumni Relations | G71: 2211066 | I71: 353677 | J71: 1857389 | K71: 2211066
C72: 16720000 | F72: Community and/or Public Relation Activities | G72: 33032389 | I72: 21654633 | J72: 11377757 | K72: 33032389
C73: 16730000 | F73: Development (Fund Raising) | G73: 11206853 | I73: 1575884 | J73: 9630969 | K73: 11206853
B74: 16800000 | E74: Unassigned | G74: 0 | I74: 0 | J74: 0 | K74: 0
B75: 16900000 | E75: Unassigned | G75: 0 | I75: 0 | J75: 0 | K75: 0
A76: TOTAL | G76: 372743143 | I76: 162608564 | J76: 210134580 | K76: 372743143
F77: Total Institutional Support Expense from Cost Analysis: | G77: 372743143 | I77: 0.4362483 | J77: 0.5637517
G83: Total Expense (Excluding Transfers) from Cost Analysis (CA-2): | H83: 2079818813 | I83: 0.078184005 | J83: : Administrative Cost Percentage

Sheet EASTERN
A1: The Florida College System
A2: Data Collection for the Administrative Cost Report
A3: COLLEGE NAME:
A4: Eastern Florida State College
A6: Account | D6: Name | G6: FY 2015-16 | H6: Administration? | I6: Administrative Amount | J6: Excluded Amount | K6: Data Validation | L6: Comments / Additional Details
A7: 16000000 | D7: Institutional Support Control (Administrative)
B8: 16100000 | E8: Executive Management Control | G8: 2784787.6 | I8: 1481650.2 | J8: 1303137.3
C9: 16110000 | F9: College-Wide Management | K9: 0
C10: 16111000 | F10: District Board of Trustees | K10: 0
C11: 16112000 | F11: President | G11: 283.02 | H11: Yes | I11: 283.02 | K11: 283.02
C12: 16113000 | F12: Assistant to the President | K12: 0
C13: 16114000 | F13: Executive Vice President/Vice President(s) | G13: 331089.89 | H13: Yes | I13: 331089.89 | K13: 331089.89
C14: 16115000 | F14: Chief Campus Administrators in Multi-Campus Colleges | G14: 2214846.8 | H14: Partial | I14: 1083115.5 | J14: 1131731.3 | K14: 2214846.8 | L14: Campus Provosts (Tab 1.2(16))
C15: 16116000 | F15: Equal Access, Equal Opportunity, Equal Employment Officer | K15: 0
C16: 16117000 | F16: Internal Auditing | K16: 0
C17: 16120000 | F17: Educational Planning and Development | K17: 0
C18: 16121000 | F18: Institutional Research | G18: 171406.04 | H18: No | J18: 171406.04 | K18: 171406.04
C19: 16122000 | F19: Analytical Studies | K19: 0
C20: 16130000 | F20: Legal Services | G20: 67161.77 | H20: Yes | I20: 67161.77 | K20: 67161.77
C21: 16140000 | F21: College-Wide Planning and Management Committees, Council or Task Forces | K21: 0
C22: 16141000 | F22: Faculty Senates | K22: 0
C23: 16142000 | F23: Planning Committees | K23: 0
C24: 16143000 | F24: Administrative Councils | K24: 0
B25: 16200000 | E25: Fiscal Operations Control | G25: 2072799.5 | I25: 1582401.9 | J25: 490397.53
C26: 16210000 | F26: Fiscal Control | K26: 0
C27: 16211000 | F27: Business Officer (Financial Duties) | G27: 472426.34 | H27: Yes | I27: 472426.34 | K27: 472426.34
C28: 16212000 | F28: Comptroller | K28: 0
C29: 16213000 | F29: Budget Administration and Control | K29: 0
C30: 16220000 | F30: Financial Operations | K30: 0
C31: 16221000 | F31: Payroll Operation | K31: 0
C32: 16222000 | F32: Bursar | G32: 1600373.1 | H32: Partial | I32: 1109975.6 | J32: 490397.53 | K32: 1600373.1 | L32: Bursar/Cashier/Collections salaries, DSO Acctg salaries
C33: 16223000 | F33: Cashier | K33: 0
C34: 16224000 | F34: Disbursement | K34: 0
C35: 16225000 | F35: Accounting | K35: 0
C36: 16230000 | F36: Investment Management | K36: 0
C37: 16231000 | F37: Cash Flow Management | K37: 0
C38: 16232000 | F38: Endowment Management | K38: 0
C39: 16240000 | F39: Grants and Contracts Financial Management | K39: 0
C40: 16241000 | F40: Grants Management | K40: 0
C41: 16242000 | F41: Grants Accounting | K41: 0
B42: 16300000 | E42: General Administrative and Logistical Services Control | G42: 6239073.2 | I42: 3581808.5 | J42: 2657264.8
C43: 16310000 | F43: Administrative Data/Telecommunication Services | K43: 0
C44: 16310100 | F44: Computing | G44: 3303345.4 | H44: Partial | I44: 2312341.8 | J44: 991003.62 | K44: 3303345.4 | L44: Student labs and assistance
C45: 16310200 | F45: Telecommunications | K45: 0
C46: 16310300 | F46: Networking | K46: 0
C47: 16320000 | F47: Human Resources | G47: 851514.87 | H47: Yes | I47: 851514.87 | K47: 851514.87
C48: 16330000 | F48: Logistical Services | K48: 0
C49: 16330100 | F49: Purchasing | G49: 160451.3 | H49: Yes | I49: 160451.3 | K49: 160451.3
C50: 16330200 | F50: Receiving | K50: 0
C51: 16330300 | F51: Shipping | K51: 0
C52: 16330400 | F52: Warehousing | K52: 0
C53: 16330500 | F53: Property Management | K53: 0
C54: 16330600 | F54: Mail and Distribution | K54: 0
C55: 16330700 | F55: Telephone Service/Operations | K55: 0
C56: 16330800 | F56: General Printing and Reproduction | G56: 16140.32 | H56: Yes | I56: 16140.32 | K56: 16140.32
C57: 16330900 | F57: Campus Transportation (including motor pool) | K57: 0
C58: 16331000 | F58: Parking and Parking Space Management | K58: 0
C59: 16340000 | F59: Other General Expenses | K59: 0
C60: 16341000 | F60: Business Hospitality | G60: 1291.55 | H60: No | J60: 1291.55 | K60: 1291.55
C61: 16342000 | F61: Organizational Memberships | G61: 898679.29 | H61: Partial | I61: 241360.18 | J61: 657319.11 | K61: 898679.29 | L61: Bank Service fees and Bad Debt Expense
C62: 16343000 | F62: General Insurance (other than property) | G62: 943510.17 | H62: No | J62: 943510.17 | K62: 943510.17 | L62: Liab Ins/Unemployment
C63: 16344000 | F63: Commencement (Graduation) | G63: 64140.35 | H63: No | J63: 64140.35 | K63: 64140.35 | L63: Paid by Grad Fees
B64: 16400000 | E64: Unassigned
B65: 16500000 | E65: Unassigned
B66: 16600000 | E66: Administrative and Support Staff Services Control | G66: 0 | I66: 0 | J66: 0
C67: 16610000 | F67: In-Service Training | K67: 0
C68: 16620000 | F68: Sabbatical Leaves (Administrative and Support Staff only) | K68: 0
C69: 16630000 | F69: Training Institutes, etc. | K69: 0
B70: 16700000 | E70: Community Relations Control | G70: 378507.8 | I70: 0 | J70: 378507.8
C71: 16710000 | F71: Alumni Relations | K71: 0
C72: 16720000 | F72: Community and/or Public Relation Activities | G72: 18287.47 | H72: No | J72: 18287.47 | K72: 18287.47 | L72: Not GR
C73: 16730000 | F73: Development (Fund Raising) | G73: 360220.33 | H73: No | J73: 360220.33 | K73: 360220.33 | L73: Foundation DSO
B74: 16800000 | E74: Unassigned
B75: 16900000 | E75: Unassigned
A76: TOTAL | G76: 11475168 | I76: 6645860.6 | J76: 4829307.5 | K76: 11475168
F77: Total 6.0 INSTITUTIONAL SUPPORT reported from CA-2: | G77: 11475168 | I77: 0.57915148 | J77: 0.42084852
F79: Note: The amounts in cells G76 and G77 must be equal.
H83: Total Expense (Excluding Transfers) from Cost Analysis (CA-2): | I83: 72953504 | J83: 0.091097209 | K83: : Administrative Cost Percentage

Sheet BROWARD
A1: The Florida College System
A2: Data Collection for the Administrative Cost Report
A3: COLLEGE NAME:
A4: Broward College
A6: Account | D6: Name | G6: FY 2015-16 | H6: Administration? | I6: Administrative Amount | J6: Excluded Amount | K6: Data Validation | L6: Comments / Additional Details
A7: 16000000 | D7: Institutional Support Control (Administrative)
B8: 16100000 | E8: Executive Management Control | G8: 6886286.9 | I8: 5475574.1 | J8: 1410712.8
C9: 16110000 | F9: College-Wide Management | K9: 0
C10: 16111000 | F10: District Board of Trustees | G10: 2007.35 | H10: Yes | I10: 2007.35 | K10: 2007.35
C11: 16112000 | F11: President | G11: 543940.3 | H11: Partial | I11: 493354.73 | J11: 50585.57 | K11: 543940.3
C12: 16113000 | F12: Assistant to the President | G12: 534776.17 | H12: Partial | I12: 504022.87 | J12: 30753.3 | K12: 534776.17
C13: 16114000 | F13: Executive Vice President/Vice President(s) | G13: 2733437.8 | H13: Partial | I13: 2370179.9 | J13: 363257.85 | K13: 2733437.8
C14: 16115000 | F14: Chief Campus Administrators in Multi-Campus Colleges | G14: 1151314.8 | H14: Partial | I14: 892417.3 | J14: 258897.5 | K14: 1151314.8
C15: 16116000 | F15: Equal Access, Equal Opportunity, Equal Employment Officer | K15: 0
C16: 16117000 | F16: Internal Auditing | G16: 2112.67 | H16: Yes | I16: 2112.67 | K16: 2112.67
C17: 16120000 | F17: Educational Planning and Development | K17: 0
C18: 16121000 | F18: Institutional Research | G18: 492950.38 | H18: Partial | I18: 247743.34 | J18: 245207.04 | K18: 492950.38
C19: 16122000 | F19: Analytical Studies | G19: 560320.69 | H19: Partial | I19: 218845.36 | J19: 341475.33 | K19: 560320.69
C20: 16130000 | F20: Legal Services | G20: 861239.19 | H20: Partial | I20: 740702.94 | J20: 120536.25 | K20: 861239.19
C21: 16140000 | F21: College-Wide Planning and Management Committees, Council or Task Forces | G21: 3943.48 | H21: Yes | I21: 3943.48 | K21: 3943.48
C22: 16141000 | F22: Faculty Senates | G22: 244.16 | H22: Yes | I22: 244.16 | K22: 244.16
C23: 16142000 | F23: Planning Committees | K23: 0
C24: 16143000 | F24: Administrative Councils | K24: 0
B25: 16200000 | E25: Fiscal Operations Control | G25: 5016227.7 | I25: 2447532.1 | J25: 2568695.5
C26: 16210000 | F26: Fiscal Control | K26: 0
C27: 16211000 | F27: Business Officer (Financial Duties) | G27: 964764 | H27: Partial | I27: 699777 | J27: 264987 | K27: 964764
C28: 16212000 | F28: Comptroller | G28: 10735.1 | H28: Yes | I28: 10735.1 | K28: 10735.1
C29: 16213000 | F29: Budget Administration and Control | G29: 575725.27 | H29: Partial | I29: 248510.15 | J29: 327215.12 | K29: 575725.27
C30: 16220000 | F30: Financial Operations | G30: 0 | K30: 0
C31: 16221000 | F31: Payroll Operation | G31: 391885.14 | H31: Partial | I31: 158916.48 | J31: 232968.66 | K31: 391885.14
C32: 16222000 | F32: Bursar | G32: 1117686.4 | H32: Partial | I32: 75225.62 | J32: 1042460.8 | K32: 1117686.4
C33: 16223000 | F33: Cashier | G33: 0 | K33: 0
C34: 16224000 | F34: Disbursement | G34: 396461.9 | H34: Partial | I34: 108865.48 | J34: 287596.42 | K34: 396461.9
C35: 16225000 | F35: Accounting | G35: 550953.98 | H35: Partial | I35: 209831.33 | J35: 341122.65 | K35: 550953.98
C36: 16230000 | F36: Investment Management | G36: 0 | K36: 0
C37: 16231000 | F37: Cash Flow Management | G37: 876295.43 | H37: Yes | I37: 876295.43 | K37: 876295.43
C38: 16232000 | F38: Endowment Management | G38: 0 | K38: 0
C39: 16240000 | F39: Grants and Contracts Financial Management | G39: 0 | K39: 0
C40: 16241000 | F40: Grants Management | G40: 0 | K40: 0
C41: 16242000 | F41: Grants Accounting | G41: 131720.42 | H41: Partial | I41: 59375.53 | J41: 72344.89 | K41: 131720.42
B42: 16300000 | E42: General Administrative and Logistical Services Control | G42: 15079138 | I42: 1592966.4 | J42: 13486172
C43: 16310000 | F43: Administrative Data/Telecommunication Services | G43: 11130140 | H43: No | J43: 11130140 | K43: 11130140
C44: 16310100 | F44: Computing | K44: 0
C45: 16310200 | F45: Telecommunications | K45: 0
C46: 16310300 | F46: Networking | K46: 0
C47: 16320000 | F47: Human Resources | G47: 1903875.5 | H47: Partial | I47: 821180.45 | J47: 1082695.1 | K47: 1903875.5
C48: 16330000 | F48: Logistical Services | G48: 0 | K48: 0
C49: 16330100 | F49: Purchasing | G49: 1174689.9 | H49: Partial | I49: 511917.69 | J49: 662772.24 | K49: 1174689.9
C50: 16330200 | F50: Receiving | G50: 304184.12 | H50: Partial | I50: 31294.6 | J50: 272889.52 | K50: 304184.12
C51: 16330300 | F51: Shipping | K51: 0
C52: 16330400 | F52: Warehousing | G52: 196177.14 | H52: Partial | I52: 72456.8 | J52: 123720.34 | K52: 196177.14
C53: 16330500 | F53: Property Management | K53: 0
C54: 16330600 | F54: Mail and Distribution | G54: 221649.85 | H54: Partial | I54: 24785.19 | J54: 196864.66 | K54: 221649.85
C55: 16330700 | F55: Telephone Service/Operations | K55: 0
C56: 16330800 | F56: General Printing and Reproduction | G56: 123.61 | H56: Yes | I56: 123.61 | K56: 123.61
C57: 16330900 | F57: Campus Transportation (including motor pool) | K57: 0
C58: 16331000 | F58: Parking and Parking Space Management | K58: 0
C59: 16340000 | F59: Other General Expenses | K59: 0
C60: 16341000 | F60: Business Hospitality | G60: 17664.94 | H60: Partial | I60: 574.34 | J60: 17090.6 | K60: 17664.94
C61: 16342000 | F61: Organizational Memberships | K61: 0
C62: 16343000 | F62: General Insurance (other than property) | G62: 130633.75 | H62: Yes | I62: 130633.75 | K62: 130633.75
C63: 16344000 | F63: Commencement (Graduation) | G63: 0 | K63: 0
B64: 16400000 | E64: Unassigned
B65: 16500000 | E65: Unassigned
B66: 16600000 | E66: Administrative and Support Staff Services Control | G66: 680746.77 | I66: 87530.99 | J66: 593215.78
C67: 16610000 | F67: In-Service Training | K67: 0
C68: 16620000 | F68: Sabbatical Leaves (Administrative and Support Staff only) | K68: 0
C69: 16630000 | F69: Training Institutes, etc. | G69: 680746.77 | H69: Partial | I69: 87530.99 | J69: 593215.78 | K69: 680746.77
B70: 16700000 | E70: Community Relations Control | G70: 3665591 | I70: 2617446.4 | J70: 1048144.7
C71: 16710000 | F71: Alumni Relations | G71: 694498.87 | H71: Partial | I71: 212120.84 | J71: 482378.03 | K71: 694498.87
C72: 16720000 | F72: Community and/or Public Relation Activities | G72: 2578382.9 | H72: Partial | I72: 2227660.5 | J72: 350722.4 | K72: 2578382.9
C73: 16730000 | F73: Development (Fund Raising) | G73: 392709.29 | H73: Partial | I73: 177665.06 | J73: 215044.23 | K73: 392709.29
B74: 16800000 | E74: Unassigned
B75: 16900000 | E75: Unassigned
A76: TOTAL | G76: 31327991 | I76: 12221050 | J76: 19106941 | K76: 31327991
F77: Total 6.0 INSTITUTIONAL SUPPORT reported from CA-2: | G77: 31327991 | I77: 0.39010003 | J77: 0.60989997
F79: Note: The amounts in cells G76 and G77 must be equal.
H80: Yes
H83: Total Expense (Excluding Transfers) from Cost Analysis (CA-2): | I83: 1.7172762e+08 | J83: 0.071165313 | K83: : Administrative Cost Percentage

Sheet CENTRAL
A1: The Florida College System
A2: Data Collection for the Administrative Cost Report
A3: COLLEGE NAME:
A4: College of Central Florida
A6: Account | D6: Name | G6: FY 2015-16 | H6: Administration? | I6: Administrative Amount | J6: Excluded Amount | K6: Data Validation | L6: Comments / Additional Details
A7: 16000000 | D7: Institutional Support Control (Administrative)
B8: 16100000 | E8: Executive Management Control | G8: 1189595.2 | I8: 957101.92 | J8: 232493.32
C9: 16110000 | F9: College-Wide Management | K9: 0
C10: 16111000 | F10: District Board of Trustees | G10: 12911.6 | H10: Yes | I10: 12911.6 | K10: 12911.6
C11: 16112000 | F11: President | G11: 464622.14 | H11: Yes | I11: 464622.14 | K11: 464622.14
C12: 16113000 | F12: Assistant to the President | K12: 0
C13: 16114000 | F13: Executive Vice President/Vice President(s) | G13: 290631.71 | H13: Yes | I13: 290631.71 | K13: 290631.71
C14: 16115000 | F14: Chief Campus Administrators in Multi-Campus Colleges | G14: 0 | K14: 0
C15: 16116000 | F15: Equal Access, Equal Opportunity, Equal Employment Officer | K15: 0
C16: 16117000 | F16: Internal Auditing | K16: 0
C17: 16120000 | F17: Educational Planning and Development | K17: 0
C18: 16121000 | F18: Institutional Research | G18: 232493.32 | H18: No | J18: 232493.32 | K18: 232493.32 | L18: Student Based Reporting
C19: 16122000 | F19: Analytical Studies | K19: 0
C20: 16130000 | F20: Legal Services | G20: 188936.47 | H20: Yes | I20: 188936.47 | K20: 188936.47
C21: 16140000 | F21: College-Wide Planning and Management Committees, Council or Task Forces | K21: 0
C22: 16141000 | F22: Faculty Senates | K22: 0
C23: 16142000 | F23: Planning Committees | K23: 0
C24: 16143000 | F24: Administrative Councils | K24: 0
B25: 16200000 | E25: Fiscal Operations Control | G25: 653826.54 | I25: 583961.57 | J25: 69864.97
C26: 16210000 | F26: Fiscal Control | K26: 0
C27: 16211000 | F27: Business Officer (Financial Duties) | K27: 0
C28: 16212000 | F28: Comptroller | K28: 0
C29: 16213000 | F29: Budget Administration and Control | K29: 0
C30: 16220000 | F30: Financial Operations | G30: 583961.57 | H30: Yes | I30: 583961.57 | K30: 583961.57
C31: 16221000 | F31: Payroll Operation | K31: 0
C32: 16222000 | F32: Bursar | K32: 0
C33: 16223000 | F33: Cashier | K33: 0
C34: 16224000 | F34: Disbursement | K34: 0
C35: 16225000 | F35: Accounting | K35: 0
C36: 16230000 | F36: Investment Management | K36: 0
C37: 16231000 | F37: Cash Flow Management | K37: 0
C38: 16232000 | F38: Endowment Management | K38: 0
C39: 16240000 | F39: Grants and Contracts Financial Management | G39: 69864.97 | H39: No | J39: 69864.97 | K39: 69864.97 | L39: Excluded: Support for Faculty purusing grant funding
C40: 16241000 | F40: Grants Management | K40: 0
C41: 16242000 | F41: Grants Accounting | K41: 0
B42: 16300000 | E42: General Administrative and Logistical Services Control | G42: 3429505 | I42: 497044.09 | J42: 2932460.9
C43: 16310000 | F43: Administrative Data/Telecommunication Services | G43: 1713184.8 | H43: Partial | I43: 35373.42 | J43: 1677811.4 | K43: 1713184.8 | L43: Excluded: College Wide
C44: 16310100 | F44: Computing | K44: 0
C45: 16310200 | F45: Telecommunications | K45: 0
C46: 16310300 | F46: Networking | K46: 0
C47: 16320000 | F47: Human Resources | G47: 445119.33 | H47: Partial | I47: 242377.4 | J47: 202741.93 | K47: 445119.33 | L47: Excluded: Sick and Vacation Payout for Instructional & Non-Admin Employees
C48: 16330000 | F48: Logistical Services | K48: 0
C49: 16330100 | F49: Purchasing | G49: 126946.88 | H49: Yes | I49: 126946.88 | K49: 126946.88
C50: 16330200 | F50: Receiving | K50: 0
C51: 16330300 | F51: Shipping | K51: 0
C52: 16330400 | F52: Warehousing | K52: 0
C53: 16330500 | F53: Property Management | K53: 0
C54: 16330600 | F54: Mail and Distribution | G54: 120987.94 | H54: No | J54: 120987.94 | K54: 120987.94 | L54: Mailroom, postage
C55: 16330700 | F55: Telephone Service/Operations | G55: 70918.73 | H55: No | J55: 70918.73 | K55: 70918.73 | L55: service contracts
C56: 16330800 | F56: General Printing and Reproduction | G56: 152884.63 | H56: No | J56: 152884.63 | K56: 152884.63 | L56: college wide
C57: 16330900 | F57: Campus Transportation (including motor pool) | G57: 23279.8 | H57: No | J57: 23279.8 | K57: 23279.8
C58: 16331000 | F58: Parking and Parking Space Management | K58: 0
C59: 16340000 | F59: Other General Expenses | G59: 177393.5 | H59: No | J59: 177393.5 | K59: 177393.5 | L59: collection cost, bank fees, maint and service contracts
C60: 16341000 | F60: Business Hospitality | K60: 0
C61: 16342000 | F61: Organizational Memberships | G61: 92346.39 | H61: Yes | I61: 92346.39 | K61: 92346.39
C62: 16343000 | F62: General Insurance (other than property) | G62: 506442.95 | H62: No | J62: 506442.95 | K62: 506442.95 | L62: unemployment insurance
C63: 16344000 | F63: Commencement (Graduation) | K63: 0
B64: 16400000 | E64: Unassigned
B65: 16500000 | E65: Unassigned
B66: 16600000 | E66: Administrative and Support Staff Services Control | G66: 0 | I66: 0 | J66: 0
C67: 16610000 | F67: In-Service Training | K67: 0
C68: 16620000 | F68: Sabbatical Leaves (Administrative and Support Staff only) | K68: 0
C69: 16630000 | F69: Training Institutes, etc. | K69: 0
B70: 16700000 | E70: Community Relations Control | G70: 1122092.2 | I70: 170484.22 | J70: 951607.99
C71: 16710000 | F71: Alumni Relations | G71: 646032.45 | H71: Partial | I71: 3420.42 | J71: 642612.03 | K71: 646032.45 | L71: Excluded: College Activity Funds, Marketing & PR expenses
C72: 16720000 | F72: Community and/or Public Relation Activities | G72: 476059.76 | H72: Partial | I72: 167063.8 | J72: 308995.96 | K72: 476059.76 | L72: Excluded: CF Foundation reimbursable expenses, CF Alumni expenses
C73: 16730000 | F73: Development (Fund Raising) | K73: 0
B74: 16800000 | E74: Unassigned
B75: 16900000 | E75: Unassigned
A76: TOTAL | G76: 6395018.9 | I76: 2208591.8 | J76: 4186427.1 | K76: 6395018.9
F77: Total 6.0 INSTITUTIONAL SUPPORT reported from CA-2: | G77: 6395018.9 | I77: 0.34536126 | J77: 0.65463874
F79: Note: The amounts in cells G76 and G77 must be equal.
H80: Yes
H83: Total Expense (Excluding Transfers) from Cost Analysis (CA-2): | I83: 36241657 | J83: 0.060940697 | K83: : Administrative Cost Percentage

Sheet CHIPOLA
A1: The Florida College System
A2: Data Collection for the Administrative Cost Report
A3: COLLEGE NAME:
A4: Chipola College
A6: Account | D6: Name | G6: FY 2015-16 | H6: Administration? | I6: Administrative Amount | J6: Excluded Amount | K6: Data Validation | L6: Comments / Additional Details
A7: 16000000 | D7: Institutional Support Control (Administrative)
B8: 16100000 | E8: Executive Management Control | G8: 615200.41 | I8: 608170.91 | J8: 7029.5
C9: 16110000 | F9: College-Wide Management | K9: 0
C10: 16111000 | F10: District Board of Trustees | G10: 29447.08 | H10: Partial | I10: 22417.58 | J10: 7029.5 | K10: 29447.08 | L10: Capital Outlay
C11: 16112000 | F11: President | G11: 363515.83 | H11: Yes | I11: 363515.83 | K11: 363515.83
C12: 16113000 | F12: Assistant to the President | K12: 0
C13: 16114000 | F13: Executive Vice President/Vice President(s) | K13: 0
C14: 16115000 | F14: Chief Campus Administrators in Multi-Campus Colleges | K14: 0
C15: 16116000 | F15: Equal Access, Equal Opportunity, Equal Employment Officer | K15: 0
C16: 16117000 | F16: Internal Auditing | K16: 0
C17: 16120000 | F17: Educational Planning and Development | G17: 222237.5 | H17: Yes | I17: 222237.5 | K17: 222237.5
C18: 16121000 | F18: Institutional Research | K18: 0
C19: 16122000 | F19: Analytical Studies | K19: 0
C20: 16130000 | F20: Legal Services | K20: 0
C21: 16140000 | F21: College-Wide Planning and Management Committees, Council or Task Forces | K21: 0
C22: 16141000 | F22: Faculty Senates | K22: 0
C23: 16142000 | F23: Planning Committees | K23: 0
C24: 16143000 | F24: Administrative Councils | K24: 0
B25: 16200000 | E25: Fiscal Operations Control | G25: 509241.81 | I25: 412583.05 | J25: 96658.76
C26: 16210000 | F26: Fiscal Control | K26: 0
C27: 16211000 | F27: Business Officer (Financial Duties) | K27: 0
C28: 16212000 | F28: Comptroller | K28: 0
C29: 16213000 | F29: Budget Administration and Control | K29: 0
C30: 16220000 | F30: Financial Operations | G30: 509241.81 | H30: Partial | I30: 412583.05 | J30: 96658.76 | K30: 509241.81 | L30: Excluded cashiers and Merchant Service Fees
C31: 16221000 | F31: Payroll Operation | K31: 0
C32: 16222000 | F32: Bursar | K32: 0
C33: 16223000 | F33: Cashier | K33: 0
C34: 16224000 | F34: Disbursement | K34: 0
C35: 16225000 | F35: Accounting | K35: 0
C36: 16230000 | F36: Investment Management | K36: 0
C37: 16231000 | F37: Cash Flow Management | K37: 0
C38: 16232000 | F38: Endowment Management | K38: 0
C39: 16240000 | F39: Grants and Contracts Financial Management | K39: 0
C40: 16241000 | F40: Grants Management | K40: 0
C41: 16242000 | F41: Grants Accounting | K41: 0
B42: 16300000 | E42: General Administrative and Logistical Services Control | G42: 1765701.5 | I42: 559840.18 | J42: 1205861.3
C43: 16310000 | F43: Administrative Data/Telecommunication Services | G43: 573856.28 | H43: Partial | I43: 57385.62 | J43: 516470.66 | K43: 573856.28 | L43: Split between centralized and instructional support
C44: 16310100 | F44: Computing | K44: 0
C45: 16310200 | F45: Telecommunications | K45: 0
C46: 16310300 | F46: Networking | K46: 0
C47: 16320000 | F47: Human Resources | G47: 377052.41 | H47: Yes | I47: 377052.41 | K47: 377052.41
C48: 16330000 | F48: Logistical Services | G48: 65408.84 | H48: Partial | I48: 58867.96 | J48: 6540.88 | K48: 65408.84 | L48: Split between centralized and instructional support also exclude dorm person
C49: 16330100 | F49: Purchasing | K49: 0
C50: 16330200 | F50: Receiving | K50: 0
C51: 16330300 | F51: Shipping | K51: 0
C52: 16330400 | F52: Warehousing | K52: 0
C53: 16330500 | F53: Property Management | G53: 49166.24 | H53: Partial | I53: 4916.62 | J53: 44249.62 | K53: 49166.24 | L53: Some duties would be at school level for DSB's
C54: 16330600 | F54: Mail and Distribution | G54: 84302.62 | H54: No | J54: 84302.62 | K54: 84302.62 | L54: One Campus - would be at school level for DSB's
C55: 16330700 | F55: Telephone Service/Operations | G55: 51026.2 | H55: No | J55: 51026.2 | K55: 51026.2 | L55: One Campus - would be at school level for DSB's
C56: 16330800 | F56: General Printing and Reproduction | G56: 34412.35 | H56: No | J56: 34412.35 | K56: 34412.35 | L56: Copy paper/Copier rental, etc. campus-wide
C57: 16330900 | F57: Campus Transportation (including motor pool) | G57: 57492.12 | H57: Partial | I57: 5749.21 | J57: 51742.91 | K57: 57492.12 | L57: Student Activities including athletics (student support) and bus purchase
C58: 16331000 | F58: Parking and Parking Space Management | K58: 0
C59: 16340000 | F59: Other General Expenses | G59: 42185.98 | H59: No | J59: 42185.98 | K59: 42185.98 | L59: Bad debt expense & Unemployment Compensation
C60: 16341000 | F60: Business Hospitality | K60: 0
C61: 16342000 | F61: Organizational Memberships | G61: 55868.36 | H61: Yes | I61: 55868.36 | K61: 55868.36
C62: 16343000 | F62: General Insurance (other than property) | G62: 341798.56 | H62: No | J62: 341798.56 | K62: 341798.56 | L62: Athletic ins. Prop/casualty ins
C63: 16344000 | F63: Commencement (Graduation) | G63: 33131.54 | H63: No | J63: 33131.54 | K63: 33131.54 | L63: should be 14XXXXX - academic support
B64: 16400000 | E64: Unassigned
B65: 16500000 | E65: Unassigned
B66: 16600000 | E66: Administrative and Support Staff Services Control | G66: 0 | I66: 0 | J66: 0
C67: 16610000 | F67: In-Service Training | K67: 0
C68: 16620000 | F68: Sabbatical Leaves (Administrative and Support Staff only) | K68: 0
C69: 16630000 | F69: Training Institutes, etc. | K69: 0
B70: 16700000 | E70: Community Relations Control | G70: 451639.54 | I70: 66783.18 | J70: 384856.36
C71: 16710000 | F71: Alumni Relations | G71: 117723.61 | H71: No | J71: 117723.61 | K71: 117723.61 | L71: Foundation Workers paid by College
C72: 16720000 | F72: Community and/or Public Relation Activities | G72: 333915.93 | H72: Partial | I72: 66783.18 | J72: 267132.75 | K72: 333915.93 | L72: Mostly program specific PR
C73: 16730000 | F73: Development (Fund Raising) | K73: 0
B74: 16800000 | E74: Unassigned
B75: 16900000 | E75: Unassigned
A76: TOTAL | G76: 3341783.3 | I76: 1647377.3 | J76: 1694405.9 | K76: 3341783.3
F77: Total 6.0 INSTITUTIONAL SUPPORT reported from CA-2: | G77: 3341783.3 | I77: 0.49296354 | J77: 0.50703646
F79: Note: The amounts in cells G76 and G77 must be equal.
H80: Yes
H83: Total Expense (Excluding Transfers) from Cost Analysis (CA-2): | I83: 15676746 | J83: 0.10508414 | K83: : Administrative Cost Percentage

Sheet DAYTONA
A1: The Florida College System
A2: Data Collection for the Administrative Cost Report
A3: COLLEGE NAME:
A4: Daytona State College
A6: Account | D6: Name | G6: FY 2015-16 | H6: Administration? | I6: Administrative Amount | J6: Excluded Amount | K6: Data Validation | L6: Comments / Additional Details
A7: 16000000 | D7: Institutional Support Control (Administrative)
B8: 16100000 | E8: Executive Management Control | G8: 1901277.3 | I8: 1482009.2 | J8: 419268.11
C9: 16110000 | F9: College-Wide Management | G9: 0 | K9: 0
C10: 16111000 | F10: District Board of Trustees | G10: 13372.2 | H10: Yes | I10: 13372.2 | K10: 13372.2
C11: 16112000 | F11: President | G11: 669480.54 | H11: Yes | I11: 669480.54 | K11: 669480.54
C12: 16113000 | F12: Assistant to the President | G12: 24679.83 | H12: Yes | I12: 24679.83 | K12: 24679.83
C13: 16114000 | F13: Executive Vice President/Vice President(s) | G13: 599150.46 | H13: Yes | I13: 599150.46 | K13: 599150.46
C14: 16115000 | F14: Chief Campus Administrators in Multi-Campus Colleges | K14: 0
C15: 16116000 | F15: Equal Access, Equal Opportunity, Equal Employment Officer | G15: 96187.64 | H15: Yes | I15: 96187.64 | K15: 96187.64
C16: 16117000 | F16: Internal Auditing | K16: 0
C17: 16120000 | F17: Educational Planning and Development | G17: 179106.28 | H17: No | J17: 179106.28 | K17: 179106.28
C18: 16121000 | F18: Institutional Research | G18: 239697.76 | H18: No | J18: 239697.76 | K18: 239697.76
C19: 16122000 | F19: Analytical Studies | K19: 0
C20: 16130000 | F20: Legal Services | G20: 79138.5 | H20: Yes | I20: 79138.5 | K20: 79138.5
C21: 16140000 | F21: College-Wide Planning and Management Committees, Council or Task Forces | K21: 0
C22: 16141000 | F22: Faculty Senates | K22: 0
C23: 16142000 | F23: Planning Committees | K23: 0
C24: 16143000 | F24: Administrative Councils | G24: 464.07 | H24: No | J24: 464.07 | K24: 464.07
B25: 16200000 | E25: Fiscal Operations Control | G25: 2177761.8 | I25: 1686676.3 | J25: 491085.47
C26: 16210000 | F26: Fiscal Control | G26: 0 | K26: 0
C27: 16211000 | F27: Business Officer (Financial Duties) | G27: 257887.74 | H27: Yes | I27: 257887.74 | K27: 257887.74
C28: 16212000 | F28: Comptroller | K28: 0
C29: 16213000 | F29: Budget Administration and Control | G29: 118924.94 | H29: Yes | I29: 118924.94 | K29: 118924.94
C30: 16220000 | F30: Financial Operations | G30: 0 | K30: 0
C31: 16221000 | F31: Payroll Operation | G31: 450807.99 | H31: Yes | I31: 450807.99 | K31: 450807.99
C32: 16222000 | F32: Bursar | G32: 408166.07 | H32: Partial | I32: 103039.45 | J32: 305126.62 | K32: 408166.07 | L32: Removed cashiers and all operating costs. Kept Bursar Salary and Benefits
C33: 16223000 | F33: Cashier | K33: 0
C34: 16224000 | F34: Disbursement | G34: 166124.76 | H34: Yes | I34: 166124.76 | K34: 166124.76
C35: 16225000 | F35: Accounting | G35: 775850.27 | H35: Partial | I35: 589891.42 | J35: 185958.85 | K35: 775850.27 | L35: Excluded Banking Fees
C36: 16230000 | F36: Investment Management | K36: 0
C37: 16231000 | F37: Cash Flow Management | K37: 0
C38: 16232000 | F38: Endowment Management | K38: 0
C39: 16240000 | F39: Grants and Contracts Financial Management | K39: 0
C40: 16241000 | F40: Grants Management | K40: 0
C41: 16242000 | F41: Grants Accounting | K41: 0
B42: 16300000 | E42: General Administrative and Logistical Services Control | G42: 7477641 | I42: 2879771.1 | J42: 4597869.9
C43: 16310000 | F43: Administrative Data/Telecommunication Services | G43: 1695370.6 | H43: No | J43: 1695370.6 | K43: 1695370.6
C44: 16310100 | F44: Computing | G44: 1556344.9 | H44: No | J44: 1556344.9 | K44: 1556344.9
C45: 16310200 | F45: Telecommunications | G45: 801549.97 | H45: Yes | I45: 801549.97 | K45: 801549.97
C46: 16310300 | F46: Networking | G46: 887896.69 | H46: No | J46: 887896.69 | K46: 887896.69
C47: 16320000 | F47: Human Resources | G47: 743742.19 | H47: Yes | I47: 743742.19 | K47: 743742.19
C48: 16330000 | F48: Logistical Services | G48: 0 | K48: 0
C49: 16330100 | F49: Purchasing | G49: 236947 | H49: Yes | I49: 236947 | K49: 236947
C50: 16330200 | F50: Receiving | G50: 198724.07 | H50: Yes | I50: 198724.07 | K50: 198724.07
C51: 16330300 | F51: Shipping | K51: 0
C52: 16330400 | F52: Warehousing | G52: 0 | K52: 0
C53: 16330500 | F53: Property Management | G53: 147137.55 | H53: Yes | I53: 147137.55 | K53: 147137.55
C54: 16330600 | F54: Mail and Distribution | G54: 351389.23 | H54: Yes | I54: 351389.23 | K54: 351389.23
C55: 16330700 | F55: Telephone Service/Operations | K55: 0
C56: 16330800 | F56: General Printing and Reproduction | G56: 400281.1 | H56: Yes | I56: 400281.1 | K56: 400281.1
C57: 16330900 | F57: Campus Transportation (including motor pool) | G57: 252377.02 | H57: No | J57: 252377.02 | K57: 252377.02
C58: 16331000 | F58: Parking and Parking Space Management | K58: 0
C59: 16340000 | F59: Other General Expenses | G59: 0 | K59: 0
C60: 16341000 | F60: Business Hospitality | K60: 0
C61: 16342000 | F61: Organizational Memberships | G61: 116764.22 | H61: No | J61: 116764.22 | K61: 116764.22
C62: 16343000 | F62: General Insurance (other than property) | G62: 34368.18 | H62: No | J62: 34368.18 | K62: 34368.18
C63: 16344000 | F63: Commencement (Graduation) | G63: 54748.29 | H63: No | J63: 54748.29 | K63: 54748.29
B64: 16400000 | E64: Unassigned
B65: 16500000 | E65: Unassigned
B66: 16600000 | E66: Administrative and Support Staff Services Control | G66: 0 | I66: 0 | J66: 0
C67: 16610000 | F67: In-Service Training | K67: 0
C68: 16620000 | F68: Sabbatical Leaves (Administrative and Support Staff only) | K68: 0
C69: 16630000 | F69: Training Institutes, etc. | K69: 0
B70: 16700000 | E70: Community Relations Control | G70: 1681938.6 | I70: 1065667.1 | J70: 616271.5
C71: 16710000 | F71: Alumni Relations | G71: 5023.12 | H71: Yes | I71: 5023.12 | K71: 5023.12
C72: 16720000 | F72: Community and/or Public Relation Activities | G72: 1060644 | H72: Yes | I72: 1060644 | K72: 1060644
C73: 16730000 | F73: Development (Fund Raising) | G73: 616271.5 | H73: No | J73: 616271.5 | K73: 616271.5
B74: 16800000 | E74: Unassigned
B75: 16900000 | E75: Unassigned
A76: TOTAL | G76: 13238619 | I76: 7114123.7 | J76: 6124494.9 | K76: 13238619
F77: Total 6.0 INSTITUTIONAL SUPPORT reported from CA-2: | G77: 13238619 | I77: 0.53737659 | J77: 0.46262341
F79: Note: The amounts in cells G76 and G77 must be equal.
H80: Yes
H83: Total Expense (Excluding Transfers) from Cost Analysis (CA-2): | I83: 78811030 | J83: 0.090268123 | K83: : Administrative Cost Percentage

Sheet SOUTHWESTERN
A1: The Florida College System
A2: Data Collection for the Administrative Cost Report
A3: COLLEGE NAME:
A4: Florida SouthWestern State College
A6: Account | D6: Name | G6: FY 2015-16 | H6: Administration? | I6: Administrative Amount | J6: Excluded Amount | K6: Data Validation | L6: Comments / Additional Details
A7: 16000000 | D7: Institutional Support Control (Administrative)
B8: 16100000 | E8: Executive Management Control | G8: 3875722 | I8: 2065232 | J8: 1810490
C9: 16110000 | F9: College-Wide Management | G9: 5477 | H9: Yes | I9: 5477 | K9: 5477
C10: 16111000 | F10: District Board of Trustees | K10: 0
C11: 16112000 | F11: President | G11: 1225424 | H11: Yes | I11: 1225424 | K11: 1225424
C12: 16113000 | F12: Assistant to the President | G12: 146758 | H12: No | J12: 146758 | K12: 146758 | L12: Director, Governmental Relations
C13: 16114000 | F13: Executive Vice President/Vice President(s) | G13: 392961 | H13: Yes | I13: 392961 | K13: 392961
C14: 16115000 | F14: Chief Campus Administrators in Multi-Campus Colleges | G14: 803184 | H14: No | J14: 803184 | K14: 803184 | L14: Regional Vice-Presidents
C15: 16116000 | F15: Equal Access, Equal Opportunity, Equal Employment Officer | K15: 0
C16: 16117000 | F16: Internal Auditing | G16: 3580 | H16: Yes | I16: 3580 | K16: 3580
C17: 16120000 | F17: Educational Planning and Development | K17: 0
C18: 16121000 | F18: Institutional Research | G18: 860548 | H18: No | J18: 860548 | K18: 860548 | L18: Institutional Research and Effectiveness Department
C19: 16122000 | F19: Analytical Studies | K19: 0
C20: 16130000 | F20: Legal Services | G20: 437790 | H20: Yes | I20: 437790 | K20: 437790
C21: 16140000 | F21: College-Wide Planning and Management Committees, Council or Task Forces | K21: 0
C22: 16141000 | F22: Faculty Senates | K22: 0
C23: 16142000 | F23: Planning Committees | K23: 0
C24: 16143000 | F24: Administrative Councils | K24: 0
B25: 16200000 | E25: Fiscal Operations Control | G25: 2733078 | I25: 1238821 | J25: 1494257
C26: 16210000 | F26: Fiscal Control | K26: 0
C27: 16211000 | F27: Business Officer (Financial Duties) | K27: 0
C28: 16212000 | F28: Comptroller | G28: 2667817 | H28: Partial | I28: 1234165 | J28: 1433652 | K28: 2667817 | L28: Excluded bad debt expenses, bank fees, collection services, bursar
C29: 16213000 | F29: Budget Administration and Control | K29: 0
C30: 16220000 | F30: Financial Operations | K30: 0
C31: 16221000 | F31: Payroll Operation | K31: 0
C32: 16222000 | F32: Bursar | K32: 0
C33: 16223000 | F33: Cashier | K33: 0
C34: 16224000 | F34: Disbursement | K34: 0
C35: 16225000 | F35: Accounting | K35: 0
C36: 16230000 | F36: Investment Management | G36: 4656 | H36: Yes | I36: 4656 | K36: 4656
C37: 16231000 | F37: Cash Flow Management | K37: 0
C38: 16232000 | F38: Endowment Management | K38: 0
C39: 16240000 | F39: Grants and Contracts Financial Management | K39: 0
C40: 16241000 | F40: Grants Management | G40: 60605 | H40: No | J40: 60605 | K40: 60605 | L40: Grants Development Manager
C41: 16242000 | F41: Grants Accounting | K41: 0
B42: 16300000 | E42: General Administrative and Logistical Services Control | G42: 4132851 | I42: 2651533 | J42: 1481318
C43: 16310000 | F43: Administrative Data/Telecommunication Services | G43: 1129321 | H43: Partial | I43: 282330 | J43: 846991 | K43: 1129321
C44: 16310100 | F44: Computing | K44: 0
C45: 16310200 | F45: Telecommunications | K45: 0
C46: 16310300 | F46: Networking | K46: 0
C47: 16320000 | F47: Human Resources | G47: 1147638 | H47: Yes | I47: 1147638 | K47: 1147638
C48: 16330000 | F48: Logistical Services | K48: 0
C49: 16330100 | F49: Purchasing | G49: 188819 | H49: Yes | I49: 188819 | K49: 188819
C50: 16330200 | F50: Receiving | K50: 0
C51: 16330300 | F51: Shipping | K51: 0
C52: 16330400 | F52: Warehousing | K52: 0
C53: 16330500 | F53: Property Management | G53: 240423 | H53: Yes | I53: 240423 | K53: 240423
C54: 16330600 | F54: Mail and Distribution | G54: 173528 | H54: Yes | I54: 173528 | K54: 173528
C55: 16330700 | F55: Telephone Service/Operations | G55: 371466 | H55: No | J55: 371466 | K55: 371466
C56: 16330800 | F56: General Printing and Reproduction | K56: 0
C57: 16330900 | F57: Campus Transportation (including motor pool) | K57: 0
C58: 16331000 | F58: Parking and Parking Space Management | K58: 0
C59: 16340000 | F59: Other General Expenses | K59: 0
C60: 16341000 | F60: Business Hospitality | K60: 0
C61: 16342000 | F61: Organizational Memberships | K61: 0
C62: 16343000 | F62: General Insurance (other than property) | G62: 830718 | H62: Partial | I62: 618795 | J62: 211923 | K62: 830718 | L62: Excluded Property Insurance
C63: 16344000 | F63: Commencement (Graduation) | G63: 50938 | H63: No | J63: 50938 | K63: 50938 | L63: Excluded Graduation
B64: 16400000 | E64: Unassigned
B65: 16500000 | E65: Unassigned
B66: 16600000 | E66: Administrative and Support Staff Services Control | G66: 0 | I66: 0 | J66: 0
C67: 16610000 | F67: In-Service Training | K67: 0
C68: 16620000 | F68: Sabbatical Leaves (Administrative and Support Staff only) | K68: 0
C69: 16630000 | F69: Training Institutes, etc. | K69: 0
B70: 16700000 | E70: Community Relations Control | G70: 1134352 | I70: 317127 | J70: 817225
C71: 16710000 | F71: Alumni Relations | G71: 83034 | H71: No | J71: 83034 | K71: 83034 | L71: Director, Alumni Relations
C72: 16720000 | F72: Community and/or Public Relation Activities | G72: 766433 | H72: Partial | I72: 317127 | J72: 449306 | K72: 766433 | L72: Excluded Acceditation expenses and Marketing Personnel
C73: 16730000 | F73: Development (Fund Raising) | G73: 284885 | H73: Yes | J73: 284885 | K73: 284885 | L73: Senior Director, Foundation Administration and Development
B74: 16800000 | E74: Unassigned
B75: 16900000 | E75: Unassigned
A76: TOTAL | G76: 11876003 | I76: 6272713 | J76: 5603290 | K76: 11876003
F77: Total 6.0 INSTITUTIONAL SUPPORT reported from CA-2: | G77: 11876003 | I77: 0.52818385 | J77: 0.47181615
F79: Note: The amounts in cells G76 and G77 must be equal.
H80: Yes
H83: Total Expense (Excluding Transfers) from Cost Analysis (CA-2): | I83: 65227537 | J83: 0.096166639 | K83: : Administrative Cost Percentage

Sheet FSC JAX
A1: The Florida College System
A2: Data Collection for the Administrative Cost Report
A3: COLLEGE NAME:
A4: Florida State College at Jacksonville
A6: Account | D6: Name | G6: FY 2015-16 | H6: Administration? | I6: Administrative Amount | J6: Excluded Amount | K6: Data Validation | L6: Comments / Additional Details
A7: 16000000 | D7: Institutional Support Control (Administrative)
B8: 16100000 | E8: Executive Management Control | G8: 6191078.9 | I8: 2138347.7 | J8: 4052731.2
C9: 16110000 | F9: College-Wide Management | K9: 0
C10: 16111000 | F10: District Board of Trustees | G10: 8693.56 | H10: Yes | I10: 8693.56 | K10: 8693.56
C11: 16112000 | F11: President | G11: 636465.43 | H11: Yes | I11: 636465.43 | K11: 636465.43
C12: 16113000 | F12: Assistant to the President | K12: 0
C13: 16114000 | F13: Executive Vice President/Vice President(s) | G13: 1024518.9 | H13: Yes | I13: 1024518.9 | K13: 1024518.9
C14: 16115000 | F14: Chief Campus Administrators in Multi-Campus Colleges | G14: 1858279.7 | H14: No | J14: 1858279.7 | K14: 1858279.7
C15: 16116000 | F15: Equal Access, Equal Opportunity, Equal Employment Officer | K15: 0
C16: 16117000 | F16: Internal Auditing | K16: 0
C17: 16120000 | F17: Educational Planning and Development | G17: 62278.33 | H17: No | J17: 62278.33 | K17: 62278.33
C18: 16121000 | F18: Institutional Research | G18: 2105820.2 | H18: No | J18: 2105820.2 | K18: 2105820.2
C19: 16122000 | F19: Analytical Studies | K19: 0
C20: 16130000 | F20: Legal Services | G20: 468669.81 | H20: Yes | I20: 468669.81 | K20: 468669.81
C21: 16140000 | F21: College-Wide Planning and Management Committees, Council or Task Forces | K21: 0
C22: 16141000 | F22: Faculty Senates | K22: 0
C23: 16142000 | F23: Planning Committees | K23: 0
C24: 16143000 | F24: Administrative Councils | G24: 26352.98 | H24: No | J24: 26352.98 | K24: 26352.98
B25: 16200000 | E25: Fiscal Operations Control | G25: 5081563 | I25: 2806633.2 | J25: 2274929.8
C26: 16210000 | F26: Fiscal Control | K26: 0
C27: 16211000 | F27: Business Officer (Financial Duties) | K27: 0
C28: 16212000 | F28: Comptroller | K28: 0
C29: 16213000 | F29: Budget Administration and Control | K29: 0
C30: 16220000 | F30: Financial Operations | G30: 3072697.5 | H30: Partial | I30: 1943912.1 | J30: 1128785.5 | K30: 3072697.5 | L30: Exclude Bad Debt Expense and Collection Costs
C31: 16221000 | F31: Payroll Operation | K31: 0
C32: 16222000 | F32: Bursar | K32: 0
C33: 16223000 | F33: Cashier | G33: 2008865.4 | H33: Partial | I33: 862721.11 | J33: 1146144.3 | K33: 2008865.4 | L33: Exclude A/R Staff
C34: 16224000 | F34: Disbursement | K34: 0
C35: 16225000 | F35: Accounting | K35: 0
C36: 16230000 | F36: Investment Management | K36: 0
C37: 16231000 | F37: Cash Flow Management | K37: 0
C38: 16232000 | F38: Endowment Management | K38: 0
C39: 16240000 | F39: Grants and Contracts Financial Management | K39: 0
C40: 16241000 | F40: Grants Management | K40: 0
C41: 16242000 | F41: Grants Accounting | K41: 0
B42: 16300000 | E42: General Administrative and Logistical Services Control | G42: 9339494 | I42: 2869171.1 | J42: 6470322.9
C43: 16310000 | F43: Administrative Data/Telecommunication Services | K43: 0
C44: 16310100 | F44: Computing | G44: 2974429.8 | H44: No | J44: 2974429.8 | K44: 2974429.8
C45: 16310200 | F45: Telecommunications | K45: 0
C46: 16310300 | F46: Networking | G46: 758321.56 | H46: No | J46: 758321.56 | K46: 758321.56
C47: 16320000 | F47: Human Resources | G47: 1611091.4 | H47: Yes | I47: 1611091.4 | K47: 1611091.4
C48: 16330000 | F48: Logistical Services | G48: 378970.44 | H48: Yes | I48: 378970.44 | K48: 378970.44
C49: 16330100 | F49: Purchasing | G49: 618533.04 | H49: Yes | I49: 618533.04 | K49: 618533.04
C50: 16330200 | F50: Receiving | K50: 0
C51: 16330300 | F51: Shipping | K51: 0
C52: 16330400 | F52: Warehousing | G52: 320345.81 | H52: No | J52: 320345.81 | K52: 320345.81
C53: 16330500 | F53: Property Management | K53: 0
C54: 16330600 | F54: Mail and Distribution | G54: 178943.72 | H54: No | J54: 178943.72 | K54: 178943.72
C55: 16330700 | F55: Telephone Service/Operations | G55: 975331.69 | H55: No | J55: 975331.69 | K55: 975331.69
C56: 16330800 | F56: General Printing and Reproduction | K56: 0
C57: 16330900 | F57: Campus Transportation (including motor pool) | K57: 0
C58: 16331000 | F58: Parking and Parking Space Management | K58: 0
C59: 16340000 | F59: Other General Expenses | J59: 0 | K59: 0
C60: 16341000 | F60: Business Hospitality | G60: 364889.49 | H60: No | J60: 364889.49 | K60: 364889.49
C61: 16342000 | F61: Organizational Memberships | G61: 260576.2 | H61: Yes | I61: 260576.2 | K61: 260576.2
C62: 16343000 | F62: General Insurance (other than property) | G62: 886650.76 | H62: No | J62: 886650.76 | K62: 886650.76
C63: 16344000 | F63: Commencement (Graduation) | G63: 11410.03 | H63: No | J63: 11410.03 | K63: 11410.03
B64: 16400000 | E64: Unassigned
B65: 16500000 | E65: Unassigned
B66: 16600000 | E66: Administrative and Support Staff Services Control | G66: 0 | I66: 0 | J66: 0
C67: 16610000 | F67: In-Service Training | K67: 0
C68: 16620000 | F68: Sabbatical Leaves (Administrative and Support Staff only) | K68: 0
C69: 16630000 | F69: Training Institutes, etc. | K69: 0
B70: 16700000 | E70: Community Relations Control | G70: 2915725.2 | I70: 0 | J70: 2915725.2
C71: 16710000 | F71: Alumni Relations | K71: 0
C72: 16720000 | F72: Community and/or Public Relation Activities | G72: 1831896.6 | H72: No | J72: 1831896.6 | K72: 1831896.6
C73: 16730000 | F73: Development (Fund Raising) | G73: 1083828.6 | H73: No | J73: 1083828.6 | K73: 1083828.6
B74: 16800000 | E74: Unassigned
B75: 16900000 | E75: Unassigned
A76: TOTAL | G76: 23527861 | I76: 7814152 | J76: 15713709 | K76: 23527861
F77: Total 6.0 INSTITUTIONAL SUPPORT reported from CA-2: | G77: 23527861 | I77: 0.33212335 | J77: 0.66787665
F79: Note: The amounts in cells G76 and G77 must be equal.
H80: Yes
H83: Total Expense (Excluding Transfers) from Cost Analysis (CA-2): | I83: 1.3409034e+08 | J83: 0.058275279 | K83: : Administrative Cost Percentage

Sheet FL KEYS
A1: The Florida College System
A2: Data Collection for the Administrative Cost Report
A3: COLLEGE NAME:
A4: Florida Keys Community College
A6: Account | D6: Name | G6: FY 2015-16 | H6: Administration? | I6: Administrative Amount | J6: Excluded Amount | K6: Data Validation | L6: Comments / Additional Details
A7: 16000000 | D7: Institutional Support Control (Administrative)
B8: 16100000 | E8: Executive Management Control | G8: 371774.6 | I8: 13908.06 | J8: 357866.54
C9: 16110000 | F9: College-Wide Management | K9: 0
C10: 16111000 | F10: District Board of Trustees | G10: 3574.39 | H10: Yes | I10: 3574.39 | K10: 3574.39
C11: 16112000 | F11: President | G11: 349189.53 | H11: Partial | I11: 10333.67 | J11: 338855.86 | K11: 349189.53
C12: 16113000 | F12: Assistant to the President | K12: 0
C13: 16114000 | F13: Executive Vice President/Vice President(s) | K13: 0
C14: 16115000 | F14: Chief Campus Administrators in Multi-Campus Colleges | K14: 0
C15: 16116000 | F15: Equal Access, Equal Opportunity, Equal Employment Officer | K15: 0
C16: 16117000 | F16: Internal Auditing | K16: 0
C17: 16120000 | F17: Educational Planning and Development | K17: 0
C18: 16121000 | F18: Institutional Research | G18: 19010.68 | H18: No | J18: 19010.68 | K18: 19010.68 | L18: Institutional Effectiveness
C19: 16122000 | F19: Analytical Studies | K19: 0
C20: 16130000 | F20: Legal Services | K20: 0
C21: 16140000 | F21: College-Wide Planning and Management Committees, Council or Task Forces | K21: 0
C22: 16141000 | F22: Faculty Senates | K22: 0
C23: 16142000 | F23: Planning Committees | K23: 0
C24: 16143000 | F24: Administrative Councils | K24: 0
B25: 16200000 | E25: Fiscal Operations Control | G25: 497642 | I25: 476757.69 | J25: 20884.31
C26: 16210000 | F26: Fiscal Control | K26: 0
C27: 16211000 | F27: Business Officer (Financial Duties) | G27: 217053.02 | H27: Yes | I27: 217053.02 | K27: 217053.02
C28: 16212000 | F28: Comptroller | K28: 0
C29: 16213000 | F29: Budget Administration and Control | K29: 0
C30: 16220000 | F30: Financial Operations | G30: 280588.98 | H30: Partial | I30: 259704.67 | J30: 20884.31 | K30: 280588.98 | L30: Excludes Cashiers
C31: 16221000 | F31: Payroll Operation | K31: 0
C32: 16222000 | F32: Bursar | K32: 0
C33: 16223000 | F33: Cashier | K33: 0
C34: 16224000 | F34: Disbursement | K34: 0
C35: 16225000 | F35: Accounting | K35: 0
C36: 16230000 | F36: Investment Management | K36: 0
C37: 16231000 | F37: Cash Flow Management | K37: 0
C38: 16232000 | F38: Endowment Management | K38: 0
C39: 16240000 | F39: Grants and Contracts Financial Management | K39: 0
C40: 16241000 | F40: Grants Management | K40: 0
C41: 16242000 | F41: Grants Accounting | K41: 0
B42: 16300000 | E42: General Administrative and Logistical Services Control | G42: 994222.25 | I42: 182167.72 | J42: 812054.53
C43: 16310000 | F43: Administrative Data/Telecommunication Services | G43: 455204.65 | H43: No | J43: 455204.65 | K43: 455204.65 | L43: IT Department, Contracts and Maintenance Services
C44: 16310100 | F44: Computing | G44: 91030.66 | H44: No | J44: 91030.66 | K44: 91030.66 | L44: ERP Contract and Associated costs
C45: 16310200 | F45: Telecommunications | K45: 0
C46: 16310300 | F46: Networking | K46: 0
C47: 16320000 | F47: Human Resources | G47: 111159.55 | H47: Yes | I47: 111159.55 | K47: 111159.55
C48: 16330000 | F48: Logistical Services | K48: 0
C49: 16330100 | F49: Purchasing | G49: 13473.85 | H49: Yes | I49: 13473.85 | K49: 13473.85
C50: 16330200 | F50: Receiving | K50: 0
C51: 16330300 | F51: Shipping | K51: 0
C52: 16330400 | F52: Warehousing | K52: 0
C53: 16330500 | F53: Property Management | K53: 0
C54: 16330600 | F54: Mail and Distribution | K54: 0
C55: 16330700 | F55: Telephone Service/Operations | G55: 30088.91 | H55: No | J55: 30088.91 | K55: 30088.91 | L55: Telecommunications Collegewide
C56: 16330800 | F56: General Printing and Reproduction | K56: 0
C57: 16330900 | F57: Campus Transportation (including motor pool) | K57: 0
C58: 16331000 | F58: Parking and Parking Space Management | K58: 0
C59: 16340000 | F59: Other General Expenses | G59: 293264.63 | H59: Partial | I59: 57534.32 | J59: 235730.31 | K59: 293264.63 | L59: Exclude Insurance, Unemployment, Legal fees, Postage, Bank service fees, and Inst Memberships
C60: 16341000 | F60: Business Hospitality | K60: 0
C61: 16342000 | F61: Organizational Memberships | K61: 0
C62: 16343000 | F62: General Insurance (other than property) | K62: 0
C63: 16344000 | F63: Commencement (Graduation) | K63: 0
B64: 16400000 | E64: Unassigned
B65: 16500000 | E65: Unassigned
B66: 16600000 | E66: Administrative and Support Staff Services Control | G66: 0 | I66: 0 | J66: 0
C67: 16610000 | F67: In-Service Training | K67: 0
C68: 16620000 | F68: Sabbatical Leaves (Administrative and Support Staff only) | K68: 0
C69: 16630000 | F69: Training Institutes, etc. | K69: 0
B70: 16700000 | E70: Community Relations Control | G70: 455009.57 | I70: 244990.9 | J70: 210018.67
C71: 16710000 | F71: Alumni Relations | G71: 210018.67 | H71: No | J71: 210018.67 | K71: 210018.67
C72: 16720000 | F72: Community and/or Public Relation Activities | G72: 244990.9 | H72: Yes | I72: 244990.9 | K72: 244990.9
C73: 16730000 | F73: Development (Fund Raising) | K73: 0
B74: 16800000 | E74: Unassigned
B75: 16900000 | E75: Unassigned
A76: TOTAL | G76: 2318648.4 | I76: 917824.37 | J76: 1400824 | K76: 2318648.4
F77: Total 6.0 INSTITUTIONAL SUPPORT reported from CA-2: | G77: 2318648.4 | I77: 0.39584456 | J77: 0.60415544
F79: Note: The amounts in cells G76 and G77 must be equal.
H80: Yes
H83: Total Expense (Excluding Transfers) from Cost Analysis (CA-2): | I83: 9820771.1 | J83: 0.093457465 | K83: : Administrative Cost Percentage

Sheet GULF COAST
A1: The Florida College System
A2: Data Collection for the Administrative Cost Report
A3: COLLEGE NAME:
A4: Gulf Coast State College
A6: Account | D6: Name | G6: FY 2015-16 | H6: Administration? | I6: Administrative Amount | J6: Excluded Amount | K6: Data Validation | L6: Comments / Additional Details
A7: 16000000 | D7: Institutional Support Control (Administrative)
B8: 16100000 | E8: Executive Management Control | G8: 1429959.1 | I8: 1222766.3 | J8: 207192.84
C9: 16110000 | F9: College-Wide Management | G9: 531709.28 | H9: Partial | I9: 395207.35 | J9: 136501.93 | K9: 531709.28
C10: 16111000 | F10: District Board of Trustees | G10: 8032.9 | H10: Yes | I10: 8032.9 | K10: 8032.9
C11: 16112000 | F11: President | G11: 508373.02 | H11: Yes | I11: 508373.02 | K11: 508373.02
C12: 16113000 | F12: Assistant to the President | K12: 0
C13: 16114000 | F13: Executive Vice President/Vice President(s) | G13: 273125.66 | H13: Yes | I13: 273125.66 | K13: 273125.66
C14: 16115000 | F14: Chief Campus Administrators in Multi-Campus Colleges | K14: 0
C15: 16116000 | F15: Equal Access, Equal Opportunity, Equal Employment Officer | K15: 0
C16: 16117000 | F16: Internal Auditing | K16: 0
C17: 16120000 | F17: Educational Planning and Development | G17: 27536.29 | H17: No | J17: 27536.29 | K17: 27536.29
C18: 16121000 | F18: Institutional Research | G18: 43154.62 | H18: No | J18: 43154.62 | K18: 43154.62
C19: 16122000 | F19: Analytical Studies | K19: 0
C20: 16130000 | F20: Legal Services | G20: 38027.35 | H20: Yes | I20: 38027.35 | K20: 38027.35
C21: 16140000 | F21: College-Wide Planning and Management Committees, Council or Task Forces | K21: 0
C22: 16141000 | F22: Faculty Senates | K22: 0
C23: 16142000 | F23: Planning Committees | K23: 0
C24: 16143000 | F24: Administrative Councils | K24: 0
B25: 16200000 | E25: Fiscal Operations Control | G25: 644650.25 | I25: 598755.69 | J25: 45894.56
C26: 16210000 | F26: Fiscal Control | K26: 0
C27: 16211000 | F27: Business Officer (Financial Duties) | K27: 0
C28: 16212000 | F28: Comptroller | G28: 106188.78 | H28: Yes | I28: 106188.78 | K28: 106188.78
C29: 16213000 | F29: Budget Administration and Control | G29: 122417.31 | H29: Yes | I29: 122417.31 | K29: 122417.31
C30: 16220000 | F30: Financial Operations | G30: 73676.54 | H30: Yes | I30: 73676.54 | K30: 73676.54
C31: 16221000 | F31: Payroll Operation | G31: 47271.48 | H31: Yes | I31: 47271.48 | K31: 47271.48
C32: 16222000 | F32: Bursar | G32: 134309.83 | H32: Yes | I32: 134309.83 | K32: 134309.83
C33: 16223000 | F33: Cashier | G33: 114891.75 | H33: Yes | I33: 114891.75 | K33: 114891.75
C34: 16224000 | F34: Disbursement | K34: 0
C35: 16225000 | F35: Accounting | K35: 0
C36: 16230000 | F36: Investment Management | K36: 0
C37: 16231000 | F37: Cash Flow Management | K37: 0
C38: 16232000 | F38: Endowment Management | K38: 0
C39: 16240000 | F39: Grants and Contracts Financial Management | G39: 0 | K39: 0
C40: 16241000 | F40: Grants Management | K40: 0
C41: 16242000 | F41: Grants Accounting | G41: 45894.56 | H41: No | J41: 45894.56 | K41: 45894.56
B42: 16300000 | E42: General Administrative and Logistical Services Control | G42: 2926364.9 | I42: 694456.9 | J42: 2231908
C43: 16310000 | F43: Administrative Data/Telecommunication Services | G43: 1722876.9 | H43: No | J43: 1722876.9 | K43: 1722876.9
C44: 16310100 | F44: Computing | G44: 239752.33 | H44: No | J44: 239752.33 | K44: 239752.33
C45: 16310200 | F45: Telecommunications | K45: 0
C46: 16310300 | F46: Networking | K46: 0
C47: 16320000 | F47: Human Resources | G47: 447587.9 | H47: Yes | I47: 447587.9 | K47: 447587.9
C48: 16330000 | F48: Logistical Services | K48: 0
C49: 16330100 | F49: Purchasing | G49: 132866.86 | H49: Yes | I49: 132866.86 | K49: 132866.86
C50: 16330200 | F50: Receiving | G50: 37360.72 | H50: Yes | I50: 37360.72 | K50: 37360.72
C51: 16330300 | F51: Shipping | K51: 0
C52: 16330400 | F52: Warehousing | K52: 0
C53: 16330500 | F53: Property Management | K53: 0
C54: 16330600 | F54: Mail and Distribution | G54: 75399.13 | H54: No | J54: 75399.13 | K54: 75399.13
C55: 16330700 | F55: Telephone Service/Operations | G55: 162816.41 | H55: No | J55: 162816.41 | K55: 162816.41
C56: 16330800 | F56: General Printing and Reproduction | K56: 0
C57: 16330900 | F57: Campus Transportation (including motor pool) | K57: 0
C58: 16331000 | F58: Parking and Parking Space Management | K58: 0
C59: 16340000 | F59: Other General Expenses | K59: 0
C60: 16341000 | F60: Business Hospitality | K60: 0
C61: 16342000 | F61: Organizational Memberships | G61: 76641.42 | H61: Yes | I61: 76641.42 | K61: 76641.42
C62: 16343000 | F62: General Insurance (other than property) | G62: 12616.3 | H62: No | J62: 12616.3 | K62: 12616.3
C63: 16344000 | F63: Commencement (Graduation) | G63: 18446.93 | H63: No | J63: 18446.93 | K63: 18446.93
B64: 16400000 | E64: Unassigned
B65: 16500000 | E65: Unassigned
B66: 16600000 | E66: Administrative and Support Staff Services Control | G66: 0 | I66: 0 | J66: 0
C67: 16610000 | F67: In-Service Training | K67: 0
C68: 16620000 | F68: Sabbatical Leaves (Administrative and Support Staff only) | K68: 0
C69: 16630000 | F69: Training Institutes, etc. | K69: 0
B70: 16700000 | E70: Community Relations Control | G70: 28309.76 | I70: 0 | J70: 28309.76
C71: 16710000 | F71: Alumni Relations | K71: 0
C72: 16720000 | F72: Community and/or Public Relation Activities | G72: 28309.76 | H72: No | J72: 28309.76 | K72: 28309.76
C73: 16730000 | F73: Development (Fund Raising) | K73: 0
B74: 16800000 | E74: Unassigned
B75: 16900000 | E75: Unassigned
A76: TOTAL | G76: 5029284 | I76: 2515978.9 | J76: 2513305.1 | K76: 5029284
F77: Total 6.0 INSTITUTIONAL SUPPORT reported from CA-2: | G77: 5029284 | I77: 0.50026582 | J77: 0.49973418
F79: Note: The amounts in cells G76 and G77 must be equal.
H83: Total Expense (Excluding Transfers) from Cost Analysis (CA-2): | I83: 31136462 | J83: 0.080804906 | K83: : Administrative Cost Percentage

Sheet HILLSBOROUGH
A1: The Florida College System
A2: Data Collection for the Administrative Cost Report
A3: COLLEGE NAME:
A4: Hillsborough Community College
A6: Account | D6: Name | G6: FY 2015-16 | H6: Administration? | I6: Administrative Amount | J6: Excluded Amount | K6: Data Validation | L6: Comments / Additional Details
A7: 16000000 | D7: Institutional Support Control (Administrative)
B8: 16100000 | E8: Executive Management Control | G8: 4972848.5 | I8: 2211440.5 | J8: 2761408.1
C9: 16110000 | F9: College-Wide Management | K9: 0
C10: 16111000 | F10: District Board of Trustees | G10: 41251.79 | H10: Yes | I10: 41251.79 | K10: 41251.79
C11: 16112000 | F11: President | G11: 887580.11 | H11: Yes | I11: 887580.11 | K11: 887580.11
C12: 16113000 | F12: Assistant to the President | K12: 0
C13: 16114000 | F13: Executive Vice President/Vice President(s) | G13: 295798.58 | H13: Yes | I13: 295798.58 | K13: 295798.58
C14: 16115000 | F14: Chief Campus Administrators in Multi-Campus Colleges | G14: 2352278.2 | H14: No | J14: 2352278.2 | K14: 2352278.2
C15: 16116000 | F15: Equal Access, Equal Opportunity, Equal Employment Officer | G15: 409743.32 | H15: Yes | I15: 409743.32 | K15: 409743.32
C16: 16117000 | F16: Internal Auditing | K16: 0
C17: 16120000 | F17: Educational Planning and Development | K17: 0
C18: 16121000 | F18: Institutional Research | G18: 409129.9 | H18: No | J18: 409129.9 | K18: 409129.9
C19: 16122000 | F19: Analytical Studies | G19: 264460.75 | H19: Yes | I19: 264460.75 | K19: 264460.75
C20: 16130000 | F20: Legal Services | G20: 312605.92 | H20: Yes | I20: 312605.92 | K20: 312605.92
C21: 16140000 | F21: College-Wide Planning and Management Committees, Council or Task Forces | K21: 0
C22: 16141000 | F22: Faculty Senates | K22: 0
C23: 16142000 | F23: Planning Committees | K23: 0
C24: 16143000 | F24: Administrative Councils | K24: 0
B25: 16200000 | E25: Fiscal Operations Control | G25: 2641537.2 | I25: 2211153.8 | J25: 430383.43
C26: 16210000 | F26: Fiscal Control | K26: 0
C27: 16211000 | F27: Business Officer (Financial Duties) | K27: 0
C28: 16212000 | F28: Comptroller | G28: 1173318.8 | H28: Yes | I28: 1173318.8 | K28: 1173318.8
C29: 16213000 | F29: Budget Administration and Control | K29: 0
C30: 16220000 | F30: Financial Operations | G30: 1397831.5 | H30: Partial | I30: 1037834.9 | J30: 359996.59 | K30: 1397831.5 | L30: Excluded bank service fees and merchant fees
C31: 16221000 | F31: Payroll Operation | K31: 0
C32: 16222000 | F32: Bursar | K32: 0
C33: 16223000 | F33: Cashier | K33: 0
C34: 16224000 | F34: Disbursement | K34: 0
C35: 16225000 | F35: Accounting | K35: 0
C36: 16230000 | F36: Investment Management | K36: 0
C37: 16231000 | F37: Cash Flow Management | K37: 0
C38: 16232000 | F38: Endowment Management | K38: 0
C39: 16240000 | F39: Grants and Contracts Financial Management | K39: 0
C40: 16241000 | F40: Grants Management | G40: 70386.84 | H40: No | J40: 70386.84 | K40: 70386.84
C41: 16242000 | F41: Grants Accounting | K41: 0
B42: 16300000 | E42: General Administrative and Logistical Services Control | G42: 12611675 | I42: 2953390.7 | J42: 9658284.3
C43: 16310000 | F43: Administrative Data/Telecommunication Services | G43: 2029815.4 | H43: No | J43: 2029815.4 | K43: 2029815.4
C44: 16310100 | F44: Computing | G44: 2184690.2 | H44: Partial | I44: 1050958.1 | J44: 1133732.1 | K44: 2184690.2 | L44: Director of OIT
C45: 16310200 | F45: Telecommunications | K45: 0
C46: 16310300 | F46: Networking | G46: 1947634.6 | H46: No | J46: 1947634.6 | K46: 1947634.6
C47: 16320000 | F47: Human Resources | G47: 1262052.1 | H47: Yes | I47: 1262052.1 | K47: 1262052.1
C48: 16330000 | F48: Logistical Services | K48: 0
C49: 16330100 | F49: Purchasing | G49: 568421.29 | H49: Yes | I49: 568421.29 | K49: 568421.29
C50: 16330200 | F50: Receiving | G50: 168163.66 | H50: No | J50: 168163.66 | K50: 168163.66
C51: 16330300 | F51: Shipping | K51: 0
C52: 16330400 | F52: Warehousing | K52: 0
C53: 16330500 | F53: Property Management | G53: 57887.79 | H53: No | J53: 57887.79 | K53: 57887.79
C54: 16330600 | F54: Mail and Distribution | G54: 101227.94 | H54: No | J54: 101227.94 | K54: 101227.94
C55: 16330700 | F55: Telephone Service/Operations | G55: 857813.66 | H55: No | J55: 857813.66 | K55: 857813.66
C56: 16330800 | F56: General Printing and Reproduction | G56: 640047.69 | H56: No | J56: 640047.69 | K56: 640047.69
C57: 16330900 | F57: Campus Transportation (including motor pool) | K57: 0
C58: 16331000 | F58: Parking and Parking Space Management | G58: 90159.66 | H58: No | J58: 90159.66 | K58: 90159.66
C59: 16340000 | F59: Other General Expenses | G59: 2631801.8 | H59: No | J59: 2631801.8 | K59: 2631801.8
C60: 16341000 | F60: Business Hospitality | G60: 71959.22 | H60: Yes | I60: 71959.22 | K60: 71959.22
C61: 16342000 | F61: Organizational Memberships | K61: 0
C62: 16343000 | F62: General Insurance (other than property) | K62: 0
C63: 16344000 | F63: Commencement (Graduation) | K63: 0
B64: 16400000 | E64: Unassigned
B65: 16500000 | E65: Unassigned
B66: 16600000 | E66: Administrative and Support Staff Services Control | G66: 261420.88 | I66: 261420.88 | J66: 0
C67: 16610000 | F67: In-Service Training | G67: 261420.88 | H67: Yes | I67: 261420.88 | K67: 261420.88
C68: 16620000 | F68: Sabbatical Leaves (Administrative and Support Staff only) | K68: 0
C69: 16630000 | F69: Training Institutes, etc. | K69: 0
B70: 16700000 | E70: Community Relations Control | G70: 2030576.7 | I70: 2030576.7 | J70: 0
C71: 16710000 | F71: Alumni Relations | K71: 0
C72: 16720000 | F72: Community and/or Public Relation Activities | G72: 1449244.2 | H72: Yes | I72: 1449244.2 | K72: 1449244.2
C73: 16730000 | F73: Development (Fund Raising) | G73: 581332.47 | H73: Yes | I73: 581332.47 | K73: 581332.47
B74: 16800000 | E74: Unassigned
B75: 16900000 | E75: Unassigned
A76: TOTAL | G76: 22518058 | I76: 9667982.5 | J76: 12850076 | K76: 22518058
F77: Total 6.0 INSTITUTIONAL SUPPORT reported from CA-2: | G77: 22518058 | I77: 0.42934352 | J77: 0.57065648
F79: Note: The amounts in cells G76 and G77 must be equal.
H80: Yes
H83: Total Expense (Excluding Transfers) from Cost Analysis (CA-2): | I83: 1.1281198e+08 | J83: 0.085699962 | K83: : Administrative Cost Percentage

Sheet INDIAN RIVER
A1: The Florida College System
A2: Data Collection for the Administrative Cost Report
A3: COLLEGE NAME:
A4: Indian River State College
A6: Account | D6: Name | G6: FY 2015-16 | H6: Administration? | I6: Administrative Amount | J6: Excluded Amount | K6: Data Validation | L6: Comments / Additional Details
A7: 16000000 | D7: Institutional Support Control (Administrative)
B8: 16100000 | E8: Executive Management Control | G8: 1246625 | I8: 1246625 | J8: 0
C9: 16110000 | F9: College-Wide Management | K9: 0
C10: 16111000 | F10: District Board of Trustees | G10: 28485.42 | H10: Yes | I10: 28485.42 | K10: 28485.42
C11: 16112000 | F11: President | G11: 565913.3 | H11: Yes | I11: 565913.3 | K11: 565913.3
C12: 16113000 | F12: Assistant to the President | G12: 144522.16 | H12: Yes | I12: 144522.16 | K12: 144522.16
C13: 16114000 | F13: Executive Vice President/Vice President(s) | G13: 461178.62 | H13: Yes | I13: 461178.62 | K13: 461178.62
C14: 16115000 | F14: Chief Campus Administrators in Multi-Campus Colleges | K14: 0
C15: 16116000 | F15: Equal Access, Equal Opportunity, Equal Employment Officer | K15: 0
C16: 16117000 | F16: Internal Auditing | K16: 0
C17: 16120000 | F17: Educational Planning and Development | K17: 0
C18: 16121000 | F18: Institutional Research | K18: 0
C19: 16122000 | F19: Analytical Studies | K19: 0
C20: 16130000 | F20: Legal Services | G20: 46525.5 | H20: Yes | I20: 46525.5 | K20: 46525.5
C21: 16140000 | F21: College-Wide Planning and Management Committees, Council or Task Forces | K21: 0
C22: 16141000 | F22: Faculty Senates | K22: 0
C23: 16142000 | F23: Planning Committees | K23: 0
C24: 16143000 | F24: Administrative Councils | K24: 0
B25: 16200000 | E25: Fiscal Operations Control | G25: 2102373 | I25: 1187524.2 | J25: 914848.81
C26: 16210000 | F26: Fiscal Control | K26: 0 | L26: 0
C27: 16211000 | F27: Business Officer (Financial Duties) | K27: 0
C28: 16212000 | F28: Comptroller | G28: 159739.03 | H28: Yes | I28: 159739.03 | K28: 159739.03
C29: 16213000 | F29: Budget Administration and Control | G29: 195321.42 | H29: Yes | I29: 195321.42 | K29: 195321.42
C30: 16220000 | F30: Financial Operations | G30: 334121.04 | H30: Partial | I30: 131062.8 | J30: 203058.24 | K30: 334121.04 | L30: Merchant fees and bad debt expenses excluded
C31: 16221000 | F31: Payroll Operation | G31: 192891.47 | H31: Yes | I31: 192891.47 | K31: 192891.47
C32: 16222000 | F32: Bursar | G32: 370257.61 | H32: No | J32: 370257.61 | K32: 370257.61
C33: 16223000 | F33: Cashier | G33: 132925.49 | H33: No | J33: 132925.49 | K33: 132925.49
C34: 16224000 | F34: Disbursement | G34: 128211.23 | H34: Yes | I34: 128211.23 | J34: 0 | K34: 128211.23
C35: 16225000 | F35: Accounting | G35: 380298.24 | H35: Yes | I35: 380298.24 | K35: 380298.24
C36: 16230000 | F36: Investment Management | K36: 0
C37: 16231000 | F37: Cash Flow Management | K37: 0
C38: 16232000 | F38: Endowment Management | K38: 0
C39: 16240000 | F39: Grants and Contracts Financial Management | K39: 0
C40: 16241000 | F40: Grants Management | G40: 81456.46 | H40: No | J40: 81456.46 | K40: 81456.46
C41: 16242000 | F41: Grants Accounting | G41: 127151.01 | H41: No | J41: 127151.01 | K41: 127151.01
B42: 16300000 | E42: General Administrative and Logistical Services Control | G42: 3748631 | I42: 1186242.6 | J42: 2562388.5
C43: 16310000 | F43: Administrative Data/Telecommunication Services | G43: 77045.44 | H43: No | J43: 77045.44 | K43: 77045.44
C44: 16310100 | F44: Computing | G44: 1377639 | H44: No | J44: 1377639 | K44: 1377639
C45: 16310200 | F45: Telecommunications | K45: 0
C46: 16310300 | F46: Networking | K46: 0
C47: 16320000 | F47: Human Resources | G47: 911470.71 | H47: Partial | I47: 881875.56 | J47: 29595.15 | K47: 911470.71 | L47: Unemployment Compensation excluded
C48: 16330000 | F48: Logistical Services | K48: 0
C49: 16330100 | F49: Purchasing | G49: 169401.67 | H49: Yes | I49: 169401.67 | K49: 169401.67
C50: 16330200 | F50: Receiving | K50: 0
C51: 16330300 | F51: Shipping | K51: 0
C52: 16330400 | F52: Warehousing | K52: 0
C53: 16330500 | F53: Property Management | K53: 0
C54: 16330600 | F54: Mail and Distribution | G54: 250526.3 | H54: No | J54: 250526.3 | K54: 250526.3
C55: 16330700 | F55: Telephone Service/Operations | G55: 644880.8 | H55: No | J55: 644880.8 | K55: 644880.8
C56: 16330800 | F56: General Printing and Reproduction | K56: 0
C57: 16330900 | F57: Campus Transportation (including motor pool) | G57: 182701.78 | H57: No | J57: 182701.78 | K57: 182701.78
C58: 16331000 | F58: Parking and Parking Space Management | K58: 0
C59: 16340000 | F59: Other General Expenses | K59: 0
C60: 16341000 | F60: Business Hospitality | K60: 0
C61: 16342000 | F61: Organizational Memberships | G61: 134965.32 | H61: Yes | I61: 134965.32 | K61: 134965.32
C62: 16343000 | F62: General Insurance (other than property) | K62: 0
C63: 16344000 | F63: Commencement (Graduation) | K63: 0
B64: 16400000 | E64: Unassigned
B65: 16500000 | E65: Unassigned
B66: 16600000 | E66: Administrative and Support Staff Services Control | G66: 0 | I66: 0 | J66: 0
C67: 16610000 | F67: In-Service Training | K67: 0
C68: 16620000 | F68: Sabbatical Leaves (Administrative and Support Staff only) | K68: 0
C69: 16630000 | F69: Training Institutes, etc. | K69: 0
B70: 16700000 | E70: Community Relations Control | G70: 372075 | I70: 0 | J70: 372075
C71: 16710000 | F71: Alumni Relations | K71: 0
C72: 16720000 | F72: Community and/or Public Relation Activities | K72: 0
C73: 16730000 | F73: Development (Fund Raising) | G73: 372075 | H73: No | J73: 372075 | K73: 372075
B74: 16800000 | E74: Unassigned
B75: 16900000 | E75: Unassigned
A76: TOTAL | G76: 7469704 | I76: 3620391.7 | J76: 3849312.3 | K76: 7469704
F77: Total 6.0 INSTITUTIONAL SUPPORT reported from CA-2: | G77: 7469704 | I77: 0.48467673 | J77: 0.51532327
F79: Note: The amounts in cells G76 and G77 must be equal.
H80: Yes
H83: Total Expense (Excluding Transfers) from Cost Analysis (CA-2): | I83: 81460403 | J83: 0.044443578 | K83: : Administrative Cost Percentage

Sheet GATEWAY
A1: The Florida College System
A2: Data Collection for the Administrative Cost Report
A3: COLLEGE NAME:
A4: Florida Gateway College
A6: Account | D6: Name | G6: FY 2015-16 | H6: Administration? | I6: Administrative Amount | J6: Excluded Amount | K6: Data Validation | L6: Comments / Additional Details
A7: 16000000 | D7: Institutional Support Control (Administrative)
B8: 16100000 | E8: Executive Management Control | G8: 1528779.2 | I8: 945313.52 | J8: 583465.71
C9: 16110000 | F9: College-Wide Management | K9: 0
C10: 16111000 | F10: District Board of Trustees | G10: 5966.15 | H10: Yes | I10: 5966.15 | K10: 5966.15
C11: 16112000 | F11: President | G11: 418103.29 | H11: Yes | I11: 418103.29 | K11: 418103.29
C12: 16113000 | F12: Assistant to the President | K12: 0
C13: 16114000 | F13: Executive Vice President/Vice President(s) | G13: 868740.12 | H13: Partial | I13: 521244.08 | J13: 347496.04 | K13: 868740.12
C14: 16115000 | F14: Chief Campus Administrators in Multi-Campus Colleges | K14: 0
C15: 16116000 | F15: Equal Access, Equal Opportunity, Equal Employment Officer | K15: 0
C16: 16117000 | F16: Internal Auditing | K16: 0
C17: 16120000 | F17: Educational Planning and Development | K17: 0
C18: 16121000 | F18: Institutional Research | G18: 206070.69 | H18: No | J18: 206070.69 | K18: 206070.69
C19: 16122000 | F19: Analytical Studies | K19: 0
C20: 16130000 | F20: Legal Services | G20: 28639.05 | H20: No | J20: 28639.05 | K20: 28639.05
C21: 16140000 | F21: College-Wide Planning and Management Committees, Council or Task Forces | G21: 1259.93 | H21: No | J21: 1259.93 | K21: 1259.93
C22: 16141000 | F22: Faculty Senates | K22: 0
C23: 16142000 | F23: Planning Committees | K23: 0
C24: 16143000 | F24: Administrative Councils | K24: 0
B25: 16200000 | E25: Fiscal Operations Control | G25: 606824.26 | I25: 257030.25 | J25: 349794.01
C26: 16210000 | F26: Fiscal Control | G26: 56828.45 | I26: 14734.42 | J26: 42094.03 | K26: 56828.45 | L26: Excluded bank and credit card fees
C27: 16211000 | F27: Business Officer (Financial Duties) | K27: 0
C28: 16212000 | F28: Comptroller | G28: 77663.26 | H28: Partial | I28: 58247.44 | J28: 19415.82 | K28: 77663.26 | L28: Excluded 25% for drawing of federal funds and reconciliation with financial aid
C29: 16213000 | F29: Budget Administration and Control | K29: 0
C30: 16220000 | F30: Financial Operations | G30: 78178.89 | H30: Partial | I30: 66452.05 | J30: 11726.84 | K30: 78178.89 | L30: Student check processing
C31: 16221000 | F31: Payroll Operation | G31: 106564.08 | H31: Partial | I31: 69266.65 | J31: 37297.43 | K31: 106564.08 | L31: Relief Cashier
C32: 16222000 | F32: Bursar | G32: 103000.3 | H32: No | J32: 103000.3 | K32: 103000.3 | L32: Bursar and Accounts Recievable clerk
C33: 16223000 | F33: Cashier | G33: 33811.86 | H33: No | J33: 33811.86 | K33: 33811.86
C34: 16224000 | F34: Disbursement | K34: 0
C35: 16225000 | F35: Accounting | G35: 74353.37 | H35: Partial | I35: 48329.69 | J35: 26023.68 | K35: 74353.37 | L35: Relief Cashier and paypal account reconciliation
C36: 16230000 | F36: Investment Management | K36: 0
C37: 16231000 | F37: Cash Flow Management | K37: 0
C38: 16232000 | F38: Endowment Management | K38: 0
C39: 16240000 | F39: Grants and Contracts Financial Management | K39: 0
C40: 16241000 | F40: Grants Management | G40: 76424.05 | H40: No | J40: 76424.05 | K40: 76424.05
C41: 16242000 | F41: Grants Accounting | H41: No | K41: 0
B42: 16300000 | E42: General Administrative and Logistical Services Control | G42: 1913004.2 | I42: 690307.12 | J42: 1222697.1
C43: 16310000 | F43: Administrative Data/Telecommunication Services | K43: 0
C44: 16310100 | F44: Computing | G44: 927860.01 | H44: Partial | I44: 139179 | J44: 788681.01 | K44: 927860.01
C45: 16310200 | F45: Telecommunications | G45: 160505.18 | H45: No | J45: 160505.18 | K45: 160505.18
C46: 16310300 | F46: Networking | K46: 0
C47: 16320000 | F47: Human Resources | G47: 389042.2 | H47: Yes | I47: 389042.2 | K47: 389042.2
C48: 16330000 | F48: Logistical Services | K48: 0
C49: 16330100 | F49: Purchasing | G49: 162085.92 | H49: Yes | I49: 162085.92 | K49: 162085.92
C50: 16330200 | F50: Receiving | K50: 0
C51: 16330300 | F51: Shipping | K51: 0
C52: 16330400 | F52: Warehousing | K52: 0
C53: 16330500 | F53: Property Management | K53: 0
C54: 16330600 | F54: Mail and Distribution | G54: 85321.68 | H54: No | J54: 85321.68 | K54: 85321.68
C55: 16330700 | F55: Telephone Service/Operations | K55: 0
C56: 16330800 | F56: General Printing and Reproduction | K56: 0
C57: 16330900 | F57: Campus Transportation (including motor pool) | K57: 0
C58: 16331000 | F58: Parking and Parking Space Management | K58: 0
C59: 16340000 | F59: Other General Expenses | K59: 0
C60: 16341000 | F60: Business Hospitality | K60: 0
C61: 16342000 | F61: Organizational Memberships | K61: 0
C62: 16343000 | F62: General Insurance (other than property) | G62: 188189.22 | H62: No | J62: 188189.22 | K62: 188189.22
C63: 16344000 | F63: Commencement (Graduation) | K63: 0
B64: 16400000 | E64: Unassigned
B65: 16500000 | E65: Unassigned
B66: 16600000 | E66: Administrative and Support Staff Services Control | G66: 0 | I66: 0 | J66: 0
C67: 16610000 | F67: In-Service Training | K67: 0
C68: 16620000 | F68: Sabbatical Leaves (Administrative and Support Staff only) | K68: 0
C69: 16630000 | F69: Training Institutes, etc. | K69: 0
B70: 16700000 | E70: Community Relations Control | G70: 556571.47 | I70: 0 | J70: 556571.47
C71: 16710000 | F71: Alumni Relations | K71: 0
C72: 16720000 | F72: Community and/or Public Relation Activities | G72: 382485.3 | H72: No | J72: 382485.3 | K72: 382485.3
C73: 16730000 | F73: Development (Fund Raising) | G73: 174086.17 | H73: No | J73: 174086.17 | K73: 174086.17
B74: 16800000 | E74: Unassigned
B75: 16900000 | E75: Unassigned
A76: TOTAL | G76: 4605179.2 | I76: 1892650.9 | J76: 2712528.3 | K76: 4605179.2
F77: Total 6.0 INSTITUTIONAL SUPPORT reported from CA-2: | G77: 4605179.2 | I77: 0.41098312 | J77: 0.58901688
F79: Note: The amounts in cells G76 and G77 must be equal.
H80: Yes
H83: Total Expense (Excluding Transfers) from Cost Analysis (CA-2): | I83: 18891243 | J83: 0.10018668 | K83: : Administrative Cost Percentage

Sheet LAKE SUMTER
A1: The Florida College System
A2: Data Collection for the Administrative Cost Report
A3: COLLEGE NAME:
A4: Lake-Sumter State College
A6: Account | D6: Name | G6: FY 2015-16 | H6: Administration? | I6: Administrative Amount | J6: Excluded Amount | K6: Data Validation | L6: Comments / Additional Details
A7: 16000000 | D7: Institutional Support Control (Administrative)
B8: 16100000 | E8: Executive Management Control | G8: 1884105.8 | I8: 993981.61 | J8: 890124.21
C9: 16110000 | F9: College-Wide Management | K9: 0
C10: 16111000 | F10: District Board of Trustees | G10: 6725.81 | H10: Yes | I10: 6725.81 | K10: 6725.81
C11: 16112000 | F11: President | G11: 568034.88 | H11: Yes | I11: 568034.88 | K11: 568034.88
C12: 16113000 | F12: Assistant to the President | K12: 0
C13: 16114000 | F13: Executive Vice President/Vice President(s) | G13: 573626.68 | H13: Partial | I13: 346439.39 | J13: 227187.29 | K13: 573626.68 | L13: Admin is VP of Business Affairs- Non-Admin VP of Educational Affairs
C14: 16115000 | F14: Chief Campus Administrators in Multi-Campus Colleges | G14: 286241.27 | H14: No | J14: 286241.27 | K14: 286241.27
C15: 16116000 | F15: Equal Access, Equal Opportunity, Equal Employment Officer | K15: 0
C16: 16117000 | F16: Internal Auditing | K16: 0
C17: 16120000 | F17: Educational Planning and Development | K17: 0
C18: 16121000 | F18: Institutional Research | G18: 370048.76 | H18: No | J18: 370048.76 | K18: 370048.76 | L18: dept responsible for maintaining all State & Fed reports - analysis of goals
C19: 16122000 | F19: Analytical Studies | G19: 41976.43 | H19: Yes | I19: 41976.43 | K19: 41976.43
C20: 16130000 | F20: Legal Services | G20: 30805.1 | H20: Yes | I20: 30805.1 | K20: 30805.1
C21: 16140000 | F21: College-Wide Planning and Management Committees, Council or Task Forces | G21: 6646.89 | H21: No | J21: 6646.89 | K21: 6646.89 | L21: SACs Expenditures
C22: 16141000 | F22: Faculty Senates | K22: 0
C23: 16142000 | F23: Planning Committees | K23: 0
C24: 16143000 | F24: Administrative Councils | K24: 0
B25: 16200000 | E25: Fiscal Operations Control | G25: 1062713 | I25: 776686.12 | J25: 286026.91
C26: 16210000 | F26: Fiscal Control | K26: 0
C27: 16211000 | F27: Business Officer (Financial Duties) | K27: 0
C28: 16212000 | F28: Comptroller | K28: 0
C29: 16213000 | F29: Budget Administration and Control | K29: 0
C30: 16220000 | F30: Financial Operations | G30: 743473.62 | H30: Partial | I30: 488678.35 | J30: 254795.27 | K30: 743473.62 | L30: Non-Admin-Cashier, Relief cashier, Bursar, Collections, & DSO position
C31: 16221000 | F31: Payroll Operation | G31: 288007.77 | H31: Yes | I31: 288007.77 | K31: 288007.77
C32: 16222000 | F32: Bursar | K32: 0
C33: 16223000 | F33: Cashier | K33: 0
C34: 16224000 | F34: Disbursement | K34: 0
C35: 16225000 | F35: Accounting | K35: 0
C36: 16230000 | F36: Investment Management | K36: 0
C37: 16231000 | F37: Cash Flow Management | K37: 0
C38: 16232000 | F38: Endowment Management | K38: 0
C39: 16240000 | F39: Grants and Contracts Financial Management | K39: 0
C40: 16241000 | F40: Grants Management | G40: 31231.64 | H40: No | J40: 31231.64 | K40: 31231.64 | L40: Expenses related to grant proposals
C41: 16242000 | F41: Grants Accounting | K41: 0
B42: 16300000 | E42: General Administrative and Logistical Services Control | G42: 2645236.1 | I42: 587411.65 | J42: 2057824.4
C43: 16310000 | F43: Administrative Data/Telecommunication Services | G43: 981810.99 | H43: No | J43: 981810.99 | K43: 981810.99 | L43: IT Dept - Personnel, Tech contracts, Repairs/Maintenance, Data software
C44: 16310100 | F44: Computing | K44: 0
C45: 16310200 | F45: Telecommunications | K45: 0
C46: 16310300 | F46: Networking | K46: 0
C47: 16320000 | F47: Human Resources | G47: 476074.69 | H47: Yes | I47: 476074.69 | K47: 476074.69
C48: 16330000 | F48: Logistical Services | K48: 0
C49: 16330100 | F49: Purchasing | G49: 77626.7 | H49: Yes | I49: 77626.7 | K49: 77626.7
C50: 16330200 | F50: Receiving | K50: 0
C51: 16330300 | F51: Shipping | K51: 0
C52: 16330400 | F52: Warehousing | K52: 0
C53: 16330500 | F53: Property Management | K53: 0
C54: 16330600 | F54: Mail and Distribution | G54: 25579.6 | H54: No | J54: 25579.6 | K54: 25579.6 | L54: Postage and shipping for all 3 campuses
C55: 16330700 | F55: Telephone Service/Operations | G55: 129719.78 | H55: No | J55: 129719.78 | K55: 129719.78 | L55: Phone Service
C56: 16330800 | F56: General Printing and Reproduction | G56: 202137.79 | H56: No | J56: 202137.79 | K56: 202137.79 | L56: Printing - Internal & External vendors - all Depts and campuses
C57: 16330900 | F57: Campus Transportation (including motor pool) | G57: 7129.62 | H57: No | J57: 7129.62 | K57: 7129.62 | L57: Maintenance of college vehicles
C58: 16331000 | F58: Parking and Parking Space Management | K58: 0
C59: 16340000 | F59: Other General Expenses | G59: 707048.42 | H59: No | J59: 707048.42 | K59: 707048.42 | L59: Insurances, Consultant Fees, bank fees, bad debt, other misc expenses
C60: 16341000 | F60: Business Hospitality | G60: 864.74 | H60: No | J60: 864.74 | K60: 864.74 | L60: Expenses for community events
C61: 16342000 | F61: Organizational Memberships | G61: 33710.26 | H61: Yes | I61: 33710.26 | K61: 33710.26
C62: 16343000 | F62: General Insurance (other than property) | G62: 2981.97 | H62: No | J62: 2981.97 | K62: 2981.97 | L62: Worker's Comp Insurance
C63: 16344000 | F63: Commencement (Graduation) | G63: 551.52 | H63: No | J63: 551.52 | K63: 551.52
B64: 16400000 | E64: Unassigned
B65: 16500000 | E65: Unassigned
B66: 16600000 | E66: Administrative and Support Staff Services Control | G66: 0 | I66: 0 | J66: 0
C67: 16610000 | F67: In-Service Training | K67: 0
C68: 16620000 | F68: Sabbatical Leaves (Administrative and Support Staff only) | K68: 0
C69: 16630000 | F69: Training Institutes, etc. | K69: 0
B70: 16700000 | E70: Community Relations Control | G70: 559569.81 | I70: 186935.13 | J70: 372634.68
C71: 16710000 | F71: Alumni Relations | K71: 0
C72: 16720000 | F72: Community and/or Public Relation Activities | G72: 286772.81 | H72: Partial | I72: 186935.13 | J72: 99837.68 | K72: 286772.81 | L72: Catelog printing, Community Functions, Advertising, Donations
C73: 16730000 | F73: Development (Fund Raising) | G73: 272797 | H73: No | J73: 272797 | K73: 272797
B74: 16800000 | E74: Unassigned
B75: 16900000 | E75: Unassigned
A76: TOTAL | G76: 6151624.7 | I76: 2545014.5 | J76: 3606610.2 | K76: 6151624.7
F77: Total 6.0 INSTITUTIONAL SUPPORT reported from CA-2: | G77: 6151624.7 | I77: 0.4137142 | J77: 0.5862858
F79: Note: The amounts in cells G76 and G77 must be equal.
H80: Yes
H83: Total Expense (Excluding Transfers) from Cost Analysis (CA-2): | I83: 23623514 | J83: 0.10773226 | K83: : Administrative Cost Percentage

Sheet SCF MANATEE
A1: The Florida College System
A2: Data Collection for the Administrative Cost Report
A3: COLLEGE NAME:
A4: State College of Florida, Manatee-Sarasota
A6: Account | D6: Name | G6: FY 2015-16 | H6: Administration? | I6: Administrative Amount | J6: Excluded Amount | K6: Data Validation | L6: Comments / Additional Details
A7: 16000000 | D7: Institutional Support Control (Administrative)
B8: 16100000 | E8: Executive Management Control | G8: 2595577.5 | I8: 1829347.6 | J8: 766229.96
C9: 16110000 | F9: College-Wide Management | K9: 0
C10: 16111000 | F10: District Board of Trustees | G10: 31200.65 | H10: Yes | I10: 31200.65 | K10: 31200.65
C11: 16112000 | F11: President | G11: 538043 | H11: Partial | I11: 523778.91 | J11: 14264.09 | K11: 538043
C12: 16113000 | F12: Assistant to the President | K12: 0
C13: 16114000 | F13: Executive Vice President/Vice President(s) | G13: 1031656.4 | H13: Partial | I13: 928490.74 | J13: 103165.64 | K13: 1031656.4
C14: 16115000 | F14: Chief Campus Administrators in Multi-Campus Colleges | G14: 182557.55 | H14: Partial | I14: 18255.755 | J14: 164301.79 | K14: 182557.55
C15: 16116000 | F15: Equal Access, Equal Opportunity, Equal Employment Officer | G15: 6931.7 | H15: Partial | I15: 3465.85 | J15: 3465.85 | K15: 6931.7
C16: 16117000 | F16: Internal Auditing | G16: 51974.8 | H16: Yes | I16: 51974.8 | K16: 51974.8
C17: 16120000 | F17: Educational Planning and Development | G17: 121093.45 | H17: No | J17: 121093.45 | K17: 121093.45
C18: 16121000 | F18: Institutional Research | G18: 228635.73 | H18: No | J18: 228635.73 | K18: 228635.73
C19: 16122000 | F19: Analytical Studies | K19: 0
C20: 16130000 | F20: Legal Services | G20: 272180.85 | H20: Yes | I20: 272180.85 | K20: 272180.85
C21: 16140000 | F21: College-Wide Planning and Management Committees, Council or Task Forces | G21: 97973.84 | H21: No | J21: 97973.84 | K21: 97973.84
C22: 16141000 | F22: Faculty Senates | G22: 5167.57 | H22: No | J22: 5167.57 | K22: 5167.57
C23: 16142000 | F23: Planning Committees | G23: 28162 | H23: No | J23: 28162 | K23: 28162
C24: 16143000 | F24: Administrative Councils | K24: 0
B25: 16200000 | E25: Fiscal Operations Control | G25: 1706227.6 | I25: 1007918.6 | J25: 698308.95
C26: 16210000 | F26: Fiscal Control | K26: 0
C27: 16211000 | F27: Business Officer (Financial Duties) | K27: 0
C28: 16212000 | F28: Comptroller | G28: 958996.63 | H28: Yes | I28: 958996.63 | K28: 958996.63
C29: 16213000 | F29: Budget Administration and Control | K29: 0
C30: 16220000 | F30: Financial Operations | G30: 382334.99 | H30: Partial | I30: 48921.99 | J30: 333413 | K30: 382334.99
C31: 16221000 | F31: Payroll Operation | K31: 0
C32: 16222000 | F32: Bursar | G32: 364895.95 | H32: No | J32: 364895.95 | K32: 364895.95
C33: 16223000 | F33: Cashier | K33: 0
C34: 16224000 | F34: Disbursement | K34: 0
C35: 16225000 | F35: Accounting | K35: 0
C36: 16230000 | F36: Investment Management | K36: 0
C37: 16231000 | F37: Cash Flow Management | K37: 0
C38: 16232000 | F38: Endowment Management | K38: 0
C39: 16240000 | F39: Grants and Contracts Financial Management | K39: 0
C40: 16241000 | F40: Grants Management | K40: 0
C41: 16242000 | F41: Grants Accounting | K41: 0
B42: 16300000 | E42: General Administrative and Logistical Services Control | G42: 5666735.5 | I42: 1327201.5 | J42: 4339534
C43: 16310000 | F43: Administrative Data/Telecommunication Services | K43: 0
C44: 16310100 | F44: Computing | G44: 3214223.6 | H44: Partial | I44: 160711.18 | J44: 3053512.4 | K44: 3214223.6
C45: 16310200 | F45: Telecommunications | G45: 277318.41 | H45: Partial | I45: 13865.921 | J45: 263452.49 | K45: 277318.41
C46: 16310300 | F46: Networking | G46: 44339.26 | H46: Partial | I46: 2216.963 | J46: 42122.297 | K46: 44339.26
C47: 16320000 | F47: Human Resources | G47: 823213.41 | H47: Partial | I47: 787864.45 | J47: 35348.96 | K47: 823213.41
C48: 16330000 | F48: Logistical Services | K48: 0
C49: 16330100 | F49: Purchasing | G49: 152968.7 | H49: Yes | I49: 152968.7 | K49: 152968.7
C50: 16330200 | F50: Receiving | K50: 0
C51: 16330300 | F51: Shipping | K51: 0
C52: 16330400 | F52: Warehousing | K52: 0
C53: 16330500 | F53: Property Management | G53: 105676.28 | H53: Yes | I53: 105676.28 | K53: 105676.28
C54: 16330600 | F54: Mail and Distribution | G54: 97736.34 | H54: Partial | I54: 4886.817 | J54: 92849.523 | K54: 97736.34
C55: 16330700 | F55: Telephone Service/Operations | K55: 0
C56: 16330800 | F56: General Printing and Reproduction | G56: 282005.04 | H56: Partial | I56: 14100.252 | J56: 267904.79 | K56: 282005.04
C57: 16330900 | F57: Campus Transportation (including motor pool) | G57: 154220.37 | H57: Partial | I57: 7711.0185 | J57: 146509.35 | K57: 154220.37
C58: 16331000 | F58: Parking and Parking Space Management | K58: 0
C59: 16340000 | F59: Other General Expenses | G59: 704.91 | H59: Partial | I59: 35.2455 | J59: 669.6645 | K59: 704.91
C60: 16341000 | F60: Business Hospitality | G60: 10960.57 | H60: Partial | I60: 548.0285 | J60: 10412.541 | K60: 10960.57
C61: 16342000 | F61: Organizational Memberships | G61: 57214.41 | H61: Yes | I61: 57214.41 | K61: 57214.41
C62: 16343000 | F62: General Insurance (other than property) | G62: 388045.52 | H62: Partial | I62: 19402.276 | J62: 368643.24 | K62: 388045.52
C63: 16344000 | F63: Commencement (Graduation) | G63: 58108.7 | H63: No | J63: 58108.7 | K63: 58108.7
B64: 16400000 | E64: Unassigned
B65: 16500000 | E65: Unassigned
B66: 16600000 | E66: Administrative and Support Staff Services Control | G66: 0 | I66: 0 | J66: 0
C67: 16610000 | F67: In-Service Training | K67: 0
C68: 16620000 | F68: Sabbatical Leaves (Administrative and Support Staff only) | K68: 0
C69: 16630000 | F69: Training Institutes, etc. | K69: 0
B70: 16700000 | E70: Community Relations Control | G70: 1267568.9 | I70: 636053.88 | J70: 631515.06
C71: 16710000 | F71: Alumni Relations | K71: 0
C72: 16720000 | F72: Community and/or Public Relation Activities | G72: 777666.44 | H72: Partial | I72: 636053.88 | J72: 141612.56 | K72: 777666.44
C73: 16730000 | F73: Development (Fund Raising) | G73: 489902.5 | H73: No | J73: 489902.5 | K73: 489902.5
B74: 16800000 | E74: Unassigned
B75: 16900000 | E75: Unassigned
A76: TOTAL | G76: 11236110 | I76: 4800521.6 | J76: 6435588 | K76: 11236110
F77: Total 6.0 INSTITUTIONAL SUPPORT reported from CA-2: | G77: 11236110 | I77: 0.42724055 | J77: 0.57275945
F79: Note: The amounts in cells G76 and G77 must be equal.
H80: Yes
H83: Total Expense (Excluding Transfers) from Cost Analysis (CA-2): | I83: 43093561 | J83: 0.11139765 | K83: : Administrative Cost Percentage

Sheet MIAMI
A1: The Florida College System
A2: Data Collection for the Administrative Cost Report
A3: COLLEGE NAME:
A4: Miami Dade College
A6: Account | D6: Name | G6: FY 2015-16 | H6: Administration? | I6: Administrative Amount | J6: Excluded Amount | K6: Data Validation | L6: Comments / Additional Details
A7: 16000000 | D7: Institutional Support Control (Administrative)
B8: 16100000 | E8: Executive Management Control | G8: 18844070 | I8: 8492738.5 | J8: 10351332
C9: 16110000 | F9: College-Wide Management | K9: 0
C10: 16111000 | F10: District Board of Trustees | G10: 14487.76 | H10: Yes | I10: 14487.76 | K10: 14487.76
C11: 16112000 | F11: President | G11: 1905049.2 | H11: Yes | I11: 1905049.2 | K11: 1905049.2
C12: 16113000 | F12: Assistant to the President | G12: 0 | K12: 0
C13: 16114000 | F13: Executive Vice President/Vice President(s) | G13: 4076712.2 | H13: Partial | I13: 3724509.5 | J13: 352202.69 | K13: 4076712.2
C14: 16115000 | F14: Chief Campus Administrators in Multi-Campus Colleges | G14: 8902139.1 | H14: No | J14: 8902139.1 | K14: 8902139.1
C15: 16116000 | F15: Equal Access, Equal Opportunity, Equal Employment Officer | G15: 444322.93 | H15: Yes | I15: 444322.93 | K15: 444322.93
C16: 16117000 | F16: Internal Auditing | G16: 0 | K16: 0
C17: 16120000 | F17: Educational Planning and Development | G17: 932809.12 | H17: Yes | I17: 932809.12 | K17: 932809.12
C18: 16121000 | F18: Institutional Research | G18: 1096990.1 | H18: No | J18: 1096990.1 | K18: 1096990.1
C19: 16122000 | F19: Analytical Studies | G19: 6763.68 | H19: Yes | I19: 6763.68 | K19: 6763.68
C20: 16130000 | F20: Legal Services | G20: 981901.43 | H20: Yes | I20: 981901.43 | K20: 981901.43
C21: 16140000 | F21: College-Wide Planning and Management Committees, Council or Task Forces | G21: 482894.91 | H21: Yes | I21: 482894.91 | K21: 482894.91
C22: 16141000 | F22: Faculty Senates | K22: 0
C23: 16142000 | F23: Planning Committees | K23: 0
C24: 16143000 | F24: Administrative Councils | H24: Yes | K24: 0
B25: 16200000 | E25: Fiscal Operations Control | G25: 9403852 | I25: 3009616.9 | J25: 6394235
C26: 16210000 | F26: Fiscal Control | H26: No | K26: 0
C27: 16211000 | F27: Business Officer (Financial Duties) | K27: 0
C28: 16212000 | F28: Comptroller | G28: 322870.76 | H28: Yes | I28: 322870.76 | K28: 322870.76
C29: 16213000 | F29: Budget Administration and Control | G29: 3355955.4 | H29: Partial | I29: 313984.91 | J29: 3041970.5 | K29: 3355955.4
C30: 16220000 | F30: Financial Operations | G30: 317012.35 | H30: Yes | I30: 317012.35 | K30: 317012.35
C31: 16221000 | F31: Payroll Operation | G31: 560317.75 | H31: Yes | I31: 560317.75 | K31: 560317.75
C32: 16222000 | F32: Bursar | G32: 1564192.7 | H32: No | J32: 1564192.7 | K32: 1564192.7
C33: 16223000 | F33: Cashier | K33: 0
C34: 16224000 | F34: Disbursement | G34: 603523.93 | H34: Yes | I34: 603523.93 | K34: 603523.93
C35: 16225000 | F35: Accounting | G35: 1457421.9 | H35: Partial | I35: 522954.55 | J35: 934467.38 | K35: 1457421.9
C36: 16230000 | F36: Investment Management | G36: 368952.69 | H36: Yes | I36: 368952.69 | K36: 368952.69
C37: 16231000 | F37: Cash Flow Management | K37: 0
C38: 16232000 | F38: Endowment Management | K38: 0
C39: 16240000 | F39: Grants and Contracts Financial Management | K39: 0
C40: 16241000 | F40: Grants Management | K40: 0
C41: 16242000 | F41: Grants Accounting | G41: 853604.45 | H41: No | J41: 853604.45 | K41: 853604.45
B42: 16300000 | E42: General Administrative and Logistical Services Control | G42: 23299778 | I42: 3972632.4 | J42: 19327146
C43: 16310000 | F43: Administrative Data/Telecommunication Services | G43: 339821.15 | H43: No | J43: 339821.15 | K43: 339821.15
C44: 16310100 | F44: Computing | G44: 6853914 | H44: No | J44: 6853914 | K44: 6853914
C45: 16310200 | F45: Telecommunications | G45: 2951722.5 | H45: No | J45: 2951722.5 | K45: 2951722.5
C46: 16310300 | F46: Networking | G46: 1370867 | H46: No | J46: 1370867 | K46: 1370867
C47: 16320000 | F47: Human Resources | G47: 2413694.7 | H47: Yes | I47: 2413694.7 | K47: 2413694.7
C48: 16330000 | F48: Logistical Services | G48: 100533.56 | H48: Yes | I48: 100533.56 | K48: 100533.56
C49: 16330100 | F49: Purchasing | G49: 1031147 | H49: Yes | I49: 1031147 | K49: 1031147
C50: 16330200 | F50: Receiving | K50: 0
C51: 16330300 | F51: Shipping | K51: 0
C52: 16330400 | F52: Warehousing | K52: 0
C53: 16330500 | F53: Property Management | G53: 422911.93 | H53: Yes | I53: 422911.93 | K53: 422911.93
C54: 16330600 | F54: Mail and Distribution | G54: 731394.79 | H54: No | J54: 731394.79 | K54: 731394.79
C55: 16330700 | F55: Telephone Service/Operations | G55: 248897.13 | H55: No | J55: 248897.13 | K55: 248897.13
C56: 16330800 | F56: General Printing and Reproduction | G56: 1048776.9 | H56: No | J56: 1048776.9 | K56: 1048776.9
C57: 16330900 | F57: Campus Transportation (including motor pool) | G57: 375474.9 | H57: No | J57: 375474.9 | K57: 375474.9
C58: 16331000 | F58: Parking and Parking Space Management | G58: 339300.38 | H58: No | J58: 339300.38 | K58: 339300.38
C59: 16340000 | F59: Other General Expenses | K59: 0
C60: 16341000 | F60: Business Hospitality | G60: 1461.13 | H60: Yes | I60: 1461.13 | K60: 1461.13
C61: 16342000 | F61: Organizational Memberships | G61: 2884.07 | H61: Yes | I61: 2884.07 | K61: 2884.07
C62: 16343000 | F62: General Insurance (other than property) | G62: 4937298.5 | H62: No | J62: 4937298.5 | K62: 4937298.5
C63: 16344000 | F63: Commencement (Graduation) | G63: 129678.65 | H63: No | J63: 129678.65 | K63: 129678.65
B64: 16400000 | E64: Unassigned
B65: 16500000 | E65: Unassigned
B66: 16600000 | E66: Administrative and Support Staff Services Control | G66: 0 | I66: 0 | J66: 0
C67: 16610000 | F67: In-Service Training | K67: 0
C68: 16620000 | F68: Sabbatical Leaves (Administrative and Support Staff only) | K68: 0
C69: 16630000 | F69: Training Institutes, etc. | K69: 0
B70: 16700000 | E70: Community Relations Control | G70: 5764385.6 | I70: 5764385.6 | J70: 0
C71: 16710000 | F71: Alumni Relations | K71: 0
C72: 16720000 | F72: Community and/or Public Relation Activities | G72: 5764385.6 | H72: Yes | I72: 5764385.6 | K72: 5764385.6
C73: 16730000 | F73: Development (Fund Raising) | K73: 0
B74: 16800000 | E74: Unassigned
B75: 16900000 | E75: Unassigned
A76: TOTAL | G76: 57312086 | I76: 21239373 | J76: 36072713 | K76: 57312086
F77: Total 6.0 INSTITUTIONAL SUPPORT reported from CA-2: | G77: 57312086 | I77: 0.37059152 | J77: 0.62940848
F79: Note: The amounts in cells G76 and G77 must be equal.
H80: Yes
H83: Total Expense (Excluding Transfers) from Cost Analysis (CA-2): | I83: 2.9432352e+08 | J83: 0.072163358 | K83: : Administrative Cost Percentage

Sheet NORTH FLORIDA
A1: The Florida College System
A2: Data Collection for the Administrative Cost Report
A3: COLLEGE NAME:
A4: North Florida Community College
A6: Account | D6: Name | G6: FY 2015-16 | H6: Administration? | I6: Administrative Amount | J6: Excluded Amount | K6: Data Validation | L6: Comments / Additional Details
A7: 16000000 | D7: Institutional Support Control (Administrative)
B8: 16100000 | E8: Executive Management Control | G8: 447090 | I8: 369638.59 | J8: 77451.41
C9: 16110000 | F9: College-Wide Management | K9: 0
C10: 16111000 | F10: District Board of Trustees | G10: 5454.59 | H10: Yes | I10: 5454.59 | K10: 5454.59
C11: 16112000 | F11: President | G11: 207601.41 | H11: Partial | I11: 204782 | J11: 2819.41 | K11: 207601.41
C12: 16113000 | F12: Assistant to the President | G12: 56466 | H12: Yes | I12: 56466 | K12: 56466
C13: 16114000 | F13: Executive Vice President/Vice President(s) | K13: 0
C14: 16115000 | F14: Chief Campus Administrators in Multi-Campus Colleges | K14: 0
C15: 16116000 | F15: Equal Access, Equal Opportunity, Equal Employment Officer | K15: 0
C16: 16117000 | F16: Internal Auditing | K16: 0
C17: 16120000 | F17: Educational Planning and Development | K17: 0
C18: 16121000 | F18: Institutional Research | G18: 142610 | H18: Partial | I18: 67978 | J18: 74632 | K18: 142610
C19: 16122000 | F19: Analytical Studies | K19: 0
C20: 16130000 | F20: Legal Services | G20: 34958 | H20: Yes | I20: 34958 | K20: 34958
C21: 16140000 | F21: College-Wide Planning and Management Committees, Council or Task Forces | K21: 0
C22: 16141000 | F22: Faculty Senates | K22: 0
C23: 16142000 | F23: Planning Committees | K23: 0
C24: 16143000 | F24: Administrative Councils | K24: 0
B25: 16200000 | E25: Fiscal Operations Control | G25: 344991 | I25: 152709 | J25: 192282
C26: 16210000 | F26: Fiscal Control | K26: 0
C27: 16211000 | F27: Business Officer (Financial Duties) | G27: 152709 | H27: Yes | I27: 152709 | K27: 152709
C28: 16212000 | F28: Comptroller | K28: 0
C29: 16213000 | F29: Budget Administration and Control | G29: 31271 | H29: No | J29: 31271 | K29: 31271
C30: 16220000 | F30: Financial Operations | G30: 82449 | H30: No | J30: 82449 | K30: 82449
C31: 16221000 | F31: Payroll Operation | G31: 31000 | H31: No | J31: 31000 | K31: 31000
C32: 16222000 | F32: Bursar | K32: 0
C33: 16223000 | F33: Cashier | G33: 47562 | H33: No | J33: 47562 | K33: 47562
C34: 16224000 | F34: Disbursement | K34: 0
C35: 16225000 | F35: Accounting | K35: 0
C36: 16230000 | F36: Investment Management | K36: 0
C37: 16231000 | F37: Cash Flow Management | K37: 0
C38: 16232000 | F38: Endowment Management | K38: 0
C39: 16240000 | F39: Grants and Contracts Financial Management | K39: 0
C40: 16241000 | F40: Grants Management | K40: 0
C41: 16242000 | F41: Grants Accounting | K41: 0
B42: 16300000 | E42: General Administrative and Logistical Services Control | G42: 701030 | I42: 116236 | J42: 584794
C43: 16310000 | F43: Administrative Data/Telecommunication Services | G43: 217269 | H43: No | J43: 217269 | K43: 217269
C44: 16310100 | F44: Computing | K44: 0
C45: 16310200 | F45: Telecommunications | K45: 0
C46: 16310300 | F46: Networking | K46: 0
C47: 16320000 | F47: Human Resources | G47: 174799 | H47: Partial | I47: 104721 | J47: 70078 | K47: 174799
C48: 16330000 | F48: Logistical Services | K48: 0
C49: 16330100 | F49: Purchasing | G49: 50200 | H49: No | J49: 50200 | K49: 50200
C50: 16330200 | F50: Receiving | K50: 0
C51: 16330300 | F51: Shipping | K51: 0
C52: 16330400 | F52: Warehousing | K52: 0
C53: 16330500 | F53: Property Management | K53: 0
C54: 16330600 | F54: Mail and Distribution | G54: 44565 | H54: No | J54: 44565 | K54: 44565
C55: 16330700 | F55: Telephone Service/Operations | G55: 109478 | H55: No | J55: 109478 | K55: 109478
C56: 16330800 | F56: General Printing and Reproduction | G56: 88404 | H56: No | J56: 88404 | K56: 88404
C57: 16330900 | F57: Campus Transportation (including motor pool) | K57: 0
C58: 16331000 | F58: Parking and Parking Space Management | K58: 0
C59: 16340000 | F59: Other General Expenses | K59: 0
C60: 16341000 | F60: Business Hospitality | K60: 0
C61: 16342000 | F61: Organizational Memberships | G61: 11515 | H61: Yes | I61: 11515 | K61: 11515
C62: 16343000 | F62: General Insurance (other than property) | K62: 0
C63: 16344000 | F63: Commencement (Graduation) | G63: 4800 | H63: No | J63: 4800 | K63: 4800
B64: 16400000 | E64: Unassigned
B65: 16500000 | E65: Unassigned
B66: 16600000 | E66: Administrative and Support Staff Services Control | G66: 0 | I66: 0 | J66: 0
C67: 16610000 | F67: In-Service Training | K67: 0
C68: 16620000 | F68: Sabbatical Leaves (Administrative and Support Staff only) | K68: 0
C69: 16630000 | F69: Training Institutes, etc. | K69: 0
B70: 16700000 | E70: Community Relations Control | G70: 435730 | I70: 177510 | J70: 258220
C71: 16710000 | F71: Alumni Relations | K71: 0
C72: 16720000 | F72: Community and/or Public Relation Activities | G72: 213401 | H72: Partial | I72: 63875 | J72: 149526 | K72: 213401
C73: 16730000 | F73: Development (Fund Raising) | G73: 222329 | H73: Partial | I73: 113635 | J73: 108694 | K73: 222329
B74: 16800000 | E74: Unassigned
B75: 16900000 | E75: Unassigned
A76: TOTAL | G76: 1928841 | I76: 816093.59 | J76: 1112747.4 | K76: 1928841
F77: Total 6.0 INSTITUTIONAL SUPPORT reported from CA-2: | G77: 1928841 | I77: 0.4231005 | J77: 0.5768995
F79: Note: The amounts in cells G76 and G77 must be equal.
H80: Yes
H83: Total Expense (Excluding Transfers) from Cost Analysis (CA-2): | I83: 9396819.6 | J83: 0.086847851 | K83: : Administrative Cost Percentage

Sheet NORTHWEST FLORIDA
A1: The Florida College System
A2: Data Collection for the Administrative Cost Report
A3: COLLEGE NAME:
A4: Northwest Florida State College
A6: Account | D6: Name | G6: FY 2015-16 | H6: Administration? | I6: Administrative Amount | J6: Excluded Amount | K6: Data Validation | L6: Comments / Additional Details
A7: 16000000 | D7: Institutional Support Control (Administrative)
B8: 16100000 | E8: Executive Management Control | G8: 1006614.3 | I8: 967368.5 | J8: 39245.85
C9: 16110000 | F9: College-Wide Management | K9: 0
C10: 16111000 | F10: District Board of Trustees | G10: 34760.51 | H10: Yes | I10: 34760.51 | K10: 34760.51
C11: 16112000 | F11: President | G11: 474962.51 | H11: Yes | I11: 474962.51 | K11: 474962.51
C12: 16113000 | F12: Assistant to the President | K12: 0
C13: 16114000 | F13: Executive Vice President/Vice President(s) | G13: 300927.63 | H13: Yes | I13: 300927.63 | K13: 300927.63
C14: 16115000 | F14: Chief Campus Administrators in Multi-Campus Colleges | K14: 0
C15: 16116000 | F15: Equal Access, Equal Opportunity, Equal Employment Officer | G15: 39245.85 | H15: No | J15: 39245.85 | K15: 39245.85
C16: 16117000 | F16: Internal Auditing | K16: 0
C17: 16120000 | F17: Educational Planning and Development | K17: 0
C18: 16121000 | F18: Institutional Research | G18: 156717.85 | H18: Yes | I18: 156717.85 | K18: 156717.85
C19: 16122000 | F19: Analytical Studies | K19: 0
C20: 16130000 | F20: Legal Services | K20: 0
C21: 16140000 | F21: College-Wide Planning and Management Committees, Council or Task Forces | K21: 0
C22: 16141000 | F22: Faculty Senates | K22: 0
C23: 16142000 | F23: Planning Committees | K23: 0
C24: 16143000 | F24: Administrative Councils | K24: 0
B25: 16200000 | E25: Fiscal Operations Control | G25: 677860.62 | I25: 501331.48 | J25: 176529.14
C26: 16210000 | F26: Fiscal Control | G26: 471712.37 | H26: Partial | I26: 367935.65 | J26: 103776.72 | K26: 471712.37 | L26: Exc Exp related to college grant & auxiliary services accounting
C27: 16211000 | F27: Business Officer (Financial Duties) | G27: 0 | K27: 0
C28: 16212000 | F28: Comptroller | K28: 0
C29: 16213000 | F29: Budget Administration and Control | K29: 0
C30: 16220000 | F30: Financial Operations | G30: 205441.49 | H30: Partial | I30: 133395.83 | J30: 72045.66 | K30: 205441.49 | L30: Excludes expenses associated to student cashiering
C31: 16221000 | F31: Payroll Operation | K31: 0
C32: 16222000 | F32: Bursar | K32: 0
C33: 16223000 | F33: Cashier | K33: 0
C34: 16224000 | F34: Disbursement | K34: 0
C35: 16225000 | F35: Accounting | K35: 0
C36: 16230000 | F36: Investment Management | K36: 0
C37: 16231000 | F37: Cash Flow Management | K37: 0
C38: 16232000 | F38: Endowment Management | K38: 0
C39: 16240000 | F39: Grants and Contracts Financial Management | K39: 0
C40: 16241000 | F40: Grants Management | G40: 706.76 | H40: No | J40: 706.76 | K40: 706.76
C41: 16242000 | F41: Grants Accounting | K41: 0
B42: 16300000 | E42: General Administrative and Logistical Services Control | G42: 4606614.3 | I42: 1286361 | J42: 3320253.3
C43: 16310000 | F43: Administrative Data/Telecommunication Services | G43: 2872440.8 | H43: Partial | I43: 718110.21 | J43: 2154330.6 | K43: 2872440.8 | L43: excludes 75% of exp assoc with support for Stu Services, labs Instructional support areas
C44: 16310100 | F44: Computing | G44: 469528.99 | H44: No | J44: 469528.99 | K44: 469528.99
C45: 16310200 | F45: Telecommunications | K45: 0
C46: 16310300 | F46: Networking | K46: 0
C47: 16320000 | F47: Human Resources | G47: 268338.04 | H47: Yes | I47: 268338.04 | K47: 268338.04
C48: 16330000 | F48: Logistical Services | G48: 150489.89 | H48: Yes | I48: 150489.89 | K48: 150489.89
C49: 16330100 | F49: Purchasing | G49: 113095.27 | H49: Yes | I49: 113095.27 | K49: 113095.27
C50: 16330200 | F50: Receiving | G50: 0 | K50: 0
C51: 16330300 | F51: Shipping | K51: 0
C52: 16330400 | F52: Warehousing | K52: 0
C53: 16330500 | F53: Property Management | G53: 2186.28 | H53: No | J53: 2186.28 | K53: 2186.28
C54: 16330600 | F54: Mail and Distribution | K54: 0
C55: 16330700 | F55: Telephone Service/Operations | G55: 30130.51 | H55: No | J55: 30130.51 | K55: 30130.51
C56: 16330800 | F56: General Printing and Reproduction | G56: 210377.65 | H56: No | J56: 210377.65 | K56: 210377.65
C57: 16330900 | F57: Campus Transportation (including motor pool) | G57: 145310.19 | H57: Partial | I57: 36327.55 | J57: 108982.64 | K57: 145310.19 | L57: excludes 75% of exp assoc with support for Stu Services, labs Instructional support areas
C58: 16331000 | F58: Parking and Parking Space Management | K58: 0
C59: 16340000 | F59: Other General Expenses | G59: 0 | H59: No | K59: 0
C60: 16341000 | F60: Business Hospitality | G60: 13747.5 | H60: No | J60: 13747.5 | K60: 13747.5
C61: 16342000 | F61: Organizational Memberships | K61: 0
C62: 16343000 | F62: General Insurance (other than property) | G62: 330969.11 | H62: No | J62: 330969.11 | K62: 330969.11
C63: 16344000 | F63: Commencement (Graduation) | K63: 0
B64: 16400000 | E64: Unassigned
B65: 16500000 | E65: Unassigned
B66: 16600000 | E66: Administrative and Support Staff Services Control | G66: 0 | I66: 0 | J66: 0
C67: 16610000 | F67: In-Service Training | K67: 0
C68: 16620000 | F68: Sabbatical Leaves (Administrative and Support Staff only) | K68: 0
C69: 16630000 | F69: Training Institutes, etc. | K69: 0
B70: 16700000 | E70: Community Relations Control | G70: 772707.6 | I70: 0 | J70: 772707.6
C71: 16710000 | F71: Alumni Relations | K71: 0
C72: 16720000 | F72: Community and/or Public Relation Activities | G72: 419319.39 | H72: No | J72: 419319.39 | K72: 419319.39
C73: 16730000 | F73: Development (Fund Raising) | G73: 353388.21 | H73: No | J73: 353388.21 | K73: 353388.21
B74: 16800000 | E74: Unassigned
B75: 16900000 | E75: Unassigned
A76: TOTAL | G76: 7063796.8 | I76: 2755060.9 | J76: 4308735.9 | K76: 7063796.8
F77: Total 6.0 INSTITUTIONAL SUPPORT reported from CA-2: | G77: 7063796.8 | I77: 0.39002551 | J77: 0.60997449
F79: Note: The amounts in cells G76 and G77 must be equal.
H80: Yes
H83: Total Expense (Excluding Transfers) from Cost Analysis (CA-2): | I83: 31623821 | J83: 0.0871198 | K83: : Administrative Cost Percentage

Sheet PALM BEACH
A1: The Florida College System
A2: Data Collection for the Administrative Cost Report
A3: COLLEGE NAME:
A4: Palm Beach State College
A6: Account | D6: Name | G6: FY 2015-16 | H6: Administration? | I6: Administrative Amount | J6: Excluded Amount | K6: Data Validation | L6: Comments / Additional Details
A7: 16000000 | D7: Institutional Support Control (Administrative)
B8: 16100000 | E8: Executive Management Control | G8: 1601152.3 | I8: 1002892 | J8: 598260.3
C9: 16110000 | F9: College-Wide Management | K9: 0
C10: 16111000 | F10: District Board of Trustees | G10: 109442.6 | H10: Yes | I10: 109442.6 | K10: 109442.6
C11: 16112000 | F11: President | G11: 332355.1 | H11: Yes | I11: 332355.1 | K11: 332355.1
C12: 16113000 | F12: Assistant to the President | K12: 0
C13: 16114000 | F13: Executive Vice President/Vice President(s) | G13: 561094.3 | H13: Yes | I13: 561094.3 | K13: 561094.3
C14: 16115000 | F14: Chief Campus Administrators in Multi-Campus Colleges | K14: 0
C15: 16116000 | F15: Equal Access, Equal Opportunity, Equal Employment Officer | K15: 0
C16: 16117000 | F16: Internal Auditing | K16: 0
C17: 16120000 | F17: Educational Planning and Development | K17: 0
C18: 16121000 | F18: Institutional Research | G18: 355577.6 | H18: No | J18: 355577.6 | K18: 355577.6
C19: 16122000 | F19: Analytical Studies | K19: 0
C20: 16130000 | F20: Legal Services | G20: 242682.7 | H20: No | J20: 242682.7 | K20: 242682.7
C21: 16140000 | F21: College-Wide Planning and Management Committees, Council or Task Forces | K21: 0
C22: 16141000 | F22: Faculty Senates | K22: 0
C23: 16142000 | F23: Planning Committees | K23: 0
C24: 16143000 | F24: Administrative Councils | K24: 0
B25: 16200000 | E25: Fiscal Operations Control | G25: 2507226.9 | I25: 1026322.3 | J25: 1480904.6
C26: 16210000 | F26: Fiscal Control | K26: 0
C27: 16211000 | F27: Business Officer (Financial Duties) | K27: 0
C28: 16212000 | F28: Comptroller | G28: 583460.16 | H28: Partial | I28: 275509.07 | J28: 307951.09 | K28: 583460.16
C29: 16213000 | F29: Budget Administration and Control | G29: 68121.26 | H29: Yes | I29: 68121.26 | K29: 68121.26
C30: 16220000 | F30: Financial Operations | K30: 0
C31: 16221000 | F31: Payroll Operation | G31: 248615.87 | H31: Yes | I31: 248615.87 | K31: 248615.87
C32: 16222000 | F32: Bursar | G32: 638775.42 | H32: No | J32: 638775.42 | K32: 638775.42
C33: 16223000 | F33: Cashier | K33: 0
C34: 16224000 | F34: Disbursement | K34: 0
C35: 16225000 | F35: Accounting | G35: 434076.12 | H35: Yes | I35: 434076.12 | K35: 434076.12
C36: 16230000 | F36: Investment Management | K36: 0
C37: 16231000 | F37: Cash Flow Management | K37: 0
C38: 16232000 | F38: Endowment Management | K38: 0
C39: 16240000 | F39: Grants and Contracts Financial Management | K39: 0
C40: 16241000 | F40: Grants Management | G40: 245742.3 | H40: No | J40: 245742.3 | K40: 245742.3
C41: 16242000 | F41: Grants Accounting | G41: 288435.8 | H41: No | J41: 288435.8 | K41: 288435.8
B42: 16300000 | E42: General Administrative and Logistical Services Control | G42: 6324626 | I42: 2645673.7 | J42: 3678952.3
C43: 16310000 | F43: Administrative Data/Telecommunication Services | G43: 2269756.5 | H43: No | J43: 2269756.5 | K43: 2269756.5
C44: 16310100 | F44: Computing | G44: 612317.76 | H44: Yes | I44: 612317.76 | K44: 612317.76
C45: 16310200 | F45: Telecommunications | G45: 92161.75 | H45: No | J45: 92161.75 | K45: 92161.75
C46: 16310300 | F46: Networking | G46: 115211.24 | H46: No | J46: 115211.24 | K46: 115211.24
C47: 16320000 | F47: Human Resources | G47: 1320284.1 | H47: Yes | I47: 1320284.1 | K47: 1320284.1
C48: 16330000 | F48: Logistical Services | K48: 0
C49: 16330100 | F49: Purchasing | G49: 357893.15 | H49: Yes | I49: 357893.15 | K49: 357893.15
C50: 16330200 | F50: Receiving | G50: 244266.94 | H50: Yes | I50: 244266.94 | K50: 244266.94
C51: 16330300 | F51: Shipping | K51: 0
C52: 16330400 | F52: Warehousing | K52: 0
C53: 16330500 | F53: Property Management | G53: 110911.71 | H53: Yes | I53: 110911.71 | K53: 110911.71
C54: 16330600 | F54: Mail and Distribution | K54: 0
C55: 16330700 | F55: Telephone Service/Operations | K55: 0
C56: 16330800 | F56: General Printing and Reproduction | G56: 354181.22 | H56: No | J56: 354181.22 | K56: 354181.22
C57: 16330900 | F57: Campus Transportation (including motor pool) | G57: 395.18 | H57: No | J57: 395.18 | K57: 395.18
C58: 16331000 | F58: Parking and Parking Space Management | K58: 0
C59: 16340000 | F59: Other General Expenses | G59: 505451.17 | H59: No | J59: 505451.17 | K59: 505451.17
C60: 16341000 | F60: Business Hospitality | K60: 0
C61: 16342000 | F61: Organizational Memberships | G61: 180339.51 | H61: No | J61: 180339.51 | K61: 180339.51
C62: 16343000 | F62: General Insurance (other than property) | K62: 0
C63: 16344000 | F63: Commencement (Graduation) | G63: 161455.72 | H63: No | J63: 161455.72 | K63: 161455.72
B64: 16400000 | E64: Unassigned
B65: 16500000 | E65: Unassigned
B66: 16600000 | E66: Administrative and Support Staff Services Control | G66: 0 | I66: 0 | J66: 0
C67: 16610000 | F67: In-Service Training | K67: 0
C68: 16620000 | F68: Sabbatical Leaves (Administrative and Support Staff only) | K68: 0
C69: 16630000 | F69: Training Institutes, etc. | K69: 0
B70: 16700000 | E70: Community Relations Control | G70: 2879283.7 | I70: 0 | J70: 2879283.7
C71: 16710000 | F71: Alumni Relations | K71: 0
C72: 16720000 | F72: Community and/or Public Relation Activities | G72: 2366962.8 | H72: No | J72: 2366962.8 | K72: 2366962.8
C73: 16730000 | F73: Development (Fund Raising) | G73: 512320.91 | H73: No | J73: 512320.91 | K73: 512320.91
B74: 16800000 | E74: Unassigned
B75: 16900000 | E75: Unassigned
A76: TOTAL | G76: 13312289 | I76: 4674888 | J76: 8637400.9 | K76: 13312289
F77: Total 6.0 INSTITUTIONAL SUPPORT reported from CA-2: | G77: 13312289 | I77: 0.35117086 | J77: 0.64882914
F79: Note: The amounts in cells G76 and G77 must be equal.
H80: Yes
H83: Total Expense (Excluding Transfers) from Cost Analysis (CA-2): | I83: 1.1596269e+08 | J83: 0.040313725 | K83: : Administrative Cost Percentage

Sheet PASCO
A1: The Florida College System
A2: Data Collection for the Administrative Cost Report
A3: COLLEGE NAME:
A4: Pasco-Hernando State College
A6: Account | D6: Name | G6: FY 2015-16 | H6: Administration? | I6: Administrative Amount | J6: Excluded Amount | K6: Data Validation | L6: Comments / Additional Details
A7: 16000000 | D7: Institutional Support Control (Administrative)
B8: 16100000 | E8: Executive Management Control | G8: 1838288.8 | I8: 759886.63 | J8: 1078402.1
C9: 16110000 | F9: College-Wide Management | K9: 0
C10: 16111000 | F10: District Board of Trustees | G10: 20311.22 | H10: Yes | I10: 20311.22 | K10: 20311.22
C11: 16112000 | F11: President | G11: 482517.4 | H11: Yes | I11: 482517.4 | K11: 482517.4
C12: 16113000 | F12: Assistant to the President | K12: 0
C13: 16114000 | F13: Executive Vice President/Vice President(s) | K13: 0
C14: 16115000 | F14: Chief Campus Administrators in Multi-Campus Colleges | G14: 782973.29 | H14: No | I14: 0 | J14: 782973.29 | K14: 782973.29 | L14: Campus Provost
C15: 16116000 | F15: Equal Access, Equal Opportunity, Equal Employment Officer | K15: 0
C16: 16117000 | F16: Internal Auditing | K16: 0
C17: 16120000 | F17: Educational Planning and Development | K17: 0
C18: 16121000 | F18: Institutional Research | G18: 268972.76 | H18: No | I18: 0 | J18: 268972.76 | K18: 268972.76
C19: 16122000 | F19: Analytical Studies | G19: 26456.09 | H19: No | I19: 0 | J19: 26456.09 | K19: 26456.09 | L19: SACSCOC QEP was distributed to individual departments
C20: 16130000 | F20: Legal Services | G20: 257058.01 | H20: Yes | I20: 257058.01 | K20: 257058.01 | L20: Attorney and Paralegal
C21: 16140000 | F21: College-Wide Planning and Management Committees, Council or Task Forces | K21: 0
C22: 16141000 | F22: Faculty Senates | K22: 0
C23: 16142000 | F23: Planning Committees | K23: 0
C24: 16143000 | F24: Administrative Councils | K24: 0
B25: 16200000 | E25: Fiscal Operations Control | G25: 1850167.6 | I25: 1179718.6 | J25: 670449.04
C26: 16210000 | F26: Fiscal Control | G26: 310082.32 | H26: Yes | I26: 310082.32 | K26: 310082.32 | L26: VP and Admin Assist.
C27: 16211000 | F27: Business Officer (Financial Duties) | K27: 0
C28: 16212000 | F28: Comptroller | K28: 0
C29: 16213000 | F29: Budget Administration and Control | K29: 0
C30: 16220000 | F30: Financial Operations | G30: 927882.12 | H30: Partial | I30: 766393.05 | J30: 161489.07 | K30: 927882.12 | L30: Excluded: Merchant Fees, Higher One, Nelnet ($161,489.07)
C31: 16221000 | F31: Payroll Operation | G31: 103243.19 | H31: Yes | I31: 103243.19 | K31: 103243.19 | L31: Payroll Manager and Sr. Office Assistant
C32: 16222000 | F32: Bursar | G32: 508959.97 | H32: No | I32: 0 | J32: 508959.97 | K32: 508959.97 | L32: AR staff (3@$131,406.12),Manpower Temps ($77,067.07), student fee write-offs ($300,486.78)
C33: 16223000 | F33: Cashier | K33: 0
C34: 16224000 | F34: Disbursement | K34: 0
C35: 16225000 | F35: Accounting | K35: 0
C36: 16230000 | F36: Investment Management | K36: 0
C37: 16231000 | F37: Cash Flow Management | K37: 0
C38: 16232000 | F38: Endowment Management | K38: 0
C39: 16240000 | F39: Grants and Contracts Financial Management | K39: 0
C40: 16241000 | F40: Grants Management | K40: 0
C41: 16242000 | F41: Grants Accounting | K41: 0
B42: 16300000 | E42: General Administrative and Logistical Services Control | G42: 3220322.5 | I42: 764957.86 | J42: 2455364.7
C43: 16310000 | F43: Administrative Data/Telecommunication Services | G43: 1555961.1 | H43: No | J43: 1555961.1 | K43: 1555961.1 | L43: Dean of Inst Tech, including technology refresh of admin equipt ($427,677.38) and MIS ($1,128,283.72)
C44: 16310100 | F44: Computing | K44: 0
C45: 16310200 | F45: Telecommunications | K45: 0
C46: 16310300 | F46: Networking | K46: 0
C47: 16320000 | F47: Human Resources | G47: 618821.92 | H47: Yes | I47: 618821.92 | K47: 618821.92 | L47: Reduced advertising, Pres Search in FY14-15 of $72.6 was reported in total
C48: 16330000 | F48: Logistical Services | G48: 0 | H48: No | K48: 0 | L48: included in telphone service, purchasing, mail & distr., and copy (general printing) categories
C49: 16330100 | F49: Purchasing | G49: 75225.46 | H49: Yes | I49: 75225.46 | K49: 75225.46 | L49: Purchasing Manager and Assistant wage/benefit
C50: 16330200 | F50: Receiving | K50: 0
C51: 16330300 | F51: Shipping | K51: 0
C52: 16330400 | F52: Warehousing | K52: 0
C53: 16330500 | F53: Property Management | K53: 0
C54: 16330600 | F54: Mail and Distribution | G54: 186084.41 | H54: No | J54: 186084.41 | K54: 186084.41 | L54: All postage and mail courier expense
C55: 16330700 | F55: Telephone Service/Operations | G55: 335794.65 | H55: No | J55: 335794.65 | K55: 335794.65
C56: 16330800 | F56: General Printing and Reproduction | G56: 114936.45 | H56: No | J56: 114936.45 | K56: 114936.45 | L56: Copier center expense less Leased copier expense
C57: 16330900 | F57: Campus Transportation (including motor pool) | K57: 0
C58: 16331000 | F58: Parking and Parking Space Management | K58: 0
C59: 16340000 | F59: Other General Expenses | K59: 0 | L59: Safety and Risk Management moved to 7.200
C60: 16341000 | F60: Business Hospitality | G60: 10057.68 | H60: No | J60: 10057.68 | K60: 10057.68 | L60: Porter campus opening
C61: 16342000 | F61: Organizational Memberships | G61: 70910.48 | H61: Yes | I61: 70910.48 | K61: 70910.48 | L61: College wide Memberships/ Program memberships charged to individual departments and program accounts $18,800 increase
C62: 16343000 | F62: General Insurance (other than property) | G62: 213025.7 | H62: No | J62: 213025.7 | K62: 213025.7 | L62: Less Athletics insurance costs
C63: 16344000 | F63: Commencement (Graduation) | G63: 39504.68 | H63: No | J63: 39504.68 | K63: 39504.68
B64: 16400000 | E64: Unassigned
B65: 16500000 | E65: Unassigned
B66: 16600000 | E66: Administrative and Support Staff Services Control | G66: 0 | I66: 0 | J66: 0
C67: 16610000 | F67: In-Service Training | K67: 0
C68: 16620000 | F68: Sabbatical Leaves (Administrative and Support Staff only) | K68: 0
C69: 16630000 | F69: Training Institutes, etc. | K69: 0
B70: 16700000 | E70: Community Relations Control | G70: 641672.29 | I70: 50019.85 | J70: 591652.44
C71: 16710000 | F71: Alumni Relations | G71: 12000 | I71: 0 | J71: 12000 | K71: 12000 | L71: Printed materials related to development of alumni
C72: 16720000 | F72: Community and/or Public Relation Activities | G72: 250099.26 | H72: Partial | I72: 50019.85 | J72: 200079.41 | K72: 250099.26 | L72: 0.2
C73: 16730000 | F73: Development (Fund Raising) | G73: 379573.03 | H73: No | J73: 379573.03 | K73: 379573.03 | L73: Inst. Advancement
B74: 16800000 | E74: Unassigned
B75: 16900000 | E75: Unassigned
A76: TOTAL | G76: 7550451.2 | I76: 2754582.9 | J76: 4795868.3 | K76: 7550451.2
F77: Total 6.0 INSTITUTIONAL SUPPORT reported from CA-2: | G77: 7550451.2 | I77: 0.36482362 | J77: 0.63517638
F79: Note: The amounts in cells G76 and G77 must be equal.
H80: Yes
H83: Total Expense (Excluding Transfers) from Cost Analysis (CA-2): | I83: 45615694 | J83: 0.060386737 | K83: : Administrative Cost Percentage

Sheet PENSACOLA
A1: The Florida College System
A2: Data Collection for the Administrative Cost Report
A3: COLLEGE NAME:
A4: Pensacola State College
A6: Account | D6: Name | G6: FY 2015-16 | H6: Administration? | I6: Administrative Amount | J6: Excluded Amount | K6: Data Validation | L6: Comments / Additional Details
A7: 16000000 | D7: Institutional Support Control (Administrative)
B8: 16100000 | E8: Executive Management Control | G8: 1627212.6 | I8: 1268271.1 | J8: 358941.42
C9: 16110000 | F9: College-Wide Management | K9: 0
C10: 16111000 | F10: District Board of Trustees | G10: 3201.27 | H10: Yes | I10: 3201.27 | K10: 3201.27
C11: 16112000 | F11: President | G11: 511638.03 | H11: Yes | I11: 511638.03 | K11: 511638.03
C12: 16113000 | F12: Assistant to the President | G12: 131958.55 | H12: Yes | I12: 131958.55 | K12: 131958.55
C13: 16114000 | F13: Executive Vice President/Vice President(s) | G13: 285419.9 | H13: Yes | I13: 285419.9 | K13: 285419.9
C14: 16115000 | F14: Chief Campus Administrators in Multi-Campus Colleges | K14: 0
C15: 16116000 | F15: Equal Access, Equal Opportunity, Equal Employment Officer | G15: 231181.17 | H15: Partial | I15: 208485.06 | J15: 22696.11 | K15: 231181.17 | L15: excluded: multicultural history and diversity programs
C16: 16117000 | F16: Internal Auditing | K16: 0
C17: 16120000 | F17: Educational Planning and Development | K17: 0
C18: 16121000 | F18: Institutional Research | G18: 323940.02 | H18: No | J18: 323940.02 | K18: 323940.02
C19: 16122000 | F19: Analytical Studies | K19: 0
C20: 16130000 | F20: Legal Services | G20: 127568.32 | H20: Yes | I20: 127568.32 | K20: 127568.32
C21: 16140000 | F21: College-Wide Planning and Management Committees, Council or Task Forces | K21: 0
C22: 16141000 | F22: Faculty Senates | K22: 0
C23: 16142000 | F23: Planning Committees | G23: 12305.29 | H23: No | J23: 12305.29 | K23: 12305.29
C24: 16143000 | F24: Administrative Councils | K24: 0
B25: 16200000 | E25: Fiscal Operations Control | G25: 1228218.7 | I25: 783197.41 | J25: 445021.25
C26: 16210000 | F26: Fiscal Control | K26: 0
C27: 16211000 | F27: Business Officer (Financial Duties) | K27: 0
C28: 16212000 | F28: Comptroller | G28: 643879.89 | H28: Partial | I28: 632303.64 | J28: 11576.25 | K28: 643879.89 | L28: excluded: higher one student card charges
C29: 16213000 | F29: Budget Administration and Control | K29: 0
C30: 16220000 | F30: Financial Operations | K30: 0
C31: 16221000 | F31: Payroll Operation | G31: 150893.77 | H31: Yes | I31: 150893.77 | K31: 150893.77
C32: 16222000 | F32: Bursar | G32: 433445 | H32: No | J32: 433445 | K32: 433445 | L32: excluded: entire cashiering operation
C33: 16223000 | F33: Cashier | K33: 0
C34: 16224000 | F34: Disbursement | K34: 0
C35: 16225000 | F35: Accounting | K35: 0
C36: 16230000 | F36: Investment Management | K36: 0
C37: 16231000 | F37: Cash Flow Management | K37: 0
C38: 16232000 | F38: Endowment Management | K38: 0
C39: 16240000 | F39: Grants and Contracts Financial Management | K39: 0
C40: 16241000 | F40: Grants Management | K40: 0
C41: 16242000 | F41: Grants Accounting | K41: 0
B42: 16300000 | E42: General Administrative and Logistical Services Control | G42: 5893192.4 | I42: 1051231.2 | J42: 4841961.2
C43: 16310000 | F43: Administrative Data/Telecommunication Services | G43: 1131179.1 | H43: No | J43: 1131179.1 | K43: 1131179.1 | L43: excluded: admin staff, programming staff and consortium fees
C44: 16310100 | F44: Computing | G44: 855199.08 | H44: No | J44: 855199.08 | K44: 855199.08 | L44: excluded: computer operations for entire college
C45: 16310200 | F45: Telecommunications | K45: 0
C46: 16310300 | F46: Networking | G46: 623363.82 | H46: No | J46: 623363.82 | K46: 623363.82 | L46: excluded: networking staff and operations for entire college
C47: 16320000 | F47: Human Resources | G47: 491670.46 | H47: Yes | I47: 491670.46 | K47: 491670.46
C48: 16330000 | F48: Logistical Services | K48: 0
C49: 16330100 | F49: Purchasing | G49: 189139.62 | H49: Yes | I49: 189139.62 | K49: 189139.62
C50: 16330200 | F50: Receiving | G50: 98612.4 | H50: Yes | I50: 98612.4 | K50: 98612.4
C51: 16330300 | F51: Shipping | K51: 0
C52: 16330400 | F52: Warehousing | G52: 7398.06 | H52: Yes | I52: 7398.06 | K52: 7398.06
C53: 16330500 | F53: Property Management | K53: 0
C54: 16330600 | F54: Mail and Distribution | G54: 51215.89 | H54: Yes | I54: 51215.89 | K54: 51215.89
C55: 16330700 | F55: Telephone Service/Operations | G55: 1340609.7 | H55: No | J55: 1340609.7 | K55: 1340609.7 | L55: excluded: telephone operations for the entire college
C56: 16330800 | F56: General Printing and Reproduction | G56: 40320.81 | H56: No | J56: 40320.81 | K56: 40320.81 | L56: excluded: copier costs for all locations
C57: 16330900 | F57: Campus Transportation (including motor pool) | G57: 362645.66 | H57: No | J57: 362645.66 | K57: 362645.66 | L57: excluded: small car fleet, three buses, mowers, golf carts
C58: 16331000 | F58: Parking and Parking Space Management | K58: 0
C59: 16340000 | F59: Other General Expenses | G59: 203915.17 | H59: Partial | I59: 122897.74 | J59: 81017.43 | K59: 203915.17 | L59: excluded: bad debt expense, SBA bond admin, unemployment comp
C60: 16341000 | F60: Business Hospitality | K60: 0
C61: 16342000 | F61: Organizational Memberships | G61: 90297.03 | H61: Yes | I61: 90297.03 | K61: 90297.03
C62: 16343000 | F62: General Insurance (other than property) | G62: 376651.69 | H62: No | J62: 376651.69 | K62: 376651.69 | L62: excluded: not related to buildings or fixtures
C63: 16344000 | F63: Commencement (Graduation) | G63: 30973.93 | H63: No | J63: 30973.93 | K63: 30973.93 | L63: excluded: college wide graduation
B64: 16400000 | E64: Unassigned
B65: 16500000 | E65: Unassigned
B66: 16600000 | E66: Administrative and Support Staff Services Control | G66: 1293.61 | I66: 0 | J66: 1293.61
C67: 16610000 | F67: In-Service Training | G67: 1293.61 | H67: No | J67: 1293.61 | K67: 1293.61 | L67: excluded: staff development office materials and supplies
C68: 16620000 | F68: Sabbatical Leaves (Administrative and Support Staff only) | K68: 0
C69: 16630000 | F69: Training Institutes, etc. | K69: 0
B70: 16700000 | E70: Community Relations Control | G70: 1755774.2 | I70: 618699.04 | J70: 1137075.2
C71: 16710000 | F71: Alumni Relations | G71: 157607.13 | H71: No | J71: 157607.13 | K71: 157607.13 | L71: excluded: college wide alumni office
C72: 16720000 | F72: Community and/or Public Relation Activities | G72: 971158 | H72: Partial | I72: 618699.04 | J72: 352458.96 | K72: 971158 | L72: excluded: college wide advertising, foundation events, convocation, student events
C73: 16730000 | F73: Development (Fund Raising) | G73: 627009.08 | H73: No | J73: 627009.08 | K73: 627009.08 | L73: excluded: foundation expenses
B74: 16800000 | E74: Unassigned
B75: 16900000 | E75: Unassigned
A76: TOTAL | G76: 10505691 | I76: 3721398.8 | J76: 6784292.6 | K76: 10505691
F77: Total 6.0 INSTITUTIONAL SUPPORT reported from CA-2: | G77: 10505691 | I77: 0.35422693 | J77: 0.64577307
F79: Note: The amounts in cells G76 and G77 must be equal.
H80: Yes
H83: Total Expense (Excluding Transfers) from Cost Analysis (CA-2): | I83: 51059884 | J83: 0.072883024 | K83: : Administrative Cost Percentage

Sheet POLK
A1: The Florida College System
A2: Data Collection for the Administrative Cost Report
A3: COLLEGE NAME:
A4: Polk State College
A6: Account | D6: Name | G6: FY 2015-16 | H6: Administration? | I6: Administrative Amount | J6: Excluded Amount | K6: Data Validation | L6: Comments / Additional Details
A7: 16000000 | D7: Institutional Support Control (Administrative)
B8: 16100000 | E8: Executive Management Control | G8: 1419746.5 | I8: 690474.65 | J8: 729271.89
C9: 16110000 | F9: College-Wide Management | K9: 0
C10: 16111000 | F10: District Board of Trustees | G10: 57747.67 | H10: Yes | I10: 57747.67 | K10: 57747.67
C11: 16112000 | F11: President | G11: 475052.13 | H11: Yes | I11: 475052.13 | K11: 475052.13
C12: 16113000 | F12: Assistant to the President | K12: 0
C13: 16114000 | F13: Executive Vice President/Vice President(s) | K13: 0
C14: 16115000 | F14: Chief Campus Administrators in Multi-Campus Colleges | G14: 452431.49 | H14: No | I14: 0 | J14: 452431.49 | K14: 452431.49
C15: 16116000 | F15: Equal Access, Equal Opportunity, Equal Employment Officer | G15: 157674.85 | H15: Yes | I15: 157674.85 | K15: 157674.85
C16: 16117000 | F16: Internal Auditing | K16: 0
C17: 16120000 | F17: Educational Planning and Development | K17: 0
C18: 16121000 | F18: Institutional Research | G18: 276840.4 | H18: No | I18: 0 | J18: 276840.4 | K18: 276840.4
C19: 16122000 | F19: Analytical Studies | K19: 0
C20: 16130000 | F20: Legal Services | K20: 0
C21: 16140000 | F21: College-Wide Planning and Management Committees, Council or Task Forces | K21: 0
C22: 16141000 | F22: Faculty Senates | K22: 0
C23: 16142000 | F23: Planning Committees | K23: 0
C24: 16143000 | F24: Administrative Councils | K24: 0
B25: 16200000 | E25: Fiscal Operations Control | G25: 1814979.8 | I25: 1352917.2 | J25: 462062.5
C26: 16210000 | F26: Fiscal Control | G26: 319192.65 | H26: Yes | I26: 319192.65 | K26: 319192.65
C27: 16211000 | F27: Business Officer (Financial Duties) | K27: 0
C28: 16212000 | F28: Comptroller | K28: 0
C29: 16213000 | F29: Budget Administration and Control | K29: 0
C30: 16220000 | F30: Financial Operations | G30: 1346654 | H30: Partial | I30: 1033724.6 | J30: 312929.43 | K30: 1346654
C31: 16221000 | F31: Payroll Operation | K31: 0
C32: 16222000 | F32: Bursar | K32: 0
C33: 16223000 | F33: Cashier | K33: 0
C34: 16224000 | F34: Disbursement | K34: 0
C35: 16225000 | F35: Accounting | K35: 0
C36: 16230000 | F36: Investment Management | K36: 0
C37: 16231000 | F37: Cash Flow Management | K37: 0
C38: 16232000 | F38: Endowment Management | K38: 0
C39: 16240000 | F39: Grants and Contracts Financial Management | K39: 0
C40: 16241000 | F40: Grants Management | G40: 149133.07 | H40: No | I40: 0 | J40: 149133.07 | K40: 149133.07
C41: 16242000 | F41: Grants Accounting | K41: 0
B42: 16300000 | E42: General Administrative and Logistical Services Control | G42: 4835892.7 | I42: 1103758.7 | J42: 3732134
C43: 16310000 | F43: Administrative Data/Telecommunication Services | G43: 263885.54 | H43: No | I43: 0 | J43: 263885.54 | K43: 263885.54
C44: 16310100 | F44: Computing | G44: 892196.6 | H44: No | I44: 0 | J44: 892196.6 | K44: 892196.6
C45: 16310200 | F45: Telecommunications | K45: 0
C46: 16310300 | F46: Networking | K46: 0
C47: 16320000 | F47: Human Resources | G47: 578177.66 | H47: Yes | I47: 578177.66 | K47: 578177.66
C48: 16330000 | F48: Logistical Services | G48: 238792.27 | H48: No | I48: 0 | J48: 238792.27 | K48: 238792.27
C49: 16330100 | F49: Purchasing | G49: 479729.54 | H49: Yes | I49: 479729.54 | K49: 479729.54
C50: 16330200 | F50: Receiving | K50: 0
C51: 16330300 | F51: Shipping | K51: 0
C52: 16330400 | F52: Warehousing | K52: 0
C53: 16330500 | F53: Property Management | K53: 0
C54: 16330600 | F54: Mail and Distribution | K54: 0
C55: 16330700 | F55: Telephone Service/Operations | G55: 1697739.5 | H55: No | I55: 0 | J55: 1697739.5 | K55: 1697739.5
C56: 16330800 | F56: General Printing and Reproduction | K56: 0
C57: 16330900 | F57: Campus Transportation (including motor pool) | K57: 0
C58: 16331000 | F58: Parking and Parking Space Management | K58: 0
C59: 16340000 | F59: Other General Expenses | K59: 0
C60: 16341000 | F60: Business Hospitality | K60: 0
C61: 16342000 | F61: Organizational Memberships | G61: 45851.48 | H61: Yes | I61: 45851.48 | K61: 45851.48
C62: 16343000 | F62: General Insurance (other than property) | G62: 533202.25 | H62: No | I62: 0 | J62: 533202.25 | K62: 533202.25
C63: 16344000 | F63: Commencement (Graduation) | G63: 106317.88 | H63: No | I63: 0 | J63: 106317.88 | K63: 106317.88
B64: 16400000 | E64: Unassigned
B65: 16500000 | E65: Unassigned
B66: 16600000 | E66: Administrative and Support Staff Services Control | G66: 38824.76 | I66: 38824.76 | J66: 0
C67: 16610000 | F67: In-Service Training | G67: 38824.76 | H67: Yes | I67: 38824.76 | K67: 38824.76
C68: 16620000 | F68: Sabbatical Leaves (Administrative and Support Staff only) | K68: 0
C69: 16630000 | F69: Training Institutes, etc. | K69: 0
B70: 16700000 | E70: Community Relations Control | G70: 1598291.8 | I70: 585512.55 | J70: 1012779.2
C71: 16710000 | F71: Alumni Relations | K71: 0
C72: 16720000 | F72: Community and/or Public Relation Activities | G72: 833758.87 | H72: Partial | I72: 585512.55 | J72: 248246.32 | K72: 833758.87
C73: 16730000 | F73: Development (Fund Raising) | G73: 764532.92 | H73: No | I73: 0 | J73: 764532.92 | K73: 764532.92
B74: 16800000 | E74: Unassigned
B75: 16900000 | E75: Unassigned
A76: TOTAL | G76: 9707735.6 | I76: 3771487.9 | J76: 5936247.7 | K76: 9707735.6
F77: Total 6.0 INSTITUTIONAL SUPPORT reported from CA-2: | G77: 9707735.6 | I77: 0.38850336 | J77: 0.61149664
F79: Note: The amounts in cells G76 and G77 must be equal.
H80: Yes
H83: Total Expense (Excluding Transfers) from Cost Analysis (CA-2): | I83: 48682433 | J83: 0.077471229 | K83: : Administrative Cost Percentage

Sheet ST JOHNS
A1: The Florida College System
A2: Data Collection for the Administrative Cost Report
A3: COLLEGE NAME:
A4: St. Johns River State College
A6: Account | D6: Name | G6: FY 2015-16 | H6: Administration? | I6: Administrative Amount | J6: Excluded Amount | K6: Data Validation | L6: Comments / Additional Details
A7: 16000000 | D7: Institutional Support Control (Administrative)
B8: 16100000 | E8: Executive Management Control | G8: 1678648 | I8: 1138429.1 | J8: 540218.93
C9: 16110000 | F9: College-Wide Management | K9: 0
C10: 16111000 | F10: District Board of Trustees | G10: 25875.68 | H10: Yes | I10: 25875.68 | K10: 25875.68
C11: 16112000 | F11: President | G11: 641348.22 | H11: Yes | I11: 641348.22 | K11: 641348.22
C12: 16113000 | F12: Assistant to the President | K12: 0
C13: 16114000 | F13: Executive Vice President/Vice President(s) | G13: 287573.58 | H13: Yes | I13: 287573.58 | K13: 287573.58
C14: 16115000 | F14: Chief Campus Administrators in Multi-Campus Colleges | G14: 276689.35 | H14: No | J14: 276689.35 | K14: 276689.35 | L14: Directly related to institution
C15: 16116000 | F15: Equal Access, Equal Opportunity, Equal Employment Officer | K15: 0
C16: 16117000 | F16: Internal Auditing | K16: 0
C17: 16120000 | F17: Educational Planning and Development | K17: 0
C18: 16121000 | F18: Institutional Research | G18: 263529.58 | H18: No | J18: 263529.58 | K18: 263529.58
C19: 16122000 | F19: Analytical Studies | G19: 152310.65 | H19: Yes | I19: 152310.65 | K19: 152310.65
C20: 16130000 | F20: Legal Services | G20: 31320.97 | H20: Yes | I20: 31320.97 | K20: 31320.97
C21: 16140000 | F21: College-Wide Planning and Management Committees, Council or Task Forces | K21: 0
C22: 16141000 | F22: Faculty Senates | K22: 0
C23: 16142000 | F23: Planning Committees | K23: 0
C24: 16143000 | F24: Administrative Councils | K24: 0
B25: 16200000 | E25: Fiscal Operations Control | G25: 2517191.6 | I25: 2391234.2 | J25: 125957.48
C26: 16210000 | F26: Fiscal Control | G26: 2517191.6 | H26: Partial | I26: 2391234.2 | J26: 125957.48 | K26: 2517191.6 | L26: Cashiers, A/R staff and bank charges not comparable to K-12
C27: 16211000 | F27: Business Officer (Financial Duties) | K27: 0
C28: 16212000 | F28: Comptroller | K28: 0
C29: 16213000 | F29: Budget Administration and Control | K29: 0
C30: 16220000 | F30: Financial Operations | K30: 0
C31: 16221000 | F31: Payroll Operation | K31: 0
C32: 16222000 | F32: Bursar | K32: 0
C33: 16223000 | F33: Cashier | K33: 0
C34: 16224000 | F34: Disbursement | K34: 0
C35: 16225000 | F35: Accounting | K35: 0
C36: 16230000 | F36: Investment Management | K36: 0
C37: 16231000 | F37: Cash Flow Management | K37: 0
C38: 16232000 | F38: Endowment Management | K38: 0
... C41: 16242000 | F41: Grants Accounting | K41: 0
B42: 16300000 | E42: General Administrative and Logistical Services Control | G42: 2908014.1 | I42: 965538.55 | J42: 1942475.5
C43: 16310000 | F43: Administrative Data/Telecommunication Services | G43: 2363958.2 | H43: Partial | I43: 472791.63 | J43: 1891166.5 | K43: 2363958.2 | L43: Most is Instructional. Assign 20% to Administrative.
C44: 16310100 | F44: Computing | K44: 0
C45: 16310200 | F45: Telecommunications | K45: 0
C46: 16310300 | F46: Networking | K46: 0
C47: 16320000 | F47: Human Resources | G47: 492746.92 | H47: Yes | I47: 492746.92 | K47: 492746.92
C48: 16330000 | F48: Logistical Services | K48: 0
C49: 16330100 | F49: Purchasing | K49: 0
C50: 16330200 | F50: Receiving | G50: 51309 | H50: No | J50: 51309 | K50: 51309
C51: 16330300 | F51: Shipping | K51: 0
C52: 16330400 | F52: Warehousing | K52: 0
C53: 16330500 | F53: Property Management | K53: 0
C54: 16330600 | F54: Mail and Distribution | K54: 0
C55: 16330700 | F55: Telephone Service/Operations | K55: 0
C56: 16330800 | F56: General Printing and Reproduction | K56: 0
C57: 16330900 | F57: Campus Transportation (including motor pool) | K57: 0
C58: 16331000 | F58: Parking and Parking Space Management | K58: 0
C59: 16340000 | F59: Other General Expenses | K59: 0
C60: 16341000 | F60: Business Hospitality | K60: 0
C61: 16342000 | F61: Organizational Memberships | K61: 0
C62: 16343000 | F62: General Insurance (other than property) | K62: 0
C63: 16344000 | F63: Commencement (Graduation) | K63: 0
B64: 16400000 | E64: Unassigned
B65: 16500000 | E65: Unassigned
B66: 16600000 | E66: Administrative and Support Staff Services Control | G66: 0 | I66: 0 | J66: 0
C67: 16610000 | F67: In-Service Training | K67: 0
C68: 16620000 | F68: Sabbatical Leaves (Administrative and Support Staff only) | K68: 0
C69: 16630000 | F69: Training Institutes, etc. | K69: 0
B70: 16700000 | E70: Community Relations Control | G70: 693404.74 | I70: 163029.48 | J70: 530375.26
C71: 16710000 | F71: Alumni Relations | K71: 0
C72: 16720000 | F72: Community and/or Public Relation Activities | G72: 326058.95 | H72: Partial | I72: 163029.48 | J72: 163029.47 | K72: 326058.95
C73: 16730000 | F73: Development (Fund Raising) | G73: 367345.79 | H73: No | J73: 367345.79 | K73: 367345.79
B74: 16800000 | E74: Unassigned
B75: 16900000 | E75: Unassigned
A76: TOTAL | G76: 7797258.5 | I76: 4658231.3 | J76: 3139027.2 | K76: 7797258.5
F77: Total 6.0 INSTITUTIONAL SUPPORT reported from CA-2: | G77: 7797258.5 | I77: 0.59741912 | J77: 0.40258088
G78: =G76-G77 -> 0
F79: Note: The amounts in cells G76 and G77 must be equal.
H80: Yes
H83: Total Expense (Excluding Transfers) from Cost Analysis (CA-2): | I83: 32270652 | J83: 0.14434884 | K83: : Administrative Cost Percentage

Sheet ST PETE
A1: The Florida College System
A2: Data Collection for the Administrative Cost Report
A3: COLLEGE NAME:
A4: St. Petersburg College
A6: Account | D6: Name | G6: FY 2015-16 | H6: Administration? | I6: Administrative Amount | J6: Excluded Amount | K6: Data Validation | L6: Comments / Additional Details
A7: 16000000 | D7: Institutional Support Control (Administrative)
B8: 16100000 | E8: Executive Management Control | G8: 4013556.8 | I8: 3235637.7 | J8: 777919.12
C9: 16110000 | F9: College-Wide Management | K9: 0
C10: 16111000 | F10: District Board of Trustees | G10: 105425.29 | H10: Yes | I10: 105425.29 | K10: 105425.29
C11: 16112000 | F11: President | G11: 906419.36 | H11: Yes | I11: 906419.36 | K11: 906419.36
C12: 16113000 | F12: Assistant to the President | G12: 184271.45 | H12: Yes | I12: 184271.45 | K12: 184271.45
C13: 16114000 | F13: Executive Vice President/Vice President(s) | G13: 1618777 | H13: Yes | I13: 1618777 | K13: 1618777
C14: 16115000 | F14: Chief Campus Administrators in Multi-Campus Colleges | K14: 0
C15: 16116000 | F15: Equal Access, Equal Opportunity, Equal Employment Officer | G15: 588.9 | H15: Yes | I15: 588.9 | K15: 588.9
C16: 16117000 | F16: Internal Auditing | G16: 0 | K16: 0
C17: 16120000 | F17: Educational Planning and Development | G17: 0 | K17: 0
C18: 16121000 | F18: Institutional Research | G18: 744811.86 | H18: No | J18: 744811.86 | K18: 744811.86
C19: 16122000 | F19: Analytical Studies | G19: 0 | K19: 0
C20: 16130000 | F20: Legal Services | G20: 401079.27 | H20: Yes | I20: 401079.27 | K20: 401079.27
C21: 16140000 | F21: College-Wide Planning and Management Committees, Council or Task Forces | G21: 0 | K21: 0
C22: 16141000 | F22: Faculty Senates | G22: 33107.26 | H22: No | J22: 33107.26 | K22: 33107.26
C23: 16142000 | F23: Planning Committees | G23: 0 | K23: 0
C24: 16143000 | F24: Administrative Councils | G24: 19076.46 | H24: Yes | I24: 19076.46 | K24: 19076.46
B25: 16200000 | E25: Fiscal Operations Control | G25: 5061580.5 | I25: 3349862.1 | J25: 1711718.4
C26: 16210000 | F26: Fiscal Control | K26: 0
C27: 16211000 | F27: Business Officer (Financial Duties) | K27: 0
C28: 16212000 | F28: Comptroller | G28: 1294954.6 | H28: Yes | I28: 1294954.6 | K28: 1294954.6
C29: 16213000 | F29: Budget Administration and Control | G29: 199895.93 | H29: Yes | I29: 199895.93 | K29: 199895.93
C30: 16220000 | F30: Financial Operations | K30: 0
C31: 16221000 | F31: Payroll Operation | G31: 121615.07 | H31: Yes | I31: 121615.07 | K31: 121615.07
C32: 16222000 | F32: Bursar | G32: 86333.95 | H32: Yes | I32: 86333.95 | K32: 86333.95
C33: 16223000 | F33: Cashier | G33: 462538.32 | H33: Partial | I33: 1984.02 | J33: 460554.3 | K33: 462538.32 | L33: Excluded cashier, collections and payroll costs
C34: 16224000 | F34: Disbursement | K34: 0
C35: 16225000 | F35: Accounting | G35: 1836486.2 | H35: Partial | I35: 1262424 | J35: 574062.14 | K35: 1836486.2 | L35: Excluded credit card fees
C36: 16230000 | F36: Investment Management | G36: 0 | K36: 0
C37: 16231000 | F37: Cash Flow Management | G37: 0 | K37: 0
C38: 16232000 | F38: Endowment Management | G38: 0 | K38: 0
C39: 16240000 | F39: Grants and Contracts Financial Management | G39: 0 | K39: 0
C40: 16241000 | F40: Grants Management | G40: 1059756.5 | H40: Partial | I40: 382654.47 | J40: 677101.99 | K40: 1059756.5 | L40: Excluded SPC Foundation development expenses
C41: 16242000 | F41: Grants Accounting | K41: 0
B42: 16300000 | E42: General Administrative and Logistical Services Control | G42: 9135511 | I42: 7573458 | J42: 1562053
C43: 16310000 | F43: Administrative Data/Telecommunication Services | K43: 0
C44: 16310100 | F44: Computing | G44: 3888152.5 | H44: Yes | I44: 3888152.5 | K44: 3888152.5
C45: 16310200 | F45: Telecommunications | G45: 48880.52 | H45: Yes | I45: 48880.52 | K45: 48880.52
C46: 16310300 | F46: Networking | K46: 0
C47: 16320000 | F47: Human Resources | G47: 1966547.1 | H47: Yes | I47: 1966547.1 | K47: 1966547.1
C48: 16330000 | F48: Logistical Services | G48: 0 | K48: 0
C49: 16330100 | F49: Purchasing | G49: 351806.11 | H49: Yes | I49: 351806.11 | K49: 351806.11
C50: 16330200 | F50: Receiving | G50: 231597.81 | H50: Yes | I50: 231597.81 | K50: 231597.81
C51: 16330300 | F51: Shipping | G51: 0 | K51: 0
C52: 16330400 | F52: Warehousing | G52: 83145.35 | H52: Yes | I52: 83145.35 | K52: 83145.35
C53: 16330500 | F53: Property Management | G53: 171965.81 | H53: Yes | I53: 171965.81 | K53: 171965.81
C54: 16330600 | F54: Mail and Distribution | G54: 295544.01 | H54: Yes | I54: 295544.01 | K54: 295544.01
C55: 16330700 | F55: Telephone Service/Operations | G55: 221093.27 | H55: Yes | I55: 221093.27 | K55: 221093.27
C56: 16330800 | F56: General Printing and Reproduction | G56: 267138.12 | H56: Partial | I56: 64113.15 | J56: 203024.97 | K56: 267138.12 | L56: Excluded central services at school level
C57: 16330900 | F57: Campus Transportation (including motor pool) | G57: 157709.4 | H57: Yes | I57: 157709.4 | K57: 157709.4
C58: 16331000 | F58: Parking and Parking Space Management | K58: 0
C59: 16340000 | F59: Other General Expenses | K59: 0
C60: 16341000 | F60: Business Hospitality | K60: 0
C61: 16342000 | F61: Organizational Memberships | G61: 92903 | H61: Yes | I61: 92903 | K61: 92903
C62: 16343000 | F62: General Insurance (other than property) | G62: 1248866.6 | H62: No | J62: 1248866.6 | K62: 1248866.6 | L62: Liability/Unemployment Insurance
